Workbook

Sheet Лист1
A4: Наименование объекта: ФГУП "ПО "МАЯК".
A6: Л О К А Л Ь Н А Я С М Е Т А № 133С/2012
A7: Капитальный ремонт системы управления вентагрегатами В7, В8
A10: Основание: | C10: Ведомость объемов работ № 07/205 от 06.07.2012 г.
A11: Составлена в ценах | C11: 2001г. (редакция 2009г.) с переходом в текущие цены на 3кв.2012г. С НДС | G11: Текущая стоимость: | J11: 2886513.6 | K11: руб.
H12: в т.ч. НДС 18%: | J12: 440 315,64 руб.
I13: Сметная стоимость : | J13: 480 447 руб.
I14: Нормативная трудоемкость: | J14: 555 чел.-ч.
A15: № п/п | B15: Шифр и номер позиции норматива | C15: Наименование работ и затрат, единица измерения | D15: Количество | E15: Стоимость ед., руб. | G15: Общая стоимость, руб. | J15: Затраты труда, чел.-ч
E16: Всего | F16: Экспл. машин | G16: Всего | H16: Основная зарплата | I16: Экспл. машин | J16: основных рабочих
J17: машинистов
E18: Основная зарплата | F18: в т.ч. зарплата | I18: в т.ч. зарплата | J18: на единицу | K18: всего
A20: 1 | B20: 2 | C20: 3 | D20: 4 | E20: 5 | F20: 6 | G20: 7 | H20: 8 | I20: 9 | J20: 10 | K20: 11
C22: Начисления:
C23: 1. К=1,13 (ОЗП*1,13; ЗПМ*1,13)-коэфициент для ЗАТО
C24: 2.МДС 81-37.2004 прил. № 3 п. 2.23 на сб.ТЕРм (ОЗП*1,7; ЭММ*1,7; ЗПМ*1,7; ТЗ*1,7; ТЗМ*1,7)
C25: 3.МДС 81-40.2006 табл. № 2 п.13 на сб.ТЕРп (ОЗП*1,55; ЭММ*1,55; ЗПМ*1,55; ТЗ*1,55; ТЗМ*1,55)
C28: Раздел 1 | D28: =Source!G26 -> МОНТАЖНЫЕ РАБОТЫ
A30: =Source!E30 -> 1 | B30: =Source!F30 -> м08-01-102-1 | C30: =Source!G30 -> Шкаф управления и регулирования | D30: =Source!I30 -> 2 | E30: =IF(Source!AB30=0,"-",ROUND(Source!AB30,2)) -> 829.43 | F30: =IF(Source!AD30=0,"-",ROUND(Source!AD30,2)) -> 342.17 | G30: =IF(Source!O30=0,"-",ROUND(Source!O30,0)) -> 1658 | H30: =IF(Source!S30=0,"-",ROUND(Source!S30,0)) -> 682 | I30: =IF(Source!Q30=0,"-",ROUND(Source!Q30,0)) -> 684 | J30: =IF(Source!AH30=0,"-",ROUND(Source!AH30,2)) -> 24.82 | K30: =IF(Source!U30=0,"-",ROUND(Source!U30,2)) -> 49.64
B31: К=ЭММ*1,7, ЗПМ*1,7, ОЗП*1,7, ТЗ*1,7, ТЗМ*1,7 | C31: =Source!H30 -> шкаф | E31: =IF(Source!AF30=0,"-",ROUND(Source!AF30,2)) -> 341.05 | F31: =IF(Source!AE30=0,"-",ROUND(Source!AE30,2)) -> 25.09 | I31: =IF(Source!R30=0,"-",ROUND(Source!R30,0)) -> 50 | J31: =IF(Source!AI30=0,"-",ROUND(Source!AI30,2)) -> 1.36 | K31: =IF(Source!V30=0,"-",ROUND(Source!V30,2)) -> 2.72
A32: =Source!E31 -> 2 | B32: =Source!F31 -> м08-03-573-4 | C32: =Source!G31 -> Шкаф (пульт) управления навесной | D32: =Source!I31 -> 2 | E32: =IF(Source!AB31=0,"-",ROUND(Source!AB31,2)) -> 125.82 | F32: =IF(Source!AD31=0,"-",ROUND(Source!AD31,2)) -> 64.88 | G32: =IF(Source!O31=0,"-",ROUND(Source!O31,0)) -> 252 | H32: =IF(Source!S31=0,"-",ROUND(Source!S31,0)) -> 114 | I32: =IF(Source!Q31=0,"-",ROUND(Source!Q31,0)) -> 130 | J32: =IF(Source!AH31=0,"-",ROUND(Source!AH31,2)) -> 4.03 | K32: =IF(Source!U31=0,"-",ROUND(Source!U31,2)) -> 8.06
B33: К=ЭММ*1,7, ЗПМ*1,7, ОЗП*1,7, ТЗ*1,7, ТЗМ*1,7 | C33: =Source!H31 -> шт. | E33: =IF(Source!AF31=0,"-",ROUND(Source!AF31,2)) -> 57.09 | F33: =IF(Source!AE31=0,"-",ROUND(Source!AE31,2)) -> 7.34 | I33: =IF(Source!R31=0,"-",ROUND(Source!R31,0)) -> 15 | J33: =IF(Source!AI31=0,"-",ROUND(Source!AI31,2)) -> 0.49 | K33: =IF(Source!V31=0,"-",ROUND(Source!V31,2)) -> 0.99
A34: =Source!E32 -> 3 | B34: =Source!F32 -> м11-02-001-1 | C34: =Source!G32 -> Прибор, устанавливаемый на резьбовых соединениях, масса до 1,5 кг | D34: =Source!I32 -> 2 | E34: =IF(Source!AB32=0,"-",ROUND(Source!AB32,2)) -> 26.13 | F34: =IF(Source!AD32=0,"-",ROUND(Source!AD32,2)) -> - | G34: =IF(Source!O32=0,"-",ROUND(Source!O32,0)) -> 53 | H34: =IF(Source!S32=0,"-",ROUND(Source!S32,0)) -> 50 | I34: =IF(Source!Q32=0,"-",ROUND(Source!Q32,0)) -> - | J34: =IF(Source!AH32=0,"-",ROUND(Source!AH32,2)) -> 1.75 | K34: =IF(Source!U32=0,"-",ROUND(Source!U32,2)) -> 3.5
B35: К=ЭММ*1,7, ЗПМ*1,7, ОЗП*1,7, ТЗ*1,7, ТЗМ*1,7 | C35: =Source!H32 -> шт. | E35: =IF(Source!AF32=0,"-",ROUND(Source!AF32,2)) -> 24.82 | F35: =IF(Source!AE32=0,"-",ROUND(Source!AE32,2)) -> - | I35: =IF(Source!R32=0,"-",ROUND(Source!R32,0)) -> - | J35: =IF(Source!AI32=0,"-",ROUND(Source!AI32,2)) -> - | K35: =IF(Source!V32=0,"-",ROUND(Source!V32,2)) -> -
A36: =Source!E33 -> 4 | B36: =Source!F33 -> м08-02-171-1 | C36: =Source!G33 -> Лоток стальной для крепления соединительных муфт на установленных полках | D36: =Source!I33 -> 2.15 | E36: =IF(Source!AB33=0,"-",ROUND(Source!AB33,2)) -> 866.73 | F36: =IF(Source!AD33=0,"-",ROUND(Source!AD33,2)) -> 290.84 | G36: =IF(Source!O33=0,"-",ROUND(Source!O33,0)) -> 1863 | H36: =IF(Source!S33=0,"-",ROUND(Source!S33,0)) -> 1225 | I36: =IF(Source!Q33=0,"-",ROUND(Source!Q33,0)) -> 625 | J36: =IF(Source!AH33=0,"-",ROUND(Source!AH33,2)) -> 41.48 | K36: =IF(Source!U33=0,"-",ROUND(Source!U33,2)) -> 89.18
B37: К=ЭММ*1,7, ЗПМ*1,7, ОЗП*1,7, ТЗ*1,7, ТЗМ*1,7 | C37: =Source!H33 -> 100 шт. | E37: =IF(Source!AF33=0,"-",ROUND(Source!AF33,2)) -> 569.96 | F37: =IF(Source!AE33=0,"-",ROUND(Source!AE33,2)) -> 21.32 | I37: =IF(Source!R33=0,"-",ROUND(Source!R33,0)) -> 46 | J37: =IF(Source!AI33=0,"-",ROUND(Source!AI33,2)) -> 1.16 | K37: =IF(Source!V33=0,"-",ROUND(Source!V33,2)) -> 2.49
A38: =Source!E34 -> 5 | B38: =Source!F34 -> м08-02-147-1 | C38: =Source!G34 -> Кабель до 35 кВ по установленным конструкциям и лоткам с креплением на поворотах и в конце трассы, масса 1 м кабеля: до 1 кг | D38: =Source!I34 -> 4 | E38: =IF(Source!AB34=0,"-",ROUND(Source!AB34,2)) -> 1205.65 | F38: =IF(Source!AD34=0,"-",ROUND(Source!AD34,2)) -> 748.91 | G38: =IF(Source!O34=0,"-",ROUND(Source!O34,0)) -> 4823 | H38: =IF(Source!S34=0,"-",ROUND(Source!S34,0)) -> 1084 | I38: =IF(Source!Q34=0,"-",ROUND(Source!Q34,0)) -> 2996 | J38: =IF(Source!AH34=0,"-",ROUND(Source!AH34,2)) -> 19.72 | K38: =IF(Source!U34=0,"-",ROUND(Source!U34,2)) -> 78.88
B39: К=ЭММ*1,7, ЗПМ*1,7, ОЗП*1,7, ТЗ*1,7, ТЗМ*1,7 | C39: =Source!H34 -> 100 М КАБЕЛЯ | E39: =IF(Source!AF34=0,"-",ROUND(Source!AF34,2)) -> 270.98 | F39: =IF(Source!AE34=0,"-",ROUND(Source!AE34,2)) -> 80.62 | I39: =IF(Source!R34=0,"-",ROUND(Source!R34,0)) -> 322 | J39: =IF(Source!AI34=0,"-",ROUND(Source!AI34,2)) -> 5.03 | K39: =IF(Source!V34=0,"-",ROUND(Source!V34,2)) -> 20.13
A40: =Source!E35 -> 6 | B40: =Source!F35 -> м08-02-141-3 | C40: =Source!G35 -> Кабель до 35 кВ в готовых траншеях без покрытий, масса 1 м: до 3 кг (ВВГ 4*70) | D40: =Source!I35 -> 0.5 | E40: =IF(Source!AB35=0,"-",ROUND(Source!AB35,2)) -> 1699.01 | F40: =IF(Source!AD35=0,"-",ROUND(Source!AD35,2)) -> 1272.17 | G40: =IF(Source!O35=0,"-",ROUND(Source!O35,0)) -> 850 | H40: =IF(Source!S35=0,"-",ROUND(Source!S35,0)) -> 166 | I40: =IF(Source!Q35=0,"-",ROUND(Source!Q35,0)) -> 636 | J40: =IF(Source!AH35=0,"-",ROUND(Source!AH35,2)) -> 24.14 | K40: =IF(Source!U35=0,"-",ROUND(Source!U35,2)) -> 12.07
B41: К=ЭММ*1,7, ЗПМ*1,7, ОЗП*1,7, ТЗ*1,7, ТЗМ*1,7 | C41: =Source!H35 -> 100 М КАБЕЛЯ | E41: =IF(Source!AF35=0,"-",ROUND(Source!AF35,2)) -> 331.7 | F41: =IF(Source!AE35=0,"-",ROUND(Source!AE35,2)) -> 123.46 | I41: =IF(Source!R35=0,"-",ROUND(Source!R35,0)) -> 62 | J41: =IF(Source!AI35=0,"-",ROUND(Source!AI35,2)) -> 7.46 | K41: =IF(Source!V35=0,"-",ROUND(Source!V35,2)) -> 3.73
A42: =Source!E36 -> 7 | B42: =Source!F36 -> м08-03-574-4 | C42: =Source!G36 -> Разводка по устройствам и подключение жил кабелей или проводов сечением: до 70 мм2 | D42: =Source!I36 -> 0.04 | E42: =IF(Source!AB36=0,"-",ROUND(Source!AB36,2)) -> 4100.73 | F42: =IF(Source!AD36=0,"-",ROUND(Source!AD36,2)) -> 48.41 | G42: =IF(Source!O36=0,"-",ROUND(Source!O36,0)) -> 164 | H42: =IF(Source!S36=0,"-",ROUND(Source!S36,0)) -> 45 | I42: =IF(Source!Q36=0,"-",ROUND(Source!Q36,0)) -> 2 | J42: =IF(Source!AH36=0,"-",ROUND(Source!AH36,2)) -> 79.22 | K42: =IF(Source!U36=0,"-",ROUND(Source!U36,2)) -> 3.17
B43: К=ЭММ*1,7, ЗПМ*1,7, ОЗП*1,7, ТЗ*1,7, ТЗМ*1,7 | C43: =Source!H36 -> 100 жил | E43: =IF(Source!AF36=0,"-",ROUND(Source!AF36,2)) -> 1122.56 | F43: =IF(Source!AE36=0,"-",ROUND(Source!AE36,2)) -> 0.94 | I43: =IF(Source!R36=0,"-",ROUND(Source!R36,0)) -> - | J43: =IF(Source!AI36=0,"-",ROUND(Source!AI36,2)) -> 0.05 | K43: =IF(Source!V36=0,"-",ROUND(Source!V36,2)) -> 0
A44: =Source!E37 -> 8 | B44: =Source!F37 -> м08-02-158-4 | C44: =Source!G37 -> Разделка концевая сухая для контрольного кабеля сечением одной жилы: до 2,5 мм2, количество жил до 4 (КВВГнг-LS) | D44: =Source!I37 -> 1 | E44: =IF(Source!AB37=0,"-",ROUND(Source!AB37,2)) -> 53.77 | F44: =IF(Source!AD37=0,"-",ROUND(Source!AD37,2)) -> 4.27 | G44: =IF(Source!O37=0,"-",ROUND(Source!O37,0)) -> 53 | H44: =IF(Source!S37=0,"-",ROUND(Source!S37,0)) -> 6 | I44: =IF(Source!Q37=0,"-",ROUND(Source!Q37,0)) -> 4 | J44: =IF(Source!AH37=0,"-",ROUND(Source!AH37,2)) -> 0.44 | K44: =IF(Source!U37=0,"-",ROUND(Source!U37,2)) -> 0.44
B45: К=ЭММ*1,7, ЗПМ*1,7, ОЗП*1,7, ТЗ*1,7, ТЗМ*1,7 | C45: =Source!H37 -> шт. | E45: =IF(Source!AF37=0,"-",ROUND(Source!AF37,2)) -> 6.07 | F45: =IF(Source!AE37=0,"-",ROUND(Source!AE37,2)) -> 0.31 | I45: =IF(Source!R37=0,"-",ROUND(Source!R37,0)) -> - | J45: =IF(Source!AI37=0,"-",ROUND(Source!AI37,2)) -> 0.02 | K45: =IF(Source!V37=0,"-",ROUND(Source!V37,2)) -> 0.02
A46: =Source!E38 -> 9 | B46: =Source!F38 -> м08-02-158-15 | C46: =Source!G38 -> Разделка концевая сухая для 3-4-жильного кабеля с пластмассовой и резиновой изоляцией напряжением: до 1 кВ, сечение одной жилы до 120 мм2 (ВВГ 4*70) | D46: =Source!I38 -> 1 | E46: =IF(Source!AB38=0,"-",ROUND(Source!AB38,2)) -> 43.5 | F46: =IF(Source!AD38=0,"-",ROUND(Source!AD38,2)) -> 4.27 | G46: =IF(Source!O38=0,"-",ROUND(Source!O38,0)) -> 43 | H46: =IF(Source!S38=0,"-",ROUND(Source!S38,0)) -> 32 | I46: =IF(Source!Q38=0,"-",ROUND(Source!Q38,0)) -> 4 | J46: =IF(Source!AH38=0,"-",ROUND(Source!AH38,2)) -> 2.33 | K46: =IF(Source!U38=0,"-",ROUND(Source!U38,2)) -> 2.33
B47: К=ЭММ*1,7, ЗПМ*1,7, ОЗП*1,7, ТЗ*1,7, ТЗМ*1,7 | C47: =Source!H38 -> шт. | E47: =IF(Source!AF38=0,"-",ROUND(Source!AF38,2)) -> 32 | F47: =IF(Source!AE38=0,"-",ROUND(Source!AE38,2)) -> 0.31 | I47: =IF(Source!R38=0,"-",ROUND(Source!R38,0)) -> - | J47: =IF(Source!AI38=0,"-",ROUND(Source!AI38,2)) -> 0.02 | K47: =IF(Source!V38=0,"-",ROUND(Source!V38,2)) -> 0.02
A48: =Source!E39 -> 10 | B48: =Source!F39 -> м08-02-158-14 | C48: =Source!G39 -> Разделка концевая сухая для 3-4-жильного кабеля с пластмассовой и резиновой изоляцией напряжением: до 1 кВ, сечение одной жилы до 35 мм2 (ВВГнг-LS) | D48: =Source!I39 -> 1 | E48: =IF(Source!AB39=0,"-",ROUND(Source!AB39,2)) -> 38.31 | F48: =IF(Source!AD39=0,"-",ROUND(Source!AD39,2)) -> 4.27 | G48: =IF(Source!O39=0,"-",ROUND(Source!O39,0)) -> 38 | H48: =IF(Source!S39=0,"-",ROUND(Source!S39,0)) -> 27 | I48: =IF(Source!Q39=0,"-",ROUND(Source!Q39,0)) -> 4 | J48: =IF(Source!AH39=0,"-",ROUND(Source!AH39,2)) -> 1.96 | K48: =IF(Source!U39=0,"-",ROUND(Source!U39,2)) -> 1.96
B49: К=ЭММ*1,7, ЗПМ*1,7, ОЗП*1,7, ТЗ*1,7, ТЗМ*1,7 | C49: =Source!H39 -> шт. | E49: =IF(Source!AF39=0,"-",ROUND(Source!AF39,2)) -> 26.86 | F49: =IF(Source!AE39=0,"-",ROUND(Source!AE39,2)) -> 0.31 | I49: =IF(Source!R39=0,"-",ROUND(Source!R39,0)) -> - | J49: =IF(Source!AI39=0,"-",ROUND(Source!AI39,2)) -> 0.02 | K49: =IF(Source!V39=0,"-",ROUND(Source!V39,2)) -> 0.02
A50: =Source!E40 -> 11 | B50: =Source!F40 -> м11-04-020-1 | C50: =Source!G40 -> Разъемы штепсельные с разделкой и включением экранированного кабеля, сечение жилы до 1 мм2, количество подключаемых жил до 14 шт. (ControllerLink, DeviceNet) | D50: =Source!I40 -> 2 | E50: =IF(Source!AB40=0,"-",ROUND(Source!AB40,2)) -> 54 | F50: =IF(Source!AD40=0,"-",ROUND(Source!AD40,2)) -> - | G50: =IF(Source!O40=0,"-",ROUND(Source!O40,0)) -> 108 | H50: =IF(Source!S40=0,"-",ROUND(Source!S40,0)) -> 94 | I50: =IF(Source!Q40=0,"-",ROUND(Source!Q40,0)) -> - | J50: =IF(Source!AH40=0,"-",ROUND(Source!AH40,2)) -> 3.5 | K50: =IF(Source!U40=0,"-",ROUND(Source!U40,2)) -> 7
B51: К=ЭММ*1,7, ЗПМ*1,7, ОЗП*1,7, ТЗ*1,7, ТЗМ*1,7 | C51: =Source!H40 -> шт. | E51: =IF(Source!AF40=0,"-",ROUND(Source!AF40,2)) -> 47.05 | F51: =IF(Source!AE40=0,"-",ROUND(Source!AE40,2)) -> - | I51: =IF(Source!R40=0,"-",ROUND(Source!R40,0)) -> - | J51: =IF(Source!AI40=0,"-",ROUND(Source!AI40,2)) -> - | K51: =IF(Source!V40=0,"-",ROUND(Source!V40,2)) -> -
A52: =Source!E41 -> 12 | B52: =Source!F41 -> м08-02-144-1 | C52: =Source!G41 -> Присоединение к зажимам жил проводов или кабелей сечением: до 2,5 мм2 | D52: =Source!I41 -> 0.24 | E52: =IF(Source!AB41=0,"-",ROUND(Source!AB41,2)) -> 283.23 | F52: =IF(Source!AD41=0,"-",ROUND(Source!AD41,2)) -> - | G52: =IF(Source!O41=0,"-",ROUND(Source!O41,0)) -> 68 | H52: =IF(Source!S41=0,"-",ROUND(Source!S41,0)) -> 67 | I52: =IF(Source!Q41=0,"-",ROUND(Source!Q41,0)) -> - | J52: =IF(Source!AH41=0,"-",ROUND(Source!AH41,2)) -> 20.4 | K52: =IF(Source!U41=0,"-",ROUND(Source!U41,2)) -> 4.9
B53: К=ЭММ*1,7, ЗПМ*1,7, ОЗП*1,7, ТЗ*1,7, ТЗМ*1,7 | C53: =Source!H41 -> 100 шт. | E53: =IF(Source!AF41=0,"-",ROUND(Source!AF41,2)) -> 280.31 | F53: =IF(Source!AE41=0,"-",ROUND(Source!AE41,2)) -> - | I53: =IF(Source!R41=0,"-",ROUND(Source!R41,0)) -> - | J53: =IF(Source!AI41=0,"-",ROUND(Source!AI41,2)) -> - | K53: =IF(Source!V41=0,"-",ROUND(Source!V41,2)) -> -
C55: Итого по разделу | G55: =IF(Source!F45=0,"-",ROUND(Source!F45,0)) -> 9973 | H55: =IF(Source!F51=0,"-",ROUND(Source!F51,0)) -> 3592 | I55: =IF(Source!F49=0,"-",ROUND(Source!F49,0)) -> 5085 | K55: =IF(Source!F53=0,"-",ROUND(Source!F53,2)) -> 261
I56: =IF(Source!F50=0,"-",ROUND(Source!F50,0)) -> 495 | K56: =IF(Source!F54=0,"-",ROUND(Source!F54,2)) -> 30
C57: ВСЕГО ПО РАЗДЕЛУ | G57: 16501
C58: В Т.Ч. НАКЛАДНЫЕ РАСХОДЫ | G58: 3873
C59: В Т.Ч. СМЕТНАЯ ПРИБЫЛЬ | G59: 2655
C62: Раздел 2 | D62: =Source!G59 -> МАТЕРИАЛЫ НЕ УЧТЕННЫЕ ЦЕННИКОМ
C64: =Source!G63 -> (В П.1,2,19,20 - ЦЕНЫ УКАЗАНЫ С ТРАНСПОРТНЫМИ ЗАТРАТАМИ)
A65: =Source!E64 -> 13 | B65: =Source!F64 -> ЗАО "УРАЛТЕХМАРКЕТ" | C65: =Source!G64 -> Шкаф управления (ШУВ) Цена: 880000/4,88*1,02 | D65: =Source!I64 -> 2 | E65: =IF(Source!AB64=0,"-",ROUND(Source!AB64,2)) -> 190169.49 | F65: =IF(Source!AD64=0,"-",ROUND(Source!AD64,2)) -> - | G65: =IF(Source!O64=0,"-",ROUND(Source!O64,0)) -> 380339 | H65: =IF(Source!S64=0,"-",ROUND(Source!S64,0)) -> - | I65: =IF(Source!Q64=0,"-",ROUND(Source!Q64,0)) -> - | J65: =IF(Source!AH64=0,"-",ROUND(Source!AH64,2)) -> - | K65: =IF(Source!U64=0,"-",ROUND(Source!U64,2)) -> -
B66: К=МАТ=880000/4,72*1,02 | C66: =Source!H64 -> шт. | E66: =IF(Source!AF64=0,"-",ROUND(Source!AF64,2)) -> - | F66: =IF(Source!AE64=0,"-",ROUND(Source!AE64,2)) -> - | I66: =IF(Source!R64=0,"-",ROUND(Source!R64,0)) -> - | J66: =IF(Source!AI64=0,"-",ROUND(Source!AI64,2)) -> - | K66: =IF(Source!V64=0,"-",ROUND(Source!V64,2)) -> -
A67: =Source!E65 -> 14 | B67: =Source!F65 -> ЗАО "УРАЛТЕХМАРКЕТ" | C67: =Source!G65 -> Пульт управления (МПУ) Цена: 110950/4,88*1,02 | D67: =Source!I65 -> 2 | E67: =IF(Source!AB65=0,"-",ROUND(Source!AB65,2)) -> 23190.37 | F67: =IF(Source!AD65=0,"-",ROUND(Source!AD65,2)) -> - | G67: =IF(Source!O65=0,"-",ROUND(Source!O65,0)) -> 46381 | H67: =IF(Source!S65=0,"-",ROUND(Source!S65,0)) -> - | I67: =IF(Source!Q65=0,"-",ROUND(Source!Q65,0)) -> - | J67: =IF(Source!AH65=0,"-",ROUND(Source!AH65,2)) -> - | K67: =IF(Source!U65=0,"-",ROUND(Source!U65,2)) -> -
B68: К=МАТ=110950/4,88*1,02 | C68: =Source!H65 -> шт. | E68: =IF(Source!AF65=0,"-",ROUND(Source!AF65,2)) -> - | F68: =IF(Source!AE65=0,"-",ROUND(Source!AE65,2)) -> - | I68: =IF(Source!R65=0,"-",ROUND(Source!R65,0)) -> - | J68: =IF(Source!AI65=0,"-",ROUND(Source!AI65,2)) -> - | K68: =IF(Source!V65=0,"-",ROUND(Source!V65,2)) -> -
A69: =Source!E66 -> 15 | B69: =Source!F66 -> ЧСЦ 07.2012г. ч.1 | C69: =Source!G66 -> Кабели ВВГнг-LS 3*1,5мм2 Цена: 26616,68/4,88*1,02*1,02 п.18.02.6912 | D69: =Source!I66 -> 0.14 | E69: =IF(Source!AB66=0,"-",ROUND(Source!AB66,2)) -> 5866.95 | F69: =IF(Source!AD66=0,"-",ROUND(Source!AD66,2)) -> - | G69: =IF(Source!O66=0,"-",ROUND(Source!O66,0)) -> 821 | H69: =IF(Source!S66=0,"-",ROUND(Source!S66,0)) -> - | I69: =IF(Source!Q66=0,"-",ROUND(Source!Q66,0)) -> - | J69: =IF(Source!AH66=0,"-",ROUND(Source!AH66,2)) -> - | K69: =IF(Source!U66=0,"-",ROUND(Source!U66,2)) -> -
B70: К=МАТ=26616,68/4,72*1,02*1,02 | C70: =Source!H66 -> 1000 м | E70: =IF(Source!AF66=0,"-",ROUND(Source!AF66,2)) -> - | F70: =IF(Source!AE66=0,"-",ROUND(Source!AE66,2)) -> - | I70: =IF(Source!R66=0,"-",ROUND(Source!R66,0)) -> - | J70: =IF(Source!AI66=0,"-",ROUND(Source!AI66,2)) -> - | K70: =IF(Source!V66=0,"-",ROUND(Source!V66,2)) -> -
A71: =Source!E67 -> 16 | B71: =Source!F67 -> ЧСЦ 07.2012г. ч.1 | C71: =Source!G67 -> Кабели ВВГ 4*70 мм2 Цена: 932027/4,88*1,02*1,02 п.18.01.236 | D71: =Source!I67 -> 0.05 | E71: =IF(Source!AB67=0,"-",ROUND(Source!AB67,2)) -> 205440.87 | F71: =IF(Source!AD67=0,"-",ROUND(Source!AD67,2)) -> - | G71: =IF(Source!O67=0,"-",ROUND(Source!O67,0)) -> 10272 | H71: =IF(Source!S67=0,"-",ROUND(Source!S67,0)) -> - | I71: =IF(Source!Q67=0,"-",ROUND(Source!Q67,0)) -> - | J71: =IF(Source!AH67=0,"-",ROUND(Source!AH67,2)) -> - | K71: =IF(Source!U67=0,"-",ROUND(Source!U67,2)) -> -
B72: К=МАТ=932027/4,72*1,02*1,02 | C72: =Source!H67 -> 1000 м | E72: =IF(Source!AF67=0,"-",ROUND(Source!AF67,2)) -> - | F72: =IF(Source!AE67=0,"-",ROUND(Source!AE67,2)) -> - | I72: =IF(Source!R67=0,"-",ROUND(Source!R67,0)) -> - | J72: =IF(Source!AI67=0,"-",ROUND(Source!AI67,2)) -> - | K72: =IF(Source!V67=0,"-",ROUND(Source!V67,2)) -> -
A73: =Source!E68 -> 17 | B73: =Source!F68 -> ЧСЦ 07.2012г. ч.1 | C73: =Source!G68 -> Кабели КВВГнг-LS 4*1 мм2 Цена: 20060,27/4,88*1,02*1,02 п.18.02.002.01 | D73: =Source!I68 -> 0.2 | E73: =IF(Source!AB68=0,"-",ROUND(Source!AB68,2)) -> 4276.78 | F73: =IF(Source!AD68=0,"-",ROUND(Source!AD68,2)) -> - | G73: =IF(Source!O68=0,"-",ROUND(Source!O68,0)) -> 855 | H73: =IF(Source!S68=0,"-",ROUND(Source!S68,0)) -> - | I73: =IF(Source!Q68=0,"-",ROUND(Source!Q68,0)) -> - | J73: =IF(Source!AH68=0,"-",ROUND(Source!AH68,2)) -> - | K73: =IF(Source!U68=0,"-",ROUND(Source!U68,2)) -> -
B74: К=МАТ=20060,27/4,88*1,02*1,02 | C74: =Source!H68 -> 1000 м | E74: =IF(Source!AF68=0,"-",ROUND(Source!AF68,2)) -> - | F74: =IF(Source!AE68=0,"-",ROUND(Source!AE68,2)) -> - | I74: =IF(Source!R68=0,"-",ROUND(Source!R68,0)) -> - | J74: =IF(Source!AI68=0,"-",ROUND(Source!AI68,2)) -> - | K74: =IF(Source!V68=0,"-",ROUND(Source!V68,2)) -> -
A75: =Source!E69 -> 18 | B75: =Source!F69 -> "Пульс цен" 07.2012г. г.Екатеринбург | C75: =Source!G69 -> Датчик Метран 150 СG (63....63кПа) Цена: 25960/1,18/4,88*1,02*1,02 | D75: =Source!I69 -> 2 | E75: =IF(Source!AB69=0,"-",ROUND(Source!AB69,2)) -> 5534.59 | F75: =IF(Source!AD69=0,"-",ROUND(Source!AD69,2)) -> - | G75: =IF(Source!O69=0,"-",ROUND(Source!O69,0)) -> 11069 | H75: =IF(Source!S69=0,"-",ROUND(Source!S69,0)) -> - | I75: =IF(Source!Q69=0,"-",ROUND(Source!Q69,0)) -> - | J75: =IF(Source!AH69=0,"-",ROUND(Source!AH69,2)) -> - | K75: =IF(Source!U69=0,"-",ROUND(Source!U69,2)) -> -
B76: К=МАТ=25960/4,88*1,02*1,02 | C76: =Source!H69 -> шт. | E76: =IF(Source!AF69=0,"-",ROUND(Source!AF69,2)) -> - | F76: =IF(Source!AE69=0,"-",ROUND(Source!AE69,2)) -> - | I76: =IF(Source!R69=0,"-",ROUND(Source!R69,0)) -> - | J76: =IF(Source!AI69=0,"-",ROUND(Source!AI69,2)) -> - | K76: =IF(Source!V69=0,"-",ROUND(Source!V69,2)) -> -
A77: =Source!E70 -> 19 | B77: =Source!F70 -> Прайс 08.2012г. | C77: =Source!G70 -> Кабель ControllerLink Цена: 206,36/4,88*1,02*1,02 | D77: =Source!I70 -> 30 | E77: =IF(Source!AB70=0,"-",ROUND(Source!AB70,2)) -> 44.59 | F77: =IF(Source!AD70=0,"-",ROUND(Source!AD70,2)) -> - | G77: =IF(Source!O70=0,"-",ROUND(Source!O70,0)) -> 1338 | H77: =IF(Source!S70=0,"-",ROUND(Source!S70,0)) -> - | I77: =IF(Source!Q70=0,"-",ROUND(Source!Q70,0)) -> - | J77: =IF(Source!AH70=0,"-",ROUND(Source!AH70,2)) -> - | K77: =IF(Source!U70=0,"-",ROUND(Source!U70,2)) -> -
B78: К=МАТ=206,36/4,72*1,02 | C78: =Source!H70 -> м | E78: =IF(Source!AF70=0,"-",ROUND(Source!AF70,2)) -> - | F78: =IF(Source!AE70=0,"-",ROUND(Source!AE70,2)) -> - | I78: =IF(Source!R70=0,"-",ROUND(Source!R70,0)) -> - | J78: =IF(Source!AI70=0,"-",ROUND(Source!AI70,2)) -> - | K78: =IF(Source!V70=0,"-",ROUND(Source!V70,2)) -> -
A79: =Source!E71 -> 20 | B79: =Source!F71 -> Прайс 08.2012г. | C79: =Source!G71 -> Кабель DeviceNet Цена: 230,82/4,88*1,02*1,02 | D79: =Source!I71 -> 30 | E79: =IF(Source!AB71=0,"-",ROUND(Source!AB71,2)) -> 48.25 | F79: =IF(Source!AD71=0,"-",ROUND(Source!AD71,2)) -> - | G79: =IF(Source!O71=0,"-",ROUND(Source!O71,0)) -> 1448 | H79: =IF(Source!S71=0,"-",ROUND(Source!S71,0)) -> - | I79: =IF(Source!Q71=0,"-",ROUND(Source!Q71,0)) -> - | J79: =IF(Source!AH71=0,"-",ROUND(Source!AH71,2)) -> - | K79: =IF(Source!U71=0,"-",ROUND(Source!U71,2)) -> -
B80: К=МАТ=230,82/4,88*1,02 | C80: =Source!H71 -> м | E80: =IF(Source!AF71=0,"-",ROUND(Source!AF71,2)) -> - | F80: =IF(Source!AE71=0,"-",ROUND(Source!AE71,2)) -> - | I80: =IF(Source!R71=0,"-",ROUND(Source!R71,0)) -> - | J80: =IF(Source!AI71=0,"-",ROUND(Source!AI71,2)) -> - | K80: =IF(Source!V71=0,"-",ROUND(Source!V71,2)) -> -
C83: ВСЕГО ПО РАЗДЕЛУ | G83: 452523
C86: Раздел 3 | D86: =Source!G89 -> ПУСКОНАЛАДОЧНЫЕ РАБОТЫ
A88: =Source!E93 -> 21 | B88: =Source!F93 -> п02-01-002-3 | C88: =Source!G93 -> Автоматизированная система управления II категории технической сложности с количеством каналов (Кобщ): 10 | D88: =Source!I93 -> 2 | E88: =IF(Source!AB93=0,"-",ROUND(Source!AB93,2)) -> 2786.09 | F88: =IF(Source!AD93=0,"-",ROUND(Source!AD93,2)) -> - | G88: =IF(Source!O93=0,"-",ROUND(Source!O93,0)) -> 5572 | H88: =IF(Source!S93=0,"-",ROUND(Source!S93,0)) -> 5572 | I88: =IF(Source!Q93=0,"-",ROUND(Source!Q93,0)) -> - | J88: =IF(Source!AH93=0,"-",ROUND(Source!AH93,2)) -> 131.75 | K88: =IF(Source!U93=0,"-",ROUND(Source!U93,2)) -> 263.5
B89: К=ЭММ*1,55, ЗПМ*1,55, ОЗП*1,55, ТЗ*1,55, ТЗМ*1,55 | C89: =Source!H93 -> система | E89: =IF(Source!AF93=0,"-",ROUND(Source!AF93,2)) -> 2786.09 | F89: =IF(Source!AE93=0,"-",ROUND(Source!AE93,2)) -> - | I89: =IF(Source!R93=0,"-",ROUND(Source!R93,0)) -> - | J89: =IF(Source!AI93=0,"-",ROUND(Source!AI93,2)) -> - | K89: =IF(Source!V93=0,"-",ROUND(Source!V93,2)) -> -
C91: Итого по разделу | G91: =IF(Source!F97=0,"-",ROUND(Source!F97,0)) -> 5572 | H91: =IF(Source!F103=0,"-",ROUND(Source!F103,0)) -> 5572 | I91: =IF(Source!F101=0,"-",ROUND(Source!F101,0)) -> - | K91: =IF(Source!F105=0,"-",ROUND(Source!F105,2)) -> 264
I92: =IF(Source!F102=0,"-",ROUND(Source!F102,0)) -> - | K92: =IF(Source!F106=0,"-",ROUND(Source!F106,2)) -> -
C93: ВСЕГО ПО РАЗДЕЛУ | G93: 11423
C94: В Т.Ч. НАКЛАДНЫЕ РАСХОДЫ | G94: 3622
C95: В Т.Ч. СМЕТНАЯ ПРИБЫЛЬ | G95: 2229
C98: Итого по локальной смете | G98: =IF(Source!F113=0,"-",ROUND(Source!F113,0)) -> 468068 | H98: =IF(Source!F119=0,"-",ROUND(Source!F119,0)) -> 9164 | I98: =IF(Source!F117=0,"-",ROUND(Source!F117,0)) -> 5085 | K98: =IF(Source!F121=0,"-",ROUND(Source!F121,2)) -> 525
I99: =IF(Source!F118=0,"-",ROUND(Source!F118,0)) -> 495 | K99: =IF(Source!F122=0,"-",ROUND(Source!F122,2)) -> 30
C100: СТОИМОСТЬ ПУСКОНАЛАДОЧНЫХ РАБОТ | G100: 5572 | H100: 5572 | I100: 0 | K100: 263.5
I101: 0 | K101: 0
C102: . НАКЛАДНЫЕ РАСХОДЫ - (%=65 - по стр. ,21 ) | G102: 3622
C103: . СМЕТНАЯ ПРИБЫЛЬ - (%=40 - по стр. 21, ) | G103: 2229
C104: ИТОГО СТОИМОСТЬ ПУСКОНАЛАДОЧНЫХ РАБОТ | G104: 11423
C106: СТОИМОСТЬ МОНТАЖНЫХ РАБОТ | G106: =G83+G55 -> 462496 | H106: 3592 | I106: 5085 | K106: 261.1268
I107: 495 | K107: 30
C108: . НАКЛАДНЫЕ РАСХОДЫ - (%=95 - по стр. ,1,2,4,5,6,7,8,9,10,12 %=80 - по стр. ,3 %=92 - по стр. ,11 ) | G108: 3873
C109: . СМЕТНАЯ ПРИБЫЛЬ - (%=65 - по стр. 1,2,4,5,6,7,8,9,10,11,12, %=60 - по стр. 3, ) | G109: 2655
C110: ИТОГО СТОИМОСТЬ МОНТАЖНЫХ РАБОТ | G110: =G106+G108+G109 -> 469024
C112: ВСЕГО ПО СМЕТЕ | G112: 480447
C113: В Т.Ч. НАКЛАДНЫЕ РАСХОДЫ | G113: 7495
C114: В Т.Ч. СМЕТНАЯ ПРИБЫЛЬ | G114: 4884
C116: Итого в базовых ценах 2001г. по разделам 1,2 | G116: =G83+G57 -> 469024
C118: Итого в текущих ценах по разделам 1,2 К=4,88 Минрегион России № 19899-ИП/08 от 01.08.2012г. | G118: 2288837
C122: Итого в текущих ценах по разделу 3 К=9,13 Минрегион России № 19899-ИП/08 от 01.08.2012г. | G122: 104292
A126: Услуги санпропускника 555/8*183,15 | G126: 12706
C127: Перевозка рабочих 655*2*(555/8/3) | G127: 30130
C128: Талоны ЛПП 555/8*148,30 | G128: 10233
C130: ИТОГО ПО СМЕТЕ В ТЕКУЩИХ ЦЕНАХ | G130: =G118+G122+G126+G127+G128 -> 2446198
C131: НДС 18% | G131: =G130*18% -> 440315.64
C132: ИТОГО ПО СМЕТЕ В ТЕКУЩИХ ЦЕНАХ С НДС | G132: =G130+G131 -> 2886513.6

Sheet Source
A1: 0 | B1: Smeta.ru (495) 974-1589 | D1: _PS_ | F1: 0 | G1: 0 | H1: 0 | I1: Smeta.ru | J1: ФГУП ПО МАЯК Доп. раб. место FStS-0035983 | K1: 1 | L1: 35983
A12: 1 | B12: 1 | C12: 0 | D12: =ROW(A127) -> 127 | E12: 0 | F12: Новый объект | G12: Здание 884 | I12: 0 | P12: 0 | Q12: 0 | V12: -3 | X12: 0 | Y12: 2 | Z12: 1 | AA12: 1 | AC12: 0 | AD12: 2 | AE12: 0 | AF12: 0 | AG12: 0 | AH12: 40 | AI12: 0 | AJ12: 0 | AK12: 0 | AN12: 0 | BA12: 0 | BB12: 0 | BC12: 0 | BD12: 13294078 | BE12: Сметные нормы списания | BF12: Коды ценников | BG12: 13176242 | BH12: 0 | BI12: 1 | BK12: 1 | BL12: 0 | BM12: 0 | BN12: 1 | BO12: 0 | BP12: 2 | BR12: 0 | BT12: 0 | BU12: 1 | BV12: 1 | BW12: 0 | BX12: 0 | BY12: 1 | BZ12: 0 | CA12: 12071153 | CB12: 12071146 | CC12: 12071144 | CD12: 12071142 | CE12: 0 | CF12: 0 | CJ12: 0 | CK12: 12074132 | CL12: Челябинск обл. (редакция 2009 г) | CM12: Версия 7.0.0.7_ЗАТО_стр_и_рек_жил_общ_зд_от 28.10.2011: для ФЕР, с п.3757-КК/08, п.6056-ИП/08,п.10753-ВТ/08 и п.15127-ИП/08 (Стр-во и рек-ия жилых / общ. зд.): Центральные регионы: Текущие цены | CN12: Челябинская область (редакция 2009 г) | CO12: Челябинская область (редакция 2009 г) | CP12: Челябинская область (редакция 2009 г) | CQ12: Челябинская область (редакция 2009 г) | CS12: 0 | CT12: 0 | CU12: 0 | CV12: 0 | CW12: 0 | CX12: 0 | CY12: 8
A15: 15 | B15: 1
A18: 52 | B18: =B127 -> 1 | C18: =C127 -> 1 | D18: =D127 -> 12 | E18: =E127 -> 0 | F18: =F127 -> Новый объект | G18: =G127 -> Здание 884 | H18: =H127 -> 0 | I18: =I127 -> 0 | ... AQ18: =AQ127 -> 0
G19: 0
A20: 3 | B20: 1 | D20: =ROW(A111) -> 111 | F20: Новая локальная смета | G20: Капитальный ремонт системы управления вентагрегатами В7, В8 инв. № 1400216, 1400217 | X20: 0 | AJ20: 0 | AK20: 0 | AL20: 0 | BE20: {FF896092-1524-4317-A1B0-D7C4A87D8206} | BF20: 0 | BG20: 0 | BM20: 0
A22: 52 | B22: =B111 -> 1 | C22: =C111 -> 3 | D22: =D111 -> 20 | E22: =E111 -> 0 | F22: =F111 -> Новая локальная смета | G22: =G111 -> Капитальный ремонт системы управления вентагрегатами В7, В8 инв. № 1400216, 1400217 | H22: =H111 -> 0 | I22: =I111 -> 0 | ... AQ22: =AQ111 -> 0
A24: 19 | B24: 1 | G24: ЗАТО = 1,13 | AA24: 1 | DX24: 0
G25: 0
A26: 4 | B26: 1 | D26: =ROW(A43) -> 43 | F26: Новый раздел | G26: МОНТАЖНЫЕ РАБОТЫ | X26: 0 | AL26: 0 | BE26: {E3518917-B42B-4139-BE3B-779EABB0A843} | BF26: 0 | BG26: 0 | BM26: 0 | BO26: 0
A28: 52 | B28: =B43 -> 1 | C28: =C43 -> 4 | D28: =D43 -> 26 | E28: =E43 -> 0 | F28: =F43 -> Новый раздел | G28: =G43 -> МОНТАЖНЫЕ РАБОТЫ | H28: =H43 -> 0 | I28: =I43 -> 0 | ... AQ28: =AQ43 -> 0
A30: 17 | B30: 1 | C30: =ROW(SmtRes!A13) -> 13 | D30: =ROW(EtalonRes!A13) -> 13 | E30: 1 | F30: м08-01-102-1 | G30: Шкаф управления и регулирования | H30: шкаф | I30: 2 | J30: 0 | O30: =ROUND(CP30,0) -> 1658 | P30: =ROUND(CQ30*I30,0) -> 292 | Q30: =ROUND(CR30*I30,0) -> 684 | R30: =ROUND(CS30*I30,0) -> 50 | S30: =ROUND(CT30*I30,0) -> 682 | T30: =ROUND(CU30*I30,0) -> 0 | U30: =CV30*I30 -> 49.64 | V30: =CW30*I30 -> 2.72 | W30: =ROUND(CX30*I30,0) -> 0 | X30: =ROUND(CY30,0) -> 695 | Y30: =ROUND(CZ30,0) -> 476 | AA30: 0 | AB30: =ROUND((AC30+AD30+AF30),2) -> 829.43 | AC30: =ROUND((ES30),2) -> 146.21 | AD30: =ROUND((((ET30*1.7))+((((EU30*1.7))*1.13)-((EU30*1.7)))),2) -> 342.17 | AE30: =ROUND((((EU30*1.7))*1.13),2) -> 25.09 | AF30: =ROUND((((EV30*1.7))*1.13),2) -> 341.05 | AG30: =ROUND((AP30),2) -> 0 | AH30: =((EW30*1.7)) -> 24.82 | AI30: =((EX30*1.7)) -> 1.36 | AJ30: =ROUND((AS30),2) -> 0 | AK30: 523.33 | AL30: 146.21 | AM30: 199.58 | AN30: 13.06 | AO30: 177.54 | AP30: 0 | AQ30: 14.6 | AR30: 0.8 | AS30: 0 | AT30: 95 | AU30: 65 | AV30: 1 | AW30: 1 | AX30: 1 | AY30: 1 | AZ30: 1 | BA30: 1 | BB30: 1 | BC30: 1 | BH30: 0 | BI30: 2 | BJ30: Челябинская область (2009),ч08,поз.01-102-1 | BM30: 108001 | BN30: 0 | BO30: м08-01-102-1 | BP30: 1 | BQ30: 3 | BR30: 0 | BS30: 1 | BT30: 1 | BU30: 1 | BV30: 1 | BW30: 1 | BX30: 1 | BZ30: 95 | CA30: 65 | CF30: 0 | CG30: 0 | CM30: 0 | CO30: 0 | CP30: =(P30+Q30+S30) -> 1658 | CQ30: =(AC30)*BC30 -> 146.21 | CR30: =(AD30)*BB30 -> 342.17 | CS30: =(AE30)*BS30 -> 25.09 | CT30: =(AF30)*BA30 -> 341.05 | CU30: =(AG30)*BT30 -> 0 | CV30: =(AH30)*BU30 -> 24.82 | CW30: =(AI30)*BV30 -> 1.36 | CX30: =(AJ30)*BW30 -> 0 | CY30: =((S30+R30)*(ROUND((FX30*IF(1,(IF(0,0.94,1)*IF(0,1,1)),1)),IF(1,0,2))/100)) -> 695.4 | CZ30: =((S30+R30)*(ROUND((FY30*IF(1,1,1)),IF(1,0,2))/100)) -> 475.8 | DE30: *1,7 | DF30: *1,7 | DG30: *1,7 | DI30: *1,7 | DJ30: *1,7 | DN30: 0 | DO30: 0 | DP30: 1 | DQ30: 1 | DR30: 1 | DS30: 1 | DT30: 1 | DU30: 1013 | DV30: шкаф | DW30: шкаф | DX30: 1 | EE30: 13177819 | EF30: 3 | EG30: Монтажные работы | EH30: 0 | EJ30: 2 | EK30: 108001 | EL30: Электромонтажные работы: ( на АЭС НР = 110% ) - (работы по упр. авиа.- движением: СП=55% ( {АВИА}=1; обычные работы : СП=65 - {AВИА}=0), при работе на АЭС СП= 68% ) | EM30: ФЕРм-08 | EQ30: 0 | ER30: 523.33 | ES30: 146.21 | ET30: 199.58 | EU30: 13.06 | EV30: 177.54 | EW30: 14.6 | EX30: 0.8 | EY30: 0 | EZ30: 0 | FQ30: 0 | FR30: =ROUND(IF(AND(AA30=0,BI30=3),P30,0),0) -> 0 | FS30: 0 | FX30: 95 | FY30: 65 | GA30: 0 | GB30: 0 | GC30: 0 | GD30: 0 | GE30: 0 | GF30: 0 | GG30: 0 | GH30: 0 | GI30: 0 | GJ30: 0 | GK30: 0
A31: 17 | B31: 1 | C31: =ROW(SmtRes!A24) -> 24 | D31: =ROW(EtalonRes!A24) -> 24 | E31: 2 | F31: м08-03-573-4 | G31: Шкаф (пульт) управления навесной | H31: шт. | I31: 2 | J31: 0 | O31: =ROUND(CP31,0) -> 252 | P31: =ROUND(CQ31*I31,0) -> 8 | Q31: =ROUND(CR31*I31,0) -> 130 | R31: =ROUND(CS31*I31,0) -> 15 | S31: =ROUND(CT31*I31,0) -> 114 | T31: =ROUND(CU31*I31,0) -> 0 | U31: =CV31*I31 -> 8.058 | V31: =CW31*I31 -> 0.986 | W31: =ROUND(CX31*I31,0) -> 0 | X31: =ROUND(CY31,0) -> 123 | Y31: =ROUND(CZ31,0) -> 84 | AA31: 0 | AB31: =ROUND((AC31+AD31+AF31),2) -> 125.82 | AC31: =ROUND((ES31),2) -> 3.85 | AD31: =ROUND((((ET31*1.7))+((((EU31*1.7))*1.13)-((EU31*1.7)))),2) -> 64.88 | AE31: =ROUND((((EU31*1.7))*1.13),2) -> 7.34 | AF31: =ROUND((((EV31*1.7))*1.13),2) -> 57.09 | AG31: =ROUND((AP31),2) -> 0 | AH31: =((EW31*1.7)) -> 4.029 | AI31: =((EX31*1.7)) -> 0.493 | AJ31: =ROUND((AS31),2) -> 0 | AK31: 71.24 | AL31: 3.85 | AM31: 37.67 | AN31: 3.82 | AO31: 29.72 | AP31: 0 | AQ31: 2.37 | AR31: 0.29 | AS31: 0 | AT31: 95 | AU31: 65 | AV31: 1 | AW31: 1 | AX31: 1 | AY31: 1 | AZ31: 1 | BA31: 1 | BB31: 1 | BC31: 1 | BH31: 0 | BI31: 2 | BJ31: Челябинская область (2009),ч08,поз.03-573-4 | BM31: 108001 | BN31: 0 | BO31: м08-03-573-4 | BP31: 1 | BQ31: 3 | BR31: 0 | BS31: 1 | BT31: 1 | BU31: 1 | BV31: 1 | BW31: 1 | BX31: 1 | BZ31: 95 | CA31: 65 | CF31: 0 | CG31: 0 | CM31: 0 | CO31: 0 | CP31: =(P31+Q31+S31) -> 252 | CQ31: =(AC31)*BC31 -> 3.85 | CR31: =(AD31)*BB31 -> 64.88 | CS31: =(AE31)*BS31 -> 7.34 | CT31: =(AF31)*BA31 -> 57.09 | CU31: =(AG31)*BT31 -> 0 | CV31: =(AH31)*BU31 -> 4.029 | CW31: =(AI31)*BV31 -> 0.493 | CX31: =(AJ31)*BW31 -> 0 | CY31: =((S31+R31)*(ROUND((FX31*IF(1,(IF(0,0.94,1)*IF(0,1,1)),1)),IF(1,0,2))/100)) -> 122.55 | CZ31: =((S31+R31)*(ROUND((FY31*IF(1,1,1)),IF(1,0,2))/100)) -> 83.85 | DE31: *1,7 | DF31: *1,7 | DG31: *1,7 | DI31: *1,7 | DJ31: *1,7 | DN31: 0 | DO31: 0 | DP31: 1 | DQ31: 1 | DR31: 1 | DS31: 1 | DT31: 1 | DU31: 1010 | DV31: шт. | DW31: шт. | DX31: 1 | EE31: 13177819 | EF31: 3 | EG31: Монтажные работы | EH31: 0 | EJ31: 2 | EK31: 108001 | EL31: Электромонтажные работы: ( на АЭС НР = 110% ) - (работы по упр. авиа.- движением: СП=55% ( {АВИА}=1; обычные работы : СП=65 - {AВИА}=0), при работе на АЭС СП= 68% ) | EM31: ФЕРм-08 | EQ31: 0 | ER31: 71.24 | ES31: 3.85 | ET31: 37.67 | EU31: 3.82 | EV31: 29.72 | EW31: 2.37 | EX31: 0.29 | EY31: 0 | EZ31: 0 | FQ31: 0 | FR31: =ROUND(IF(AND(AA31=0,BI31=3),P31,0),0) -> 0 | FS31: 0 | FX31: 95 | FY31: 65 | GA31: 0 | GB31: 0 | GC31: 0 | GD31: 0 | GE31: 0 | GF31: 0 | GG31: 0 | GH31: 0 | GI31: 0 | GJ31: 0 | GK31: 0
A32: 17 | B32: 1 | C32: =ROW(SmtRes!A27) -> 27 | D32: =ROW(EtalonRes!A27) -> 27 | E32: 3 | F32: м11-02-001-1 | G32: Прибор, устанавливаемый на резьбовых соединениях, масса до 1,5 кг | H32: шт. | I32: 2 | J32: 0 | O32: =ROUND(CP32,0) -> 53 | P32: =ROUND(CQ32*I32,0) -> 3 | Q32: =ROUND(CR32*I32,0) -> 0 | R32: =ROUND(CS32*I32,0) -> 0 | S32: =ROUND(CT32*I32,0) -> 50 | T32: =ROUND(CU32*I32,0) -> 0 | U32: =CV32*I32 -> 3.502 | V32: =CW32*I32 -> 0 | W32: =ROUND(CX32*I32,0) -> 0 | X32: =ROUND(CY32,0) -> 40 | Y32: =ROUND(CZ32,0) -> 30 | AA32: 0 | AB32: =ROUND((AC32+AD32+AF32),2) -> 26.13 | AC32: =ROUND((ES32),2) -> 1.31 | AD32: =ROUND((((ET32*1.7))+((((EU32*1.7))*1.13)-((EU32*1.7)))),2) -> 0 | AE32: =ROUND((((EU32*1.7))*1.13),2) -> 0 | AF32: =ROUND((((EV32*1.7))*1.13),2) -> 24.82 | AG32: =ROUND((AP32),2) -> 0 | AH32: =((EW32*1.7)) -> 1.751 | AI32: =((EX32*1.7)) -> 0 | AJ32: =ROUND((AS32),2) -> 0 | AK32: 14.23 | AL32: 1.31 | AM32: 0 | AN32: 0 | AO32: 12.92 | AP32: 0 | AQ32: 1.03 | AR32: 0 | AS32: 0 | AT32: 80 | AU32: 60 | AV32: 1 | AW32: 1 | AX32: 1 | AY32: 1 | AZ32: 1 | BA32: 1 | BB32: 1 | BC32: 1 | BH32: 0 | BI32: 2 | BJ32: Челябинская область (2009),ч11,поз.02-001-1 | BM32: 111001 | BN32: 0 | BO32: м11-02-001-1 | BP32: 1 | BQ32: 3 | BR32: 0 | BS32: 1 | BT32: 1 | BU32: 1 | BV32: 1 | BW32: 1 | BX32: 1 | BZ32: 80 | CA32: 60 | CF32: 0 | CG32: 0 | CM32: 0 | CO32: 0 | CP32: =(P32+Q32+S32) -> 53 | CQ32: =(AC32)*BC32 -> 1.31 | CR32: =(AD32)*BB32 -> 0 | CS32: =(AE32)*BS32 -> 0 | CT32: =(AF32)*BA32 -> 24.82 | CU32: =(AG32)*BT32 -> 0 | CV32: =(AH32)*BU32 -> 1.751 | CW32: =(AI32)*BV32 -> 0 | CX32: =(AJ32)*BW32 -> 0 | CY32: =((S32+R32)*(ROUND((FX32*IF(1,(IF(0,0.94,1)*IF(0,1,1)),1)),IF(1,0,2))/100)) -> 40 | CZ32: =((S32+R32)*(ROUND((FY32*IF(1,1,1)),IF(1,0,2))/100)) -> 30 | DE32: *1,7 | DF32: *1,7 | DG32: *1,7 | DI32: *1,7 | DJ32: *1,7 | DN32: 0 | DO32: 0 | DP32: 1 | DQ32: 1 | DR32: 1 | DS32: 1 | DT32: 1 | DU32: 1010 | DV32: шт. | DW32: шт. | DX32: 1 | EE32: 13177825 | EF32: 3 | EG32: Монтажные работы | EH32: 0 | EJ32: 2 | EK32: 111001 | EL32: Автоматика ( кроме микропроцессорной техники ) - (при устройстве средств посадки самолетов : НР=95%, СП=55% - {АВИА}=1) | EM32: ФЕРм-11 | EQ32: 0 | ER32: 14.23 | ES32: 1.31 | ET32: 0 | EU32: 0 | EV32: 12.92 | EW32: 1.03 | EX32: 0 | EY32: 0 | EZ32: 0 | FQ32: 0 | FR32: =ROUND(IF(AND(AA32=0,BI32=3),P32,0),0) -> 0 | FS32: 0 | FX32: 80 | FY32: 60 | GA32: 0 | GB32: 0 | GC32: 0 | GD32: 0 | GE32: 0 | GF32: 0 | GG32: 0 | GH32: 0 | GI32: 0 | GJ32: 0 | GK32: 0
A33: 17 | B33: 1 | C33: =ROW(SmtRes!A32) -> 32 | D33: =ROW(EtalonRes!A32) -> 32 | E33: 4 | F33: м08-02-171-1 | G33: Лоток стальной для крепления соединительных муфт на установленных полках | H33: 100 шт. | I33: 2.15 | J33: 0 | O33: =ROUND(CP33,0) -> 1863 | P33: =ROUND(CQ33*I33,0) -> 13 | Q33: =ROUND(CR33*I33,0) -> 625 | R33: =ROUND(CS33*I33,0) -> 46 | S33: =ROUND(CT33*I33,0) -> 1225 | T33: =ROUND(CU33*I33,0) -> 0 | U33: =CV33*I33 -> 89.182 | V33: =CW33*I33 -> 2.4854 | W33: =ROUND(CX33*I33,0) -> 0 | X33: =ROUND(CY33,0) -> 1207 | Y33: =ROUND(CZ33,0) -> 826 | AA33: 0 | AB33: =ROUND((AC33+AD33+AF33),2) -> 866.73 | AC33: =ROUND((ES33),2) -> 5.93 | AD33: =ROUND((((ET33*1.7))+((((EU33*1.7))*1.13)-((EU33*1.7)))),2) -> 290.84 | AE33: =ROUND((((EU33*1.7))*1.13),2) -> 21.32 | AF33: =ROUND((((EV33*1.7))*1.13),2) -> 569.96 | AG33: =ROUND((AP33),2) -> 0 | AH33: =((EW33*1.7)) -> 41.48 | AI33: =((EX33*1.7)) -> 1.156 | AJ33: =ROUND((AS33),2) -> 0 | AK33: 472.27 | AL33: 5.93 | AM33: 169.64 | AN33: 11.1 | AO33: 296.7 | AP33: 0 | AQ33: 24.4 | AR33: 0.68 | AS33: 0 | AT33: 95 | AU33: 65 | AV33: 1 | AW33: 1 | AX33: 1 | AY33: 1 | AZ33: 1 | BA33: 1 | BB33: 1 | BC33: 1 | BH33: 0 | BI33: 2 | BJ33: Челябинская область (2009),ч08,поз.02-171-1 | BM33: 108001 | BN33: 0 | BO33: м08-02-171-1 | BP33: 1 | BQ33: 3 | BR33: 0 | BS33: 1 | BT33: 1 | BU33: 1 | BV33: 1 | BW33: 1 | BX33: 1 | BZ33: 95 | CA33: 65 | CF33: 0 | CG33: 0 | CM33: 0 | CO33: 0 | CP33: =(P33+Q33+S33) -> 1863 | CQ33: =(AC33)*BC33 -> 5.93 | CR33: =(AD33)*BB33 -> 290.84 | CS33: =(AE33)*BS33 -> 21.32 | CT33: =(AF33)*BA33 -> 569.96 | CU33: =(AG33)*BT33 -> 0 | CV33: =(AH33)*BU33 -> 41.48 | CW33: =(AI33)*BV33 -> 1.156 | CX33: =(AJ33)*BW33 -> 0 | CY33: =((S33+R33)*(ROUND((FX33*IF(1,(IF(0,0.94,1)*IF(0,1,1)),1)),IF(1,0,2))/100)) -> 1207.45 | CZ33: =((S33+R33)*(ROUND((FY33*IF(1,1,1)),IF(1,0,2))/100)) -> 826.15 | DE33: *1,7 | DF33: *1,7 | DG33: *1,7 | DI33: *1,7 | DJ33: *1,7 | DN33: 0 | DO33: 0 | DP33: 1 | DQ33: 1 | DR33: 1 | DS33: 1 | DT33: 1 | DU33: 1010 | DV33: 100 шт. | DW33: 100 шт. | DX33: 100 | EE33: 13177819 | EF33: 3 | EG33: Монтажные работы | EH33: 0 | EJ33: 2 | EK33: 108001 | EL33: Электромонтажные работы: ( на АЭС НР = 110% ) - (работы по упр. авиа.- движением: СП=55% ( {АВИА}=1; обычные работы : СП=65 - {AВИА}=0), при работе на АЭС СП= 68% ) | EM33: ФЕРм-08 | EQ33: 0 | ER33: 472.27 | ES33: 5.93 | ET33: 169.64 | EU33: 11.1 | EV33: 296.7 | EW33: 24.4 | EX33: 0.68 | EY33: 0 | EZ33: 0 | FQ33: 0 | FR33: =ROUND(IF(AND(AA33=0,BI33=3),P33,0),0) -> 0 | FS33: 0 | FX33: 95 | FY33: 65 | GA33: 0 | GB33: 0 | GC33: 0 | GD33: 0 | GE33: 0 | GF33: 0 | GG33: 0 | GH33: 0 | GI33: 0 | GJ33: 0 | GK33: 0
A34: 17 | B34: 1 | C34: =ROW(SmtRes!A48) -> 48 | D34: =ROW(EtalonRes!A48) -> 48 | E34: 5 | F34: м08-02-147-1 | G34: Кабель до 35 кВ по установленным конструкциям и лоткам с креплением на поворотах и в конце трассы, масса 1 м кабеля: до 1 кг | H34: 100 М КАБЕЛЯ | I34: 4 | J34: 0 | O34: =ROUND(CP34,0) -> 4823 | P34: =ROUND(CQ34*I34,0) -> 743 | Q34: =ROUND(CR34*I34,0) -> 2996 | R34: =ROUND(CS34*I34,0) -> 322 | S34: =ROUND(CT34*I34,0) -> 1084 | T34: =ROUND(CU34*I34,0) -> 0 | U34: =CV34*I34 -> 78.88 | V34: =CW34*I34 -> 20.128 | W34: =ROUND(CX34*I34,0) -> 0 | X34: =ROUND(CY34,0) -> 1336 | Y34: =ROUND(CZ34,0) -> 914 | AA34: 0 | AB34: =ROUND((AC34+AD34+AF34),2) -> 1205.65 | AC34: =ROUND((ES34),2) -> 185.76 | AD34: =ROUND((((ET34*1.7))+((((EU34*1.7))*1.13)-((EU34*1.7)))),2) -> 748.91 | AE34: =ROUND((((EU34*1.7))*1.13),2) -> 80.62 | AF34: =ROUND((((EV34*1.7))*1.13),2) -> 270.98 | AG34: =ROUND((AP34),2) -> 0 | AH34: =((EW34*1.7)) -> 19.72 | AI34: =((EX34*1.7)) -> 5.032 | AJ34: =ROUND((AS34),2) -> 0 | AK34: 761.9 | AL34: 185.76 | AM34: 435.08 | AN34: 41.97 | AO34: 141.06 | AP34: 0 | AQ34: 11.6 | AR34: 2.96 | AS34: 0 | AT34: 95 | AU34: 65 | AV34: 1 | AW34: 1 | AX34: 1 | AY34: 1 | AZ34: 1 | BA34: 1 | BB34: 1 | BC34: 1 | BH34: 0 | BI34: 2 | BJ34: Челябинская область (2009),ч08,поз.02-147-1 | BM34: 108001 | BN34: 0 | BO34: м08-02-147-1 | BP34: 1 | BQ34: 3 | BR34: 0 | BS34: 1 | BT34: 1 | BU34: 1 | BV34: 1 | BW34: 1 | BX34: 1 | BZ34: 95 | CA34: 65 | CF34: 0 | CG34: 0 | CM34: 0 | CO34: 0 | CP34: =(P34+Q34+S34) -> 4823 | CQ34: =(AC34)*BC34 -> 185.76 | CR34: =(AD34)*BB34 -> 748.91 | CS34: =(AE34)*BS34 -> 80.62 | CT34: =(AF34)*BA34 -> 270.98 | CU34: =(AG34)*BT34 -> 0 | CV34: =(AH34)*BU34 -> 19.72 | CW34: =(AI34)*BV34 -> 5.032 | CX34: =(AJ34)*BW34 -> 0 | CY34: =((S34+R34)*(ROUND((FX34*IF(1,(IF(0,0.94,1)*IF(0,1,1)),1)),IF(1,0,2))/100)) -> 1335.7 | CZ34: =((S34+R34)*(ROUND((FY34*IF(1,1,1)),IF(1,0,2))/100)) -> 913.9 | DE34: *1,7 | DF34: *1,7 | DG34: *1,7 | DI34: *1,7 | DJ34: *1,7 | DN34: 0 | DO34: 0 | DP34: 1 | DQ34: 1 | DR34: 1 | DS34: 1 | DT34: 1 | DU34: 1013 | DV34: 100 М КАБЕЛЯ | DW34: 100 М КАБЕЛЯ | DX34: 1 | EE34: 13177819 | EF34: 3 | EG34: Монтажные работы | EH34: 0 | EJ34: 2 | EK34: 108001 | EL34: Электромонтажные работы: ( на АЭС НР = 110% ) - (работы по упр. авиа.- движением: СП=55% ( {АВИА}=1; обычные работы : СП=65 - {AВИА}=0), при работе на АЭС СП= 68% ) | EM34: ФЕРм-08 | EQ34: 0 | ER34: 761.9 | ES34: 185.76 | ET34: 435.08 | EU34: 41.97 | EV34: 141.06 | EW34: 11.6 | EX34: 2.96 | EY34: 0 | EZ34: 0 | FQ34: 0 | FR34: =ROUND(IF(AND(AA34=0,BI34=3),P34,0),0) -> 0 | FS34: 0 | FX34: 95 | FY34: 65 | GA34: 0 | GB34: 0 | GC34: 0 | GD34: 0 | GE34: 0 | GF34: 0 | GG34: 0 | GH34: 0 | GI34: 0 | GJ34: 0 | GK34: 0
A35: 17 | B35: 1 | C35: =ROW(SmtRes!A64) -> 64 | D35: =ROW(EtalonRes!A64) -> 64 | E35: 6 | F35: м08-02-141-3 | G35: Кабель до 35 кВ в готовых траншеях без покрытий, масса 1 м: до 3 кг (ВВГ 4*70) | H35: 100 М КАБЕЛЯ | I35: 0.5 | J35: 0 | O35: =ROUND(CP35,0) -> 850 | P35: =ROUND(CQ35*I35,0) -> 48 | Q35: =ROUND(CR35*I35,0) -> 636 | R35: =ROUND(CS35*I35,0) -> 62 | S35: =ROUND(CT35*I35,0) -> 166 | T35: =ROUND(CU35*I35,0) -> 0 | U35: =CV35*I35 -> 12.07 | V35: =CW35*I35 -> 3.7315 | W35: =ROUND(CX35*I35,0) -> 0 | X35: =ROUND(CY35,0) -> 217 | Y35: =ROUND(CZ35,0) -> 148 | AA35: 0 | AB35: =ROUND((AC35+AD35+AF35),2) -> 1699.01 | AC35: =ROUND((ES35),2) -> 95.14 | AD35: =ROUND((((ET35*1.7))+((((EU35*1.7))*1.13)-((EU35*1.7)))),2) -> 1272.17 | AE35: =ROUND((((EU35*1.7))*1.13),2) -> 123.46 | AF35: =ROUND((((EV35*1.7))*1.13),2) -> 331.7 | AG35: =ROUND((AP35),2) -> 0 | AH35: =((EW35*1.7)) -> 24.14 | AI35: =((EX35*1.7)) -> 7.463 | AJ35: =ROUND((AS35),2) -> 0 | AK35: 1007.79 | AL35: 95.14 | AM35: 739.98 | AN35: 64.27 | AO35: 172.67 | AP35: 0 | AQ35: 14.2 | AR35: 4.39 | AS35: 0 | AT35: 95 | AU35: 65 | AV35: 1 | AW35: 1 | AX35: 1 | AY35: 1 | AZ35: 1 | BA35: 1 | BB35: 1 | BC35: 1 | BH35: 0 | BI35: 2 | BJ35: Челябинская область (2009),ч08,поз.02-141-3 | BM35: 108001 | BN35: 0 | BO35: м08-02-141-3 | BP35: 1 | BQ35: 3 | BR35: 0 | BS35: 1 | BT35: 1 | BU35: 1 | BV35: 1 | BW35: 1 | BX35: 1 | BZ35: 95 | CA35: 65 | CF35: 0 | CG35: 0 | CM35: 0 | CO35: 0 | CP35: =(P35+Q35+S35) -> 850 | CQ35: =(AC35)*BC35 -> 95.14 | CR35: =(AD35)*BB35 -> 1272.17 | CS35: =(AE35)*BS35 -> 123.46 | CT35: =(AF35)*BA35 -> 331.7 | CU35: =(AG35)*BT35 -> 0 | CV35: =(AH35)*BU35 -> 24.14 | CW35: =(AI35)*BV35 -> 7.463 | CX35: =(AJ35)*BW35 -> 0 | CY35: =((S35+R35)*(ROUND((FX35*IF(1,(IF(0,0.94,1)*IF(0,1,1)),1)),IF(1,0,2))/100)) -> 216.6 | CZ35: =((S35+R35)*(ROUND((FY35*IF(1,1,1)),IF(1,0,2))/100)) -> 148.2 | DE35: *1,7 | DF35: *1,7 | DG35: *1,7 | DI35: *1,7 | DJ35: *1,7 | DN35: 0 | DO35: 0 | DP35: 1 | DQ35: 1 | DR35: 1 | DS35: 1 | DT35: 1 | DU35: 1013 | DV35: 100 М КАБЕЛЯ | DW35: 100 М КАБЕЛЯ | DX35: 1 | EE35: 13177819 | EF35: 3 | EG35: Монтажные работы | EH35: 0 | EJ35: 2 | EK35: 108001 | EL35: Электромонтажные работы: ( на АЭС НР = 110% ) - (работы по упр. авиа.- движением: СП=55% ( {АВИА}=1; обычные работы : СП=65 - {AВИА}=0), при работе на АЭС СП= 68% ) | EM35: ФЕРм-08 | EQ35: 0 | ER35: 1007.79 | ES35: 95.14 | ET35: 739.98 | EU35: 64.27 | EV35: 172.67 | EW35: 14.2 | EX35: 4.39 | EY35: 0 | EZ35: 0 | FQ35: 0 | FR35: =ROUND(IF(AND(AA35=0,BI35=3),P35,0),0) -> 0 | FS35: 0 | FX35: 95 | FY35: 65 | GA35: 0 | GB35: 0 | GC35: 0 | GD35: 0 | GE35: 0 | GF35: 0 | GG35: 0 | GH35: 0 | GI35: 0 | GJ35: 0 | GK35: 0
A36: 17 | B36: 1 | C36: =ROW(SmtRes!A80) -> 80 | D36: =ROW(EtalonRes!A80) -> 80 | E36: 7 | F36: м08-03-574-4 | G36: Разводка по устройствам и подключение жил кабелей или проводов сечением: до 70 мм2 | H36: 100 жил | I36: 0.04 | J36: 0 | O36: =ROUND(CP36,0) -> 164 | P36: =ROUND(CQ36*I36,0) -> 117 | Q36: =ROUND(CR36*I36,0) -> 2 | R36: =ROUND(CS36*I36,0) -> 0 | S36: =ROUND(CT36*I36,0) -> 45 | T36: =ROUND(CU36*I36,0) -> 0 | U36: =CV36*I36 -> 3.1688 | V36: =CW36*I36 -> 0.00204 | W36: =ROUND(CX36*I36,0) -> 0 | X36: =ROUND(CY36,0) -> 43 | Y36: =ROUND(CZ36,0) -> 29 | AA36: 0 | AB36: =ROUND((AC36+AD36+AF36),2) -> 4100.73 | AC36: =ROUND((ES36),2) -> 2929.76 | AD36: =ROUND((((ET36*1.7))+((((EU36*1.7))*1.13)-((EU36*1.7)))),2) -> 48.41 | AE36: =ROUND((((EU36*1.7))*1.13),2) -> 0.94 | AF36: =ROUND((((EV36*1.7))*1.13),2) -> 1122.56 | AG36: =ROUND((AP36),2) -> 0 | AH36: =((EW36*1.7)) -> 79.22 | AI36: =((EX36*1.7)) -> 0.051 | AJ36: =ROUND((AS36),2) -> 0 | AK36: 3542.53 | AL36: 2929.76 | AM36: 28.41 | AN36: 0.49 | AO36: 584.36 | AP36: 0 | AQ36: 46.6 | AR36: 0.03 | AS36: 0 | AT36: 95 | AU36: 65 | AV36: 1 | AW36: 1 | AX36: 1 | AY36: 1 | AZ36: 1 | BA36: 1 | BB36: 1 | BC36: 1 | BH36: 0 | BI36: 2 | BJ36: Челябинская область (2009),ч08,поз.03-574-4 | BM36: 108001 | BN36: 0 | BO36: м08-03-574-4 | BP36: 1 | BQ36: 3 | BR36: 0 | BS36: 1 | BT36: 1 | BU36: 1 | BV36: 1 | BW36: 1 | BX36: 1 | BZ36: 95 | CA36: 65 | CF36: 0 | CG36: 0 | CM36: 0 | CO36: 0 | CP36: =(P36+Q36+S36) -> 164 | CQ36: =(AC36)*BC36 -> 2929.76 | CR36: =(AD36)*BB36 -> 48.41 | CS36: =(AE36)*BS36 -> 0.94 | CT36: =(AF36)*BA36 -> 1122.56 | CU36: =(AG36)*BT36 -> 0 | CV36: =(AH36)*BU36 -> 79.22 | CW36: =(AI36)*BV36 -> 0.051 | CX36: =(AJ36)*BW36 -> 0 | CY36: =((S36+R36)*(ROUND((FX36*IF(1,(IF(0,0.94,1)*IF(0,1,1)),1)),IF(1,0,2))/100)) -> 42.75 | CZ36: =((S36+R36)*(ROUND((FY36*IF(1,1,1)),IF(1,0,2))/100)) -> 29.25 | DE36: *1,7 | DF36: *1,7 | DG36: *1,7 | DI36: *1,7 | DJ36: *1,7 | DN36: 0 | DO36: 0 | DP36: 1 | DQ36: 1 | DR36: 1 | DS36: 1 | DT36: 1 | DU36: 1013 | DV36: 100 жил | DW36: 100 жил | DX36: 1 | EE36: 13177819 | EF36: 3 | EG36: Монтажные работы | EH36: 0 | EJ36: 2 | EK36: 108001 | EL36: Электромонтажные работы: ( на АЭС НР = 110% ) - (работы по упр. авиа.- движением: СП=55% ( {АВИА}=1; обычные работы : СП=65 - {AВИА}=0), при работе на АЭС СП= 68% ) | EM36: ФЕРм-08 | EQ36: 0 | ER36: 3542.53 | ES36: 2929.76 | ET36: 28.41 | EU36: 0.49 | EV36: 584.36 | EW36: 46.6 | EX36: 0.03 | EY36: 0 | EZ36: 0 | FQ36: 0 | FR36: =ROUND(IF(AND(AA36=0,BI36=3),P36,0),0) -> 0 | FS36: 0 | FX36: 95 | FY36: 65 | GA36: 0 | GB36: 0 | GC36: 0 | GD36: 0 | GE36: 0 | GF36: 0 | GG36: 0 | GH36: 0 | GI36: 0 | GJ36: 0 | GK36: 0
A37: 17 | B37: 1 | C37: =ROW(SmtRes!A93) -> 93 | D37: =ROW(EtalonRes!A93) -> 93 | E37: 8 | F37: м08-02-158-4 | G37: Разделка концевая сухая для контрольного кабеля сечением одной жилы: до 2,5 мм2, количество жил до 4 (КВВГнг-LS) | H37: шт. | I37: 1 | J37: 0 | O37: =ROUND(CP37,0) -> 53 | P37: =ROUND(CQ37*I37,0) -> 43 | Q37: =ROUND(CR37*I37,0) -> 4 | R37: =ROUND(CS37*I37,0) -> 0 | S37: =ROUND(CT37*I37,0) -> 6 | T37: =ROUND(CU37*I37,0) -> 0 | U37: =CV37*I37 -> 0.442 | V37: =CW37*I37 -> 0.017 | W37: =ROUND(CX37*I37,0) -> 0 | X37: =ROUND(CY37,0) -> 6 | Y37: =ROUND(CZ37,0) -> 4 | AA37: 0 | AB37: =ROUND((AC37+AD37+AF37),2) -> 53.77 | AC37: =ROUND((ES37),2) -> 43.43 | AD37: =ROUND((((ET37*1.7))+((((EU37*1.7))*1.13)-((EU37*1.7)))),2) -> 4.27 | AE37: =ROUND((((EU37*1.7))*1.13),2) -> 0.31 | AF37: =ROUND((((EV37*1.7))*1.13),2) -> 6.07 | AG37: =ROUND((AP37),2) -> 0 | AH37: =((EW37*1.7)) -> 0.442 | AI37: =((EX37*1.7)) -> 0.017 | AJ37: =ROUND((AS37),2) -> 0 | AK37: 49.08 | AL37: 43.43 | AM37: 2.49 | AN37: 0.16 | AO37: 3.16 | AP37: 0 | AQ37: 0.26 | AR37: 0.01 | AS37: 0 | AT37: 95 | AU37: 65 | AV37: 1 | AW37: 1 | AX37: 1 | AY37: 1 | AZ37: 1 | BA37: 1 | BB37: 1 | BC37: 1 | BH37: 0 | BI37: 2 | BJ37: Челябинская область (2009),ч08,поз.02-158-4 | BM37: 108001 | BN37: 0 | BO37: м08-02-158-4 | BP37: 1 | BQ37: 3 | BR37: 0 | BS37: 1 | BT37: 1 | BU37: 1 | BV37: 1 | BW37: 1 | BX37: 1 | BZ37: 95 | CA37: 65 | CF37: 0 | CG37: 0 | CM37: 0 | CO37: 0 | CP37: =(P37+Q37+S37) -> 53 | CQ37: =(AC37)*BC37 -> 43.43 | CR37: =(AD37)*BB37 -> 4.27 | CS37: =(AE37)*BS37 -> 0.31 | CT37: =(AF37)*BA37 -> 6.07 | CU37: =(AG37)*BT37 -> 0 | CV37: =(AH37)*BU37 -> 0.442 | CW37: =(AI37)*BV37 -> 0.017 | CX37: =(AJ37)*BW37 -> 0 | CY37: =((S37+R37)*(ROUND((FX37*IF(1,(IF(0,0.94,1)*IF(0,1,1)),1)),IF(1,0,2))/100)) -> 5.7 | CZ37: =((S37+R37)*(ROUND((FY37*IF(1,1,1)),IF(1,0,2))/100)) -> 3.9 | DE37: *1,7 | DF37: *1,7 | DG37: *1,7 | DI37: *1,7 | DJ37: *1,7 | DN37: 0 | DO37: 0 | DP37: 1 | DQ37: 1 | DR37: 1 | DS37: 1 | DT37: 1 | DU37: 1010 | DV37: шт. | DW37: шт. | DX37: 1 | EE37: 13177819 | EF37: 3 | EG37: Монтажные работы | EH37: 0 | EJ37: 2 | EK37: 108001 | EL37: Электромонтажные работы: ( на АЭС НР = 110% ) - (работы по упр. авиа.- движением: СП=55% ( {АВИА}=1; обычные работы : СП=65 - {AВИА}=0), при работе на АЭС СП= 68% ) | EM37: ФЕРм-08 | EQ37: 0 | ER37: 49.08 | ES37: 43.43 | ET37: 2.49 | EU37: 0.16 | EV37: 3.16 | EW37: 0.26 | EX37: 0.01 | EY37: 0 | EZ37: 0 | FQ37: 0 | FR37: =ROUND(IF(AND(AA37=0,BI37=3),P37,0),0) -> 0 | FS37: 0 | FX37: 95 | FY37: 65 | GA37: 0 | GB37: 0 | GC37: 0 | GD37: 0 | GE37: 0 | GF37: 0 | GG37: 0 | GH37: 0 | GI37: 0 | GJ37: 0 | GK37: 0
A38: 17 | B38: 1 | C38: =ROW(SmtRes!A104) -> 104 | D38: =ROW(EtalonRes!A104) -> 104 | E38: 9 | F38: м08-02-158-15 | G38: Разделка концевая сухая для 3-4-жильного кабеля с пластмассовой и резиновой изоляцией напряжением: до 1 кВ, сечение одной жилы до 120 мм2 (ВВГ 4*70) | H38: шт. | I38: 1 | J38: 0 | O38: =ROUND(CP38,0) -> 43 | P38: =ROUND(CQ38*I38,0) -> 7 | Q38: =ROUND(CR38*I38,0) -> 4 | R38: =ROUND(CS38*I38,0) -> 0 | S38: =ROUND(CT38*I38,0) -> 32 | T38: =ROUND(CU38*I38,0) -> 0 | U38: =CV38*I38 -> 2.329 | V38: =CW38*I38 -> 0.017 | W38: =ROUND(CX38*I38,0) -> 0 | X38: =ROUND(CY38,0) -> 30 | Y38: =ROUND(CZ38,0) -> 21 | AA38: 0 | AB38: =ROUND((AC38+AD38+AF38),2) -> 43.5 | AC38: =ROUND((ES38),2) -> 7.23 | AD38: =ROUND((((ET38*1.7))+((((EU38*1.7))*1.13)-((EU38*1.7)))),2) -> 4.27 | AE38: =ROUND((((EU38*1.7))*1.13),2) -> 0.31 | AF38: =ROUND((((EV38*1.7))*1.13),2) -> 32 | AG38: =ROUND((AP38),2) -> 0 | AH38: =((EW38*1.7)) -> 2.329 | AI38: =((EX38*1.7)) -> 0.017 | AJ38: =ROUND((AS38),2) -> 0 | AK38: 26.38 | AL38: 7.23 | AM38: 2.49 | AN38: 0.16 | AO38: 16.66 | AP38: 0 | AQ38: 1.37 | AR38: 0.01 | AS38: 0 | AT38: 95 | AU38: 65 | AV38: 1 | AW38: 1 | AX38: 1 | AY38: 1 | AZ38: 1 | BA38: 1 | BB38: 1 | BC38: 1 | BH38: 0 | BI38: 2 | BJ38: Челябинская область (2009),ч08,поз.02-158-15 | BM38: 108001 | BN38: 0 | BO38: м08-02-158-15 | BP38: 1 | BQ38: 3 | BR38: 0 | BS38: 1 | BT38: 1 | BU38: 1 | BV38: 1 | BW38: 1 | BX38: 1 | BZ38: 95 | CA38: 65 | CF38: 0 | CG38: 0 | CM38: 0 | CO38: 0 | CP38: =(P38+Q38+S38) -> 43 | CQ38: =(AC38)*BC38 -> 7.23 | CR38: =(AD38)*BB38 -> 4.27 | CS38: =(AE38)*BS38 -> 0.31 | CT38: =(AF38)*BA38 -> 32 | CU38: =(AG38)*BT38 -> 0 | CV38: =(AH38)*BU38 -> 2.329 | CW38: =(AI38)*BV38 -> 0.017 | CX38: =(AJ38)*BW38 -> 0 | CY38: =((S38+R38)*(ROUND((FX38*IF(1,(IF(0,0.94,1)*IF(0,1,1)),1)),IF(1,0,2))/100)) -> 30.4 | CZ38: =((S38+R38)*(ROUND((FY38*IF(1,1,1)),IF(1,0,2))/100)) -> 20.8 | DE38: *1,7 | DF38: *1,7 | DG38: *1,7 | DI38: *1,7 | DJ38: *1,7 | DN38: 0 | DO38: 0 | DP38: 1 | DQ38: 1 | DR38: 1 | DS38: 1 | DT38: 1 | DU38: 1010 | DV38: шт. | DW38: шт. | DX38: 1 | EE38: 13177819 | EF38: 3 | EG38: Монтажные работы | EH38: 0 | EJ38: 2 | EK38: 108001 | EL38: Электромонтажные работы: ( на АЭС НР = 110% ) - (работы по упр. авиа.- движением: СП=55% ( {АВИА}=1; обычные работы : СП=65 - {AВИА}=0), при работе на АЭС СП= 68% ) | EM38: ФЕРм-08 | EQ38: 0 | ER38: 26.38 | ES38: 7.23 | ET38: 2.49 | EU38: 0.16 | EV38: 16.66 | EW38: 1.37 | EX38: 0.01 | EY38: 0 | EZ38: 0 | FQ38: 0 | FR38: =ROUND(IF(AND(AA38=0,BI38=3),P38,0),0) -> 0 | FS38: 0 | FX38: 95 | FY38: 65 | GA38: 0 | GB38: 0 | GC38: 0 | GD38: 0 | GE38: 0 | GF38: 0 | GG38: 0 | GH38: 0 | GI38: 0 | GJ38: 0 | GK38: 0
A39: 17 | B39: 1 | C39: =ROW(SmtRes!A115) -> 115 | D39: =ROW(EtalonRes!A115) -> 115 | E39: 10 | F39: м08-02-158-14 | G39: Разделка концевая сухая для 3-4-жильного кабеля с пластмассовой и резиновой изоляцией напряжением: до 1 кВ, сечение одной жилы до 35 мм2 (ВВГнг-LS) | H39: шт. | I39: 1 | J39: 0 | O39: =ROUND(CP39,0) -> 38 | P39: =ROUND(CQ39*I39,0) -> 7 | Q39: =ROUND(CR39*I39,0) -> 4 | R39: =ROUND(CS39*I39,0) -> 0 | S39: =ROUND(CT39*I39,0) -> 27 | T39: =ROUND(CU39*I39,0) -> 0 | U39: =CV39*I39 -> 1.955 | V39: =CW39*I39 -> 0.017 | W39: =ROUND(CX39*I39,0) -> 0 | X39: =ROUND(CY39,0) -> 26 | Y39: =ROUND(CZ39,0) -> 18 | AA39: 0 | AB39: =ROUND((AC39+AD39+AF39),2) -> 38.31 | AC39: =ROUND((ES39),2) -> 7.18 | AD39: =ROUND((((ET39*1.7))+((((EU39*1.7))*1.13)-((EU39*1.7)))),2) -> 4.27 | AE39: =ROUND((((EU39*1.7))*1.13),2) -> 0.31 | AF39: =ROUND((((EV39*1.7))*1.13),2) -> 26.86 | AG39: =ROUND((AP39),2) -> 0 | AH39: =((EW39*1.7)) -> 1.955 | AI39: =((EX39*1.7)) -> 0.017 | AJ39: =ROUND((AS39),2) -> 0 | AK39: 23.65 | AL39: 7.18 | AM39: 2.49 | AN39: 0.16 | AO39: 13.98 | AP39: 0 | AQ39: 1.15 | AR39: 0.01 | AS39: 0 | AT39: 95 | AU39: 65 | AV39: 1 | AW39: 1 | AX39: 1 | AY39: 1 | AZ39: 1 | BA39: 1 | BB39: 1 | BC39: 1 | BH39: 0 | BI39: 2 | BJ39: Челябинская область (2009),ч08,поз.02-158-14 | BM39: 108001 | BN39: 0 | BO39: м08-02-158-14 | BP39: 1 | BQ39: 3 | BR39: 0 | BS39: 1 | BT39: 1 | BU39: 1 | BV39: 1 | BW39: 1 | BX39: 1 | BZ39: 95 | CA39: 65 | CF39: 0 | CG39: 0 | CM39: 0 | CO39: 0 | CP39: =(P39+Q39+S39) -> 38 | CQ39: =(AC39)*BC39 -> 7.18 | CR39: =(AD39)*BB39 -> 4.27 | CS39: =(AE39)*BS39 -> 0.31 | CT39: =(AF39)*BA39 -> 26.86 | CU39: =(AG39)*BT39 -> 0 | CV39: =(AH39)*BU39 -> 1.955 | CW39: =(AI39)*BV39 -> 0.017 | CX39: =(AJ39)*BW39 -> 0 | CY39: =((S39+R39)*(ROUND((FX39*IF(1,(IF(0,0.94,1)*IF(0,1,1)),1)),IF(1,0,2))/100)) -> 25.65 | CZ39: =((S39+R39)*(ROUND((FY39*IF(1,1,1)),IF(1,0,2))/100)) -> 17.55 | DE39: *1,7 | DF39: *1,7 | DG39: *1,7 | DI39: *1,7 | DJ39: *1,7 | DN39: 0 | DO39: 0 | DP39: 1 | DQ39: 1 | DR39: 1 | DS39: 1 | DT39: 1 | DU39: 1010 | DV39: шт. | DW39: шт. | DX39: 1 | EE39: 13177819 | EF39: 3 | EG39: Монтажные работы | EH39: 0 | EJ39: 2 | EK39: 108001 | EL39: Электромонтажные работы: ( на АЭС НР = 110% ) - (работы по упр. авиа.- движением: СП=55% ( {АВИА}=1; обычные работы : СП=65 - {AВИА}=0), при работе на АЭС СП= 68% ) | EM39: ФЕРм-08 | EQ39: 0 | ER39: 23.65 | ES39: 7.18 | ET39: 2.49 | EU39: 0.16 | EV39: 13.98 | EW39: 1.15 | EX39: 0.01 | EY39: 0 | EZ39: 0 | FQ39: 0 | FR39: =ROUND(IF(AND(AA39=0,BI39=3),P39,0),0) -> 0 | FS39: 0 | FX39: 95 | FY39: 65 | GA39: 0 | GB39: 0 | GC39: 0 | GD39: 0 | GE39: 0 | GF39: 0 | GG39: 0 | GH39: 0 | GI39: 0 | GJ39: 0 | GK39: 0
A40: 17 | B40: 1 | C40: =ROW(SmtRes!A129) -> 129 | D40: =ROW(EtalonRes!A129) -> 129 | E40: 11 | F40: м11-04-020-1 | G40: Разъемы штепсельные с разделкой и включением экранированного кабеля, сечение жилы до 1 мм2, количество подключаемых жил до 14 шт. (ControllerLink, DeviceNet) | H40: шт. | I40: 2 | J40: 0 | O40: =ROUND(CP40,0) -> 108 | P40: =ROUND(CQ40*I40,0) -> 14 | Q40: =ROUND(CR40*I40,0) -> 0 | R40: =ROUND(CS40*I40,0) -> 0 | S40: =ROUND(CT40*I40,0) -> 94 | T40: =ROUND(CU40*I40,0) -> 0 | U40: =CV40*I40 -> 7.004 | V40: =CW40*I40 -> 0 | W40: =ROUND(CX40*I40,0) -> 0 | X40: =ROUND(CY40,0) -> 86 | Y40: =ROUND(CZ40,0) -> 61 | AA40: 0 | AB40: =ROUND((AC40+AD40+AF40),2) -> 54 | AC40: =ROUND((ES40),2) -> 6.95 | AD40: =ROUND((((ET40*1.7))+((((EU40*1.7))*1.13)-((EU40*1.7)))),2) -> 0 | AE40: =ROUND((((EU40*1.7))*1.13),2) -> 0 | AF40: =ROUND((((EV40*1.7))*1.13),2) -> 47.05 | AG40: =ROUND((AP40),2) -> 0 | AH40: =((EW40*1.7)) -> 3.502 | AI40: =((EX40*1.7)) -> 0 | AJ40: =ROUND((AS40),2) -> 0 | AK40: 31.44 | AL40: 6.95 | AM40: 0 | AN40: 0 | AO40: 24.49 | AP40: 0 | AQ40: 2.06 | AR40: 0 | AS40: 0 | AT40: 92 | AU40: 65 | AV40: 1 | AW40: 1 | AX40: 1 | AY40: 1 | AZ40: 1 | BA40: 1 | BB40: 1 | BC40: 1 | BH40: 0 | BI40: 2 | BJ40: Челябинская область (2009),ч11,поз.04-020-1 | BM40: 111002 | BN40: 0 | BO40: м11-04-020-1 | BP40: 1 | BQ40: 3 | BR40: 0 | BS40: 1 | BT40: 1 | BU40: 1 | BV40: 1 | BW40: 1 | BX40: 1 | BZ40: 92 | CA40: 65 | CF40: 0 | CG40: 0 | CM40: 0 | CO40: 0 | CP40: =(P40+Q40+S40) -> 108 | CQ40: =(AC40)*BC40 -> 6.95 | CR40: =(AD40)*BB40 -> 0 | CS40: =(AE40)*BS40 -> 0 | CT40: =(AF40)*BA40 -> 47.05 | CU40: =(AG40)*BT40 -> 0 | CV40: =(AH40)*BU40 -> 3.502 | CW40: =(AI40)*BV40 -> 0 | CX40: =(AJ40)*BW40 -> 0 | CY40: =((S40+R40)*(ROUND((FX40*IF(1,(IF(0,0.94,1)*IF(0,1,1)),1)),IF(1,0,2))/100)) -> 86.48 | CZ40: =((S40+R40)*(ROUND((FY40*IF(1,1,1)),IF(1,0,2))/100)) -> 61.1 | DE40: *1,7 | DF40: *1,7 | DG40: *1,7 | DI40: *1,7 | DJ40: *1,7 | DN40: 0 | DO40: 0 | DP40: 1 | DQ40: 1 | DR40: 1 | DS40: 1 | DT40: 1 | DU40: 1010 | DV40: шт. | DW40: шт. | DX40: 1 | EE40: 13177826 | EF40: 3 | EG40: Монтажные работы | EH40: 0 | EJ40: 2 | EK40: 111002 | EL40: Автоматика : устройство микропроцессороной техники - (при устройстве средств посадки самолетов ( отдел 04): НР=95%, СП=55% - {АВИА}=1) | EM40: ФЕРм-11 | EQ40: 0 | ER40: 31.44 | ES40: 6.95 | ET40: 0 | EU40: 0 | EV40: 24.49 | EW40: 2.06 | EX40: 0 | EY40: 0 | EZ40: 0 | FQ40: 0 | FR40: =ROUND(IF(AND(AA40=0,BI40=3),P40,0),0) -> 0 | FS40: 0 | FX40: 92 | FY40: 65 | GA40: 0 | GB40: 0 | GC40: 0 | GD40: 0 | GE40: 0 | GF40: 0 | GG40: 0 | GH40: 0 | GI40: 0 | GJ40: 0 | GK40: 0
A41: 17 | B41: 1 | C41: =ROW(SmtRes!A131) -> 131 | D41: =ROW(EtalonRes!A131) -> 131 | E41: 12 | F41: м08-02-144-1 | G41: Присоединение к зажимам жил проводов или кабелей сечением: до 2,5 мм2 | H41: 100 шт. | I41: 0.24 | J41: 0 | O41: =ROUND(CP41,0) -> 68 | P41: =ROUND(CQ41*I41,0) -> 1 | Q41: =ROUND(CR41*I41,0) -> 0 | R41: =ROUND(CS41*I41,0) -> 0 | S41: =ROUND(CT41*I41,0) -> 67 | T41: =ROUND(CU41*I41,0) -> 0 | U41: =CV41*I41 -> 4.896 | V41: =CW41*I41 -> 0 | W41: =ROUND(CX41*I41,0) -> 0 | X41: =ROUND(CY41,0) -> 64 | Y41: =ROUND(CZ41,0) -> 44 | AA41: 0 | AB41: =ROUND((AC41+AD41+AF41),2) -> 283.23 | AC41: =ROUND((ES41),2) -> 2.92 | AD41: =ROUND((((ET41*1.7))+((((EU41*1.7))*1.13)-((EU41*1.7)))),2) -> 0 | AE41: =ROUND((((EU41*1.7))*1.13),2) -> 0 | AF41: =ROUND((((EV41*1.7))*1.13),2) -> 280.31 | AG41: =ROUND((AP41),2) -> 0 | AH41: =((EW41*1.7)) -> 20.4 | AI41: =((EX41*1.7)) -> 0 | AJ41: =ROUND((AS41),2) -> 0 | AK41: 148.84 | AL41: 2.92 | AM41: 0 | AN41: 0 | AO41: 145.92 | AP41: 0 | AQ41: 12 | AR41: 0 | AS41: 0 | AT41: 95 | AU41: 65 | AV41: 1 | AW41: 1 | AX41: 1 | AY41: 1 | AZ41: 1 | BA41: 1 | BB41: 1 | BC41: 1 | BH41: 0 | BI41: 2 | BJ41: Челябинская область (2009),ч08,поз.02-144-1 | BM41: 108001 | BN41: 0 | BO41: м08-02-144-1 | BP41: 1 | BQ41: 3 | BR41: 0 | BS41: 1 | BT41: 1 | BU41: 1 | BV41: 1 | BW41: 1 | BX41: 1 | BZ41: 95 | CA41: 65 | CF41: 0 | CG41: 0 | CM41: 0 | CO41: 0 | CP41: =(P41+Q41+S41) -> 68 | CQ41: =(AC41)*BC41 -> 2.92 | CR41: =(AD41)*BB41 -> 0 | CS41: =(AE41)*BS41 -> 0 | CT41: =(AF41)*BA41 -> 280.31 | CU41: =(AG41)*BT41 -> 0 | CV41: =(AH41)*BU41 -> 20.4 | CW41: =(AI41)*BV41 -> 0 | CX41: =(AJ41)*BW41 -> 0 | CY41: =((S41+R41)*(ROUND((FX41*IF(1,(IF(0,0.94,1)*IF(0,1,1)),1)),IF(1,0,2))/100)) -> 63.65 | CZ41: =((S41+R41)*(ROUND((FY41*IF(1,1,1)),IF(1,0,2))/100)) -> 43.55 | DE41: *1,7 | DF41: *1,7 | DG41: *1,7 | DI41: *1,7 | DJ41: *1,7 | DN41: 0 | DO41: 0 | DP41: 1 | DQ41: 1 | DR41: 1 | DS41: 1 | DT41: 1 | DU41: 1010 | DV41: 100 шт. | DW41: 100 шт. | DX41: 100 | EE41: 13177819 | EF41: 3 | EG41: Монтажные работы | EH41: 0 | EJ41: 2 | EK41: 108001 | EL41: Электромонтажные работы: ( на АЭС НР = 110% ) - (работы по упр. авиа.- движением: СП=55% ( {АВИА}=1; обычные работы : СП=65 - {AВИА}=0), при работе на АЭС СП= 68% ) | EM41: ФЕРм-08 | EQ41: 0 | ER41: 148.84 | ES41: 2.92 | ET41: 0 | EU41: 0 | EV41: 145.92 | EW41: 12 | EX41: 0 | EY41: 0 | EZ41: 0 | FQ41: 0 | FR41: =ROUND(IF(AND(AA41=0,BI41=3),P41,0),0) -> 0 | FS41: 0 | FX41: 95 | FY41: 65 | GA41: 0 | GB41: 0 | GC41: 0 | GD41: 0 | GE41: 0 | GF41: 0 | GG41: 0 | GH41: 0 | GI41: 0 | GJ41: 0 | GK41: 0
A43: 51 | B43: =B26 -> 1 | C43: =A26 -> 4 | D43: =ROW(A26) -> 26 | F43: =IF(F26<>"",F26,"") -> Новый раздел | G43: =IF(G26<>"",G26,"") -> МОНТАЖНЫЕ РАБОТЫ | O43: =ROUND(AB43,0) -> 9973 | P43: =ROUND(AC43,0) -> 1296 | Q43: =ROUND(AD43,0) -> 5085 | R43: =ROUND(AE43,0) -> 495 | S43: =ROUND(AF43,0) -> 3592 | T43: =ROUND(AG43,0) -> 0 | U43: =ROUND(AH43,0) -> 261 | V43: =ROUND(AI43,0) -> 30 | ... Y43: =ROUND(AL43,0) -> 2655 | AB43: =ROUND(SUMIF(AA30:AA41,"=0",O30:O41),0) -> 9973 | AC43: =ROUND(SUMIF(AA30:AA41,"=0",P30:P41),0) -> 1296 | AD43: =ROUND(SUMIF(AA30:AA41,"=0",Q30:Q41),0) -> 5085 | AE43: =ROUND(SUMIF(AA30:AA41,"=0",R30:R41),0) -> 495 | AF43: =ROUND(SUMIF(AA30:AA41,"=0",S30:S41),0) -> 3592 | AG43: =ROUND(SUMIF(AA30:AA41,"=0",T30:T41),0) -> 0 | AH43: =ROUND(SUMIF(AA30:AA41,"=0",U30:U41),0) -> 261 | AI43: =ROUND(SUMIF(AA30:AA41,"=0",V30:V41),0) -> 30 | AJ43: =ROUND(SUMIF(AA30:AA41,"=0",W30:W41),0) -> 0 | AK43: =ROUND(SUMIF(AA30:AA41,"=0",X30:X41),0) -> 3873 | AL43: =ROUND(SUMIF(AA30:AA41,"=0",Y30:Y41),0) -> 2655 | AN43: =ROUND(AO43,0) -> 0 | AO43: =ROUND(SUMIF(AA30:AA41,"=0",FQ30:FQ41),0) -> 0 | AP43: =ROUND(AQ43,0) -> 0 | AQ43: =ROUND(SUM(FR30:FR41),0) -> 0
A45: 50 | B45: 0 | C45: 0 | D45: 1 | E45: 201 | F45: =Source!O43 -> 9973 | G45: ПЗ | H45: Прямые затраты | K45: 201 | L45: 1 | M45: 3
A46: 50 | B46: 0 | C46: 0 | D46: 1 | E46: 202 | F46: =Source!P43 -> 1296 | G46: СтМат | H46: Стоимость материальных ресурсов | K46: 202 | L46: 2 | M46: 3
A47: 50 | B47: 0 | C47: 0 | D47: 1 | E47: 222 | F47: =Source!AN43 -> 0 | G47: СтМатЗак | H47: Стоимость материалов заказчика | K47: 222 | L47: 3 | M47: 3
A48: 50 | B48: 0 | C48: 0 | D48: 1 | E48: 216 | F48: =Source!AP43 -> 0 | G48: Оборуд | H48: Стоимость оборудования | K48: 216 | L48: 4 | M48: 3
A49: 50 | B49: 0 | C49: 0 | D49: 1 | E49: 203 | F49: =Source!Q43 -> 5085 | G49: ЭММ | H49: Эксплуатация машин | K49: 203 | L49: 5 | M49: 3
A50: 50 | B50: 0 | C50: 0 | D50: 1 | E50: 204 | F50: =Source!R43 -> 495 | G50: ЗПМ | H50: ЗП машинистов | K50: 204 | L50: 6 | M50: 3
A51: 50 | B51: 0 | C51: 0 | D51: 1 | E51: 205 | F51: =Source!S43 -> 3592 | G51: ОЗП | H51: Основная ЗП рабочих | K51: 205 | L51: 7 | M51: 3
A52: 50 | B52: 0 | C52: 0 | D52: 1 | E52: 206 | F52: =Source!T43 -> 0 | G52: ВозврМат | H52: Возврат материалов | K52: 206 | L52: 8 | M52: 3
A53: 50 | B53: 0 | C53: 0 | D53: 1 | E53: 207 | F53: =Source!U43 -> 261 | G53: ТрудСтр | H53: Трудозатраты строителей | K53: 207 | L53: 9 | M53: 3
A54: 50 | B54: 0 | C54: 0 | D54: 1 | E54: 208 | F54: =Source!V43 -> 30 | G54: ТрудМаш | H54: Трудозатраты машинистов | K54: 208 | L54: 10 | M54: 3
A55: 50 | B55: 0 | C55: 0 | D55: 1 | E55: 209 | F55: =Source!W43 -> 0 | G55: ТранспМат | H55: Транспорт материалов | K55: 209 | L55: 11 | M55: 3
A56: 50 | B56: 0 | C56: 0 | D56: 1 | E56: 210 | F56: =Source!X43 -> 3873 | G56: НР | H56: Накладные расходы | K56: 210 | L56: 12 | M56: 3
A57: 50 | B57: 0 | C57: 0 | D57: 1 | E57: 211 | F57: =Source!Y43 -> 2655 | G57: СмПриб | H57: Сметная прибыль | K57: 211 | L57: 13 | M57: 3
G58: 0
A59: 4 | B59: 1 | D59: =ROW(A73) -> 73 | F59: Новый раздел | G59: МАТЕРИАЛЫ НЕ УЧТЕННЫЕ ЦЕННИКОМ | X59: 0 | AL59: 0 | BE59: {C3C5B1D2-6DF6-4660-8529-BDD2D2D5269D} | BF59: 0 | BG59: 0 | BM59: 0 | BO59: 0
A61: 52 | B61: =B73 -> 1 | C61: =C73 -> 4 | D61: =D73 -> 59 | E61: =E73 -> 0 | F61: =F73 -> Новый раздел | G61: =G73 -> МАТЕРИАЛЫ НЕ УЧТЕННЫЕ ЦЕННИКОМ | H61: =H73 -> 0 | I61: =I73 -> 0 | ... AQ61: =AQ73 -> 0
A63: 19 | B63: 1 | G63: (В П.1,2,19,20 - ЦЕНЫ УКАЗАНЫ С ТРАНСПОРТНЫМИ ЗАТРАТАМИ) | AA63: 1 | DX63: 0
A64: 17 | B64: 1 | E64: 13 | F64: ЗАО "УРАЛТЕХМАРКЕТ" | G64: Шкаф управления (ШУВ) Цена: 880000/4,88*1,02 | H64: шт. | I64: 2 | J64: 0 | O64: =ROUND(CP64,0) -> 380339 | P64: =ROUND(CQ64*I64,0) -> 380339 | Q64: =ROUND(CR64*I64,0) -> 0 | R64: =ROUND(CS64*I64,0) -> 0 | S64: =ROUND(CT64*I64,0) -> 0 | T64: =ROUND(CU64*I64,0) -> 0 | U64: =CV64*I64 -> 0 | V64: =CW64*I64 -> 0 | W64: =ROUND(CX64*I64,0) -> 0 | X64: =ROUND(CY64,0) -> 0 | Y64: =ROUND(CZ64,0) -> 0 | AA64: 0 | AB64: =ROUND((AC64+AD64+AF64),2) -> 190169.49 | AC64: =ROUND(((880000/4.72)*1.02),2) -> 190169.49 | AD64: =ROUND((ET64),2) -> 0 | AE64: =ROUND((EU64),2) -> 0 | AF64: =ROUND((EV64),2) -> 0 | AG64: =ROUND((AP64),2) -> 0 | AH64: =(EW64) -> 0 | AI64: =(EX64) -> 0 | AJ64: =ROUND((AS64),2) -> 0 | AK64: 193972.88 | AL64: 193972.88 | AM64: 0 | AN64: 0 | AO64: 0 | AP64: 0 | AQ64: 0 | AR64: 0 | AS64: 0 | AV64: 1 | AW64: 1 | AX64: 1 | AY64: 1 | AZ64: 1 | BA64: 1 | BB64: 1 | BC64: 1 | BH64: 3 | BI64: 2 | BM64: 500002 | BN64: 0 | BP64: 0 | BQ64: 8 | BR64: 0 | BS64: 1 | BT64: 1 | BU64: 1 | BV64: 1 | BW64: 1 | BX64: 1 | BZ64: 0 | CA64: 0 | CF64: 0 | CG64: 0 | CM64: 0 | CO64: 0 | CP64: =(P64+Q64+S64) -> 380339 | CQ64: =(AC64)*BC64 -> 190169.49 | CR64: =(AD64)*BB64 -> 0 | CS64: =(AE64)*BS64 -> 0 | CT64: =(AF64)*BA64 -> 0 | CU64: =(AG64)*BT64 -> 0 | CV64: =(AH64)*BU64 -> 0 | CW64: =(AI64)*BV64 -> 0 | CX64: =(AJ64)*BW64 -> 0 | CY64: =(0)*BX64 -> 0 | CZ64: =(0)*AX64 -> 0 | DD64: =880000/4,72*1,02 | DN64: 0 | DO64: 0 | DP64: 1 | DQ64: 1 | DR64: 1 | DS64: 1 | DT64: 1 | DU64: 1010 | DV64: шт. | DW64: шт. | DX64: 1 | EE64: 13177870 | EF64: 8 | EG64: Материалы | EH64: 0 | EJ64: 2 | EK64: 500002 | EL64: Материалы и конструкции ( монтажные ) | EM64: ФССЦ | EQ64: 0 | ER64: 0 | ES64: 193972.88 | ET64: 0 | EU64: 0 | EV64: 0 | EW64: 0 | EX64: 0 | EY64: 0 | EZ64: 0 | FQ64: 0 | FR64: =ROUND(IF(AND(AA64=0,BI64=3),P64,0),0) -> 0 | FS64: 0 | FX64: 0 | FY64: 0 | GA64: 193972.88 | GB64: 193972.88 | GC64: 0 | GD64: 0 | GE64: 0 | GF64: 190169.49 | GG64: 190169.49 | GH64: 0 | GI64: 0 | GJ64: 0 | GK64: 1
A65: 17 | B65: 1 | E65: 14 | F65: ЗАО "УРАЛТЕХМАРКЕТ" | G65: Пульт управления (МПУ) Цена: 110950/4,88*1,02 | H65: шт. | I65: 2 | J65: 0 | O65: =ROUND(CP65,0) -> 46381 | P65: =ROUND(CQ65*I65,0) -> 46381 | Q65: =ROUND(CR65*I65,0) -> 0 | R65: =ROUND(CS65*I65,0) -> 0 | S65: =ROUND(CT65*I65,0) -> 0 | T65: =ROUND(CU65*I65,0) -> 0 | U65: =CV65*I65 -> 0 | V65: =CW65*I65 -> 0 | W65: =ROUND(CX65*I65,0) -> 0 | X65: =ROUND(CY65,0) -> 0 | Y65: =ROUND(CZ65,0) -> 0 | AA65: 0 | AB65: =ROUND((AC65+AD65+AF65),2) -> 23190.37 | AC65: =ROUND(((110950/4.88)*1.02),2) -> 23190.37 | AD65: =ROUND((ET65),2) -> 0 | AE65: =ROUND((EU65),2) -> 0 | AF65: =ROUND((EV65),2) -> 0 | AG65: =ROUND((AP65),2) -> 0 | AH65: =(EW65) -> 0 | AI65: =(EX65) -> 0 | AJ65: =ROUND((AS65),2) -> 0 | AK65: 193972.88 | AL65: 193972.88 | AM65: 0 | AN65: 0 | AO65: 0 | AP65: 0 | AQ65: 0 | AR65: 0 | AS65: 0 | AV65: 1 | AW65: 1 | AX65: 1 | AY65: 1 | AZ65: 1 | BA65: 1 | BB65: 1 | BC65: 1 | BH65: 3 | BI65: 2 | BM65: 500002 | BN65: 0 | BP65: 0 | BQ65: 8 | BR65: 0 | BS65: 1 | BT65: 1 | BU65: 1 | BV65: 1 | BW65: 1 | BX65: 1 | BZ65: 0 | CA65: 0 | CF65: 0 | CG65: 0 | CM65: 0 | CO65: 0 | CP65: =(P65+Q65+S65) -> 46381 | CQ65: =(AC65)*BC65 -> 23190.37 | CR65: =(AD65)*BB65 -> 0 | CS65: =(AE65)*BS65 -> 0 | CT65: =(AF65)*BA65 -> 0 | CU65: =(AG65)*BT65 -> 0 | CV65: =(AH65)*BU65 -> 0 | CW65: =(AI65)*BV65 -> 0 | CX65: =(AJ65)*BW65 -> 0 | CY65: =(0)*BX65 -> 0 | CZ65: =(0)*AX65 -> 0 | DD65: =110950/4,88*1,02 | DN65: 0 | DO65: 0 | DP65: 1 | DQ65: 1 | DR65: 1 | DS65: 1 | DT65: 1 | DU65: 1010 | DV65: шт. | DW65: шт. | DX65: 1 | EE65: 13177870 | EF65: 8 | EG65: Материалы | EH65: 0 | EJ65: 2 | EK65: 500002 | EL65: Материалы и конструкции ( монтажные ) | EM65: ФССЦ | EQ65: 0 | ER65: 0 | ES65: 193972.88 | ET65: 0 | EU65: 0 | EV65: 0 | EW65: 0 | EX65: 0 | EY65: 0 | EZ65: 0 | FQ65: 0 | FR65: =ROUND(IF(AND(AA65=0,BI65=3),P65,0),0) -> 0 | FS65: 0 | FX65: 0 | FY65: 0 | GA65: 193972.88 | GB65: 193972.88 | GC65: 0 | GD65: 0 | GE65: 0 | GF65: 23190.369 | GG65: 23190.369 | GH65: 0 | GI65: 0 | GJ65: 0 | GK65: 1
A66: 17 | B66: 1 | E66: 15 | F66: ЧСЦ 07.2012г. ч.1 | G66: Кабели ВВГнг-LS 3*1,5мм2 Цена: 26616,68/4,88*1,02*1,02 п.18.02.6912 | H66: 1000 м | I66: 0.14 | J66: 0 | O66: =ROUND(CP66,0) -> 821 | P66: =ROUND(CQ66*I66,0) -> 821 | Q66: =ROUND(CR66*I66,0) -> 0 | R66: =ROUND(CS66*I66,0) -> 0 | S66: =ROUND(CT66*I66,0) -> 0 | T66: =ROUND(CU66*I66,0) -> 0 | U66: =CV66*I66 -> 0 | V66: =CW66*I66 -> 0 | W66: =ROUND(CX66*I66,0) -> 0 | X66: =ROUND(CY66,0) -> 0 | Y66: =ROUND(CZ66,0) -> 0 | AA66: 0 | AB66: =ROUND((AC66+AD66+AF66),2) -> 5866.95 | AC66: =ROUND(((26616.68/4.72)*1.02*1.02),2) -> 5866.95 | AD66: =ROUND((ET66),2) -> 0 | AE66: =ROUND((EU66),2) -> 0 | AF66: =ROUND((EV66),2) -> 0 | AG66: =ROUND((AP66),2) -> 0 | AH66: =(EW66) -> 0 | AI66: =(EX66) -> 0 | AJ66: =ROUND((AS66),2) -> 0 | AK66: 0 | AL66: 0 | AM66: 0 | AN66: 0 | AO66: 0 | AP66: 0 | AQ66: 0 | AR66: 0 | AS66: 0 | AV66: 1 | AW66: 1 | AX66: 1 | AY66: 1 | AZ66: 1 | BA66: 1 | BB66: 1 | BC66: 1 | BH66: 3 | BI66: 2 | BM66: 500002 | BN66: 0 | BP66: 0 | BQ66: 8 | BR66: 0 | BS66: 1 | BT66: 1 | BU66: 1 | BV66: 1 | BW66: 1 | BX66: 1 | BZ66: 0 | CA66: 0 | CF66: 0 | CG66: 0 | CM66: 0 | CO66: 0 | CP66: =(P66+Q66+S66) -> 821 | CQ66: =(AC66)*BC66 -> 5866.95 | CR66: =(AD66)*BB66 -> 0 | CS66: =(AE66)*BS66 -> 0 | CT66: =(AF66)*BA66 -> 0 | CU66: =(AG66)*BT66 -> 0 | CV66: =(AH66)*BU66 -> 0 | CW66: =(AI66)*BV66 -> 0 | CX66: =(AJ66)*BW66 -> 0 | CY66: =(0)*BX66 -> 0 | CZ66: =(0)*AX66 -> 0 | DD66: =26616,68/4,72*1,02*1,02 | DN66: 0 | DO66: 0 | DP66: 1 | DQ66: 1 | DR66: 1 | DS66: 1 | DT66: 1 | DU66: 1013 | DV66: 1000 м | DW66: 1000 М | DX66: 1 | EE66: 13177870 | EF66: 8 | EG66: Материалы | EH66: 0 | EJ66: 2 | EK66: 500002 | EL66: Материалы и конструкции ( монтажные ) | EM66: ФССЦ | EQ66: 0 | ER66: 0 | ES66: 0 | ET66: 0 | EU66: 0 | EV66: 0 | EW66: 0 | EX66: 0 | EY66: 0 | EZ66: 0 | FQ66: 0 | FR66: =ROUND(IF(AND(AA66=0,BI66=3),P66,0),0) -> 0 | FS66: 0 | FX66: 0 | FY66: 0 | GA66: 0 | GB66: 0 | GC66: 0 | GD66: 0 | GE66: 0 | GF66: 5866.9479 | GG66: 5866.9479 | GH66: 0 | GI66: 0 | GJ66: 0 | GK66: 1
A67: 17 | B67: 1 | E67: 16 | F67: ЧСЦ 07.2012г. ч.1 | G67: Кабели ВВГ 4*70 мм2 Цена: 932027/4,88*1,02*1,02 п.18.01.236 | H67: 1000 м | I67: 0.05 | J67: 0 | O67: =ROUND(CP67,0) -> 10272 | P67: =ROUND(CQ67*I67,0) -> 10272 | Q67: =ROUND(CR67*I67,0) -> 0 | R67: =ROUND(CS67*I67,0) -> 0 | S67: =ROUND(CT67*I67,0) -> 0 | T67: =ROUND(CU67*I67,0) -> 0 | U67: =CV67*I67 -> 0 | V67: =CW67*I67 -> 0 | W67: =ROUND(CX67*I67,0) -> 0 | X67: =ROUND(CY67,0) -> 0 | Y67: =ROUND(CZ67,0) -> 0 | AA67: 0 | AB67: =ROUND((AC67+AD67+AF67),2) -> 205440.87 | AC67: =ROUND(((932027/4.72)*1.02*1.02),2) -> 205440.87 | AD67: =ROUND((ET67),2) -> 0 | AE67: =ROUND((EU67),2) -> 0 | AF67: =ROUND((EV67),2) -> 0 | AG67: =ROUND((AP67),2) -> 0 | AH67: =(EW67) -> 0 | AI67: =(EX67) -> 0 | AJ67: =ROUND((AS67),2) -> 0 | AK67: 0 | AL67: 0 | AM67: 0 | AN67: 0 | AO67: 0 | AP67: 0 | AQ67: 0 | AR67: 0 | AS67: 0 | AV67: 1 | AW67: 1 | AX67: 1 | AY67: 1 | AZ67: 1 | BA67: 1 | BB67: 1 | BC67: 1 | BH67: 3 | BI67: 2 | BM67: 500002 | BN67: 0 | BP67: 0 | BQ67: 8 | BR67: 0 | BS67: 1 | BT67: 1 | BU67: 1 | BV67: 1 | BW67: 1 | BX67: 1 | BZ67: 0 | CA67: 0 | CF67: 0 | CG67: 0 | CM67: 0 | CO67: 0 | CP67: =(P67+Q67+S67) -> 10272 | CQ67: =(AC67)*BC67 -> 205440.87 | CR67: =(AD67)*BB67 -> 0 | CS67: =(AE67)*BS67 -> 0 | CT67: =(AF67)*BA67 -> 0 | CU67: =(AG67)*BT67 -> 0 | CV67: =(AH67)*BU67 -> 0 | CW67: =(AI67)*BV67 -> 0 | CX67: =(AJ67)*BW67 -> 0 | CY67: =(0)*BX67 -> 0 | CZ67: =(0)*AX67 -> 0 | DD67: =932027/4,72*1,02*1,02 | DN67: 0 | DO67: 0 | DP67: 1 | DQ67: 1 | DR67: 1 | DS67: 1 | DT67: 1 | DU67: 1013 | DV67: 1000 м | DW67: 1000 М | DX67: 1 | EE67: 13177870 | EF67: 8 | EG67: Материалы | EH67: 0 | EJ67: 2 | EK67: 500002 | EL67: Материалы и конструкции ( монтажные ) | EM67: ФССЦ | EQ67: 0 | ER67: 0 | ES67: 0 | ET67: 0 | EU67: 0 | EV67: 0 | EW67: 0 | EX67: 0 | EY67: 0 | EZ67: 0 | FQ67: 0 | FR67: =ROUND(IF(AND(AA67=0,BI67=3),P67,0),0) -> 0 | FS67: 0 | FX67: 0 | FY67: 0 | GA67: 0 | GB67: 0 | GC67: 0 | GD67: 0 | GE67: 0 | GF67: 205440.87 | GG67: 205440.87 | GH67: 0 | GI67: 0 | GJ67: 0 | GK67: 1
A68: 17 | B68: 1 | E68: 17 | F68: ЧСЦ 07.2012г. ч.1 | G68: Кабели КВВГнг-LS 4*1 мм2 Цена: 20060,27/4,88*1,02*1,02 п.18.02.002.01 | H68: 1000 м | I68: 0.2 | J68: 0 | O68: =ROUND(CP68,0) -> 855 | P68: =ROUND(CQ68*I68,0) -> 855 | Q68: =ROUND(CR68*I68,0) -> 0 | R68: =ROUND(CS68*I68,0) -> 0 | S68: =ROUND(CT68*I68,0) -> 0 | T68: =ROUND(CU68*I68,0) -> 0 | U68: =CV68*I68 -> 0 | V68: =CW68*I68 -> 0 | W68: =ROUND(CX68*I68,0) -> 0 | X68: =ROUND(CY68,0) -> 0 | Y68: =ROUND(CZ68,0) -> 0 | AA68: 0 | AB68: =ROUND((AC68+AD68+AF68),2) -> 4276.78 | AC68: =ROUND(((20060.27/4.88)*1.02*1.02),2) -> 4276.78 | AD68: =ROUND((ET68),2) -> 0 | AE68: =ROUND((EU68),2) -> 0 | AF68: =ROUND((EV68),2) -> 0 | AG68: =ROUND((AP68),2) -> 0 | AH68: =(EW68) -> 0 | AI68: =(EX68) -> 0 | AJ68: =ROUND((AS68),2) -> 0 | AK68: 0 | AL68: 0 | AM68: 0 | AN68: 0 | AO68: 0 | AP68: 0 | AQ68: 0 | AR68: 0 | AS68: 0 | AV68: 1 | AW68: 1 | AX68: 1 | AY68: 1 | AZ68: 1 | BA68: 1 | BB68: 1 | BC68: 1 | BH68: 3 | BI68: 2 | BM68: 500002 | BN68: 0 | BP68: 0 | BQ68: 8 | BR68: 0 | BS68: 1 | BT68: 1 | BU68: 1 | BV68: 1 | BW68: 1 | BX68: 1 | BZ68: 0 | CA68: 0 | CF68: 0 | CG68: 0 | CM68: 0 | CO68: 0 | CP68: =(P68+Q68+S68) -> 855 | CQ68: =(AC68)*BC68 -> 4276.78 | CR68: =(AD68)*BB68 -> 0 | CS68: =(AE68)*BS68 -> 0 | CT68: =(AF68)*BA68 -> 0 | CU68: =(AG68)*BT68 -> 0 | CV68: =(AH68)*BU68 -> 0 | CW68: =(AI68)*BV68 -> 0 | CX68: =(AJ68)*BW68 -> 0 | CY68: =(0)*BX68 -> 0 | CZ68: =(0)*AX68 -> 0 | DD68: =20060,27/4,88*1,02*1,02 | DN68: 0 | DO68: 0 | DP68: 1 | DQ68: 1 | DR68: 1 | DS68: 1 | DT68: 1 | DU68: 1013 | DV68: 1000 м | DW68: 1000 М | DX68: 1 | EE68: 13177870 | EF68: 8 | EG68: Материалы | EH68: 0 | EJ68: 2 | EK68: 500002 | EL68: Материалы и конструкции ( монтажные ) | EM68: ФССЦ | EQ68: 0 | ER68: 0 | ES68: 0 | ET68: 0 | EU68: 0 | EV68: 0 | EW68: 0 | EX68: 0 | EY68: 0 | EZ68: 0 | FQ68: 0 | FR68: =ROUND(IF(AND(AA68=0,BI68=3),P68,0),0) -> 0 | FS68: 0 | FX68: 0 | FY68: 0 | GA68: 0 | GB68: 0 | GC68: 0 | GD68: 0 | GE68: 0 | GF68: 4276.7838 | GG68: 4276.7838 | GH68: 0 | GI68: 0 | GJ68: 0 | GK68: 1
A69: 17 | B69: 1 | E69: 18 | F69: "Пульс цен" 07.2012г. г.Екатеринбург | G69: Датчик Метран 150 СG (63....63кПа) Цена: 25960/1,18/4,88*1,02*1,02 | H69: шт. | I69: 2 | J69: 0 | O69: =ROUND(CP69,0) -> 11069 | P69: =ROUND(CQ69*I69,0) -> 11069 | Q69: =ROUND(CR69*I69,0) -> 0 | R69: =ROUND(CS69*I69,0) -> 0 | S69: =ROUND(CT69*I69,0) -> 0 | T69: =ROUND(CU69*I69,0) -> 0 | U69: =CV69*I69 -> 0 | V69: =CW69*I69 -> 0 | W69: =ROUND(CX69*I69,0) -> 0 | X69: =ROUND(CY69,0) -> 0 | Y69: =ROUND(CZ69,0) -> 0 | AA69: 0 | AB69: =ROUND((AC69+AD69+AF69),2) -> 5534.59 | AC69: =ROUND(((25960/4.88)*1.02*1.02),2) -> 5534.59 | AD69: =ROUND((ET69),2) -> 0 | AE69: =ROUND((EU69),2) -> 0 | AF69: =ROUND((EV69),2) -> 0 | AG69: =ROUND((AP69),2) -> 0 | AH69: =(EW69) -> 0 | AI69: =(EX69) -> 0 | AJ69: =ROUND((AS69),2) -> 0 | AK69: 0 | AL69: 0 | AM69: 0 | AN69: 0 | AO69: 0 | AP69: 0 | AQ69: 0 | AR69: 0 | AS69: 0 | AV69: 1 | AW69: 1 | AX69: 1 | AY69: 1 | AZ69: 1 | BA69: 1 | BB69: 1 | BC69: 1 | BH69: 3 | BI69: 2 | BM69: 500002 | BN69: 0 | BP69: 0 | BQ69: 8 | BR69: 0 | BS69: 1 | BT69: 1 | BU69: 1 | BV69: 1 | BW69: 1 | BX69: 1 | BZ69: 0 | CA69: 0 | CF69: 0 | CG69: 0 | CM69: 0 | CO69: 0 | CP69: =(P69+Q69+S69) -> 11069 | CQ69: =(AC69)*BC69 -> 5534.59 | CR69: =(AD69)*BB69 -> 0 | CS69: =(AE69)*BS69 -> 0 | CT69: =(AF69)*BA69 -> 0 | CU69: =(AG69)*BT69 -> 0 | CV69: =(AH69)*BU69 -> 0 | CW69: =(AI69)*BV69 -> 0 | CX69: =(AJ69)*BW69 -> 0 | CY69: =(0)*BX69 -> 0 | CZ69: =(0)*AX69 -> 0 | DD69: =25960/4,88*1,02*1,02 | DN69: 0 | DO69: 0 | DP69: 1 | DQ69: 1 | DR69: 1 | DS69: 1 | DT69: 1 | DU69: 1010 | DV69: шт. | DW69: шт. | DX69: 1 | EE69: 13177870 | EF69: 8 | EG69: Материалы | EH69: 0 | EJ69: 2 | EK69: 500002 | EL69: Материалы и конструкции ( монтажные ) | EM69: ФССЦ | EQ69: 0 | ER69: 0 | ES69: 0 | ET69: 0 | EU69: 0 | EV69: 0 | EW69: 0 | EX69: 0 | EY69: 0 | EZ69: 0 | FQ69: 0 | FR69: =ROUND(IF(AND(AA69=0,BI69=3),P69,0),0) -> 0 | FS69: 0 | FX69: 0 | FY69: 0 | GA69: 0 | GB69: 0 | GC69: 0 | GD69: 0 | GE69: 0 | GF69: 5534.5869 | GG69: 5534.5869 | GH69: 0 | GI69: 0 | GJ69: 0 | GK69: 1
A70: 17 | B70: 1 | E70: 19 | F70: Прайс 08.2012г. | G70: Кабель ControllerLink Цена: 206,36/4,88*1,02*1,02 | H70: м | I70: 30 | J70: 0 | O70: =ROUND(CP70,0) -> 1338 | P70: =ROUND(CQ70*I70,0) -> 1338 | Q70: =ROUND(CR70*I70,0) -> 0 | R70: =ROUND(CS70*I70,0) -> 0 | S70: =ROUND(CT70*I70,0) -> 0 | T70: =ROUND(CU70*I70,0) -> 0 | U70: =CV70*I70 -> 0 | V70: =CW70*I70 -> 0 | W70: =ROUND(CX70*I70,0) -> 0 | X70: =ROUND(CY70,0) -> 0 | Y70: =ROUND(CZ70,0) -> 0 | AA70: 0 | AB70: =ROUND((AC70+AD70+AF70),2) -> 44.59 | AC70: =ROUND(((206.36/4.72)*1.02),2) -> 44.59 | AD70: =ROUND((ET70),2) -> 0 | AE70: =ROUND((EU70),2) -> 0 | AF70: =ROUND((EV70),2) -> 0 | AG70: =ROUND((AP70),2) -> 0 | AH70: =(EW70) -> 0 | AI70: =(EX70) -> 0 | AJ70: =ROUND((AS70),2) -> 0 | AK70: 0 | AL70: 0 | AM70: 0 | AN70: 0 | AO70: 0 | AP70: 0 | AQ70: 0 | AR70: 0 | AS70: 0 | AV70: 1 | AW70: 1 | AX70: 1 | AY70: 1 | AZ70: 1 | BA70: 1 | BB70: 1 | BC70: 1 | BH70: 3 | BI70: 2 | BM70: 500002 | BN70: 0 | BP70: 0 | BQ70: 8 | BR70: 0 | BS70: 1 | BT70: 1 | BU70: 1 | BV70: 1 | BW70: 1 | BX70: 1 | BZ70: 0 | CA70: 0 | CF70: 0 | CG70: 0 | CM70: 0 | CO70: 0 | CP70: =(P70+Q70+S70) -> 1338 | CQ70: =(AC70)*BC70 -> 44.59 | CR70: =(AD70)*BB70 -> 0 | CS70: =(AE70)*BS70 -> 0 | CT70: =(AF70)*BA70 -> 0 | CU70: =(AG70)*BT70 -> 0 | CV70: =(AH70)*BU70 -> 0 | CW70: =(AI70)*BV70 -> 0 | CX70: =(AJ70)*BW70 -> 0 | CY70: =(0)*BX70 -> 0 | CZ70: =(0)*AX70 -> 0 | DD70: =206,36/4,72*1,02 | DN70: 0 | DO70: 0 | DP70: 1 | DQ70: 1 | DR70: 1 | DS70: 1 | DT70: 1 | DU70: 1003 | DV70: м | DW70: м | DX70: 1 | EE70: 13177870 | EF70: 8 | EG70: Материалы | EH70: 0 | EJ70: 2 | EK70: 500002 | EL70: Материалы и конструкции ( монтажные ) | EM70: ФССЦ | EQ70: 0 | ER70: 0 | ES70: 0 | ET70: 0 | EU70: 0 | EV70: 0 | EW70: 0 | EX70: 0 | EY70: 0 | EZ70: 0 | FQ70: 0 | FR70: =ROUND(IF(AND(AA70=0,BI70=3),P70,0),0) -> 0 | FS70: 0 | FX70: 0 | FY70: 0 | GA70: 0 | GB70: 0 | GC70: 0 | GD70: 0 | GE70: 0 | GF70: 44.594746 | GG70: 44.594746 | GH70: 0 | GI70: 0 | GJ70: 0 | GK70: 1
A71: 17 | B71: 1 | E71: 20 | F71: Прайс 08.2012г. | G71: Кабель DeviceNet Цена: 230,82/4,88*1,02*1,02 | H71: м | I71: 30 | J71: 0 | O71: =ROUND(CP71,0) -> 1448 | P71: =ROUND(CQ71*I71,0) -> 1448 | Q71: =ROUND(CR71*I71,0) -> 0 | R71: =ROUND(CS71*I71,0) -> 0 | S71: =ROUND(CT71*I71,0) -> 0 | T71: =ROUND(CU71*I71,0) -> 0 | U71: =CV71*I71 -> 0 | V71: =CW71*I71 -> 0 | W71: =ROUND(CX71*I71,0) -> 0 | X71: =ROUND(CY71,0) -> 0 | Y71: =ROUND(CZ71,0) -> 0 | AA71: 0 | AB71: =ROUND((AC71+AD71+AF71),2) -> 48.25 | AC71: =ROUND(((230.82/4.88)*1.02),2) -> 48.25 | AD71: =ROUND((ET71),2) -> 0 | AE71: =ROUND((EU71),2) -> 0 | AF71: =ROUND((EV71),2) -> 0 | AG71: =ROUND((AP71),2) -> 0 | AH71: =(EW71) -> 0 | AI71: =(EX71) -> 0 | AJ71: =ROUND((AS71),2) -> 0 | AK71: 0 | AL71: 0 | AM71: 0 | AN71: 0 | AO71: 0 | AP71: 0 | AQ71: 0 | AR71: 0 | AS71: 0 | AV71: 1 | AW71: 1 | AX71: 1 | AY71: 1 | AZ71: 1 | BA71: 1 | BB71: 1 | BC71: 1 | BH71: 3 | BI71: 2 | BM71: 500002 | BN71: 0 | BP71: 0 | BQ71: 8 | BR71: 0 | BS71: 1 | BT71: 1 | BU71: 1 | BV71: 1 | BW71: 1 | BX71: 1 | BZ71: 0 | CA71: 0 | CF71: 0 | CG71: 0 | CM71: 0 | CO71: 0 | CP71: =(P71+Q71+S71) -> 1448 | CQ71: =(AC71)*BC71 -> 48.25 | CR71: =(AD71)*BB71 -> 0 | CS71: =(AE71)*BS71 -> 0 | CT71: =(AF71)*BA71 -> 0 | CU71: =(AG71)*BT71 -> 0 | CV71: =(AH71)*BU71 -> 0 | CW71: =(AI71)*BV71 -> 0 | CX71: =(AJ71)*BW71 -> 0 | CY71: =(0)*BX71 -> 0 | CZ71: =(0)*AX71 -> 0 | DD71: =230,82/4,88*1,02 | DN71: 0 | DO71: 0 | DP71: 1 | DQ71: 1 | DR71: 1 | DS71: 1 | DT71: 1 | DU71: 1003 | DV71: м | DW71: м | DX71: 1 | EE71: 13177870 | EF71: 8 | EG71: Материалы | EH71: 0 | EJ71: 2 | EK71: 500002 | EL71: Материалы и конструкции ( монтажные ) | EM71: ФССЦ | EQ71: 0 | ER71: 0 | ES71: 0 | ET71: 0 | EU71: 0 | EV71: 0 | EW71: 0 | EX71: 0 | EY71: 0 | EZ71: 0 | FQ71: 0 | FR71: =ROUND(IF(AND(AA71=0,BI71=3),P71,0),0) -> 0 | FS71: 0 | FX71: 0 | FY71: 0 | GA71: 0 | GB71: 0 | GC71: 0 | GD71: 0 | GE71: 0 | GF71: 48.245164 | GG71: 48.245164 | GH71: 0 | GI71: 0 | GJ71: 0 | GK71: 1
A73: 51 | B73: =B59 -> 1 | C73: =A59 -> 4 | D73: =ROW(A59) -> 59 | F73: =IF(F59<>"",F59,"") -> Новый раздел | G73: =IF(G59<>"",G59,"") -> МАТЕРИАЛЫ НЕ УЧТЕННЫЕ ЦЕННИКОМ | O73: =ROUND(AB73,0) -> 452523 | P73: =ROUND(AC73,0) -> 452523 | Q73: =ROUND(AD73,0) -> 0 | R73: =ROUND(AE73,0) -> 0 | S73: =ROUND(AF73,0) -> 0 | T73: =ROUND(AG73,0) -> 0 | U73: =ROUND(AH73,0) -> 0 | V73: =ROUND(AI73,0) -> 0 | ... Y73: =ROUND(AL73,0) -> 0 | AB73: =ROUND(SUMIF(AA63:AA71,"=0",O63:O71),0) -> 452523 | AC73: =ROUND(SUMIF(AA63:AA71,"=0",P63:P71),0) -> 452523 | AD73: =ROUND(SUMIF(AA63:AA71,"=0",Q63:Q71),0) -> 0 | AE73: =ROUND(SUMIF(AA63:AA71,"=0",R63:R71),0) -> 0 | AF73: =ROUND(SUMIF(AA63:AA71,"=0",S63:S71),0) -> 0 | AG73: =ROUND(SUMIF(AA63:AA71,"=0",T63:T71),0) -> 0 | AH73: =ROUND(SUMIF(AA63:AA71,"=0",U63:U71),0) -> 0 | AI73: =ROUND(SUMIF(AA63:AA71,"=0",V63:V71),0) -> 0 | AJ73: =ROUND(SUMIF(AA63:AA71,"=0",W63:W71),0) -> 0 | AK73: =ROUND(SUMIF(AA63:AA71,"=0",X63:X71),0) -> 0 | AL73: =ROUND(SUMIF(AA63:AA71,"=0",Y63:Y71),0) -> 0 | AN73: =ROUND(AO73,0) -> 0 | AO73: =ROUND(SUMIF(AA63:AA71,"=0",FQ63:FQ71),0) -> 0 | AP73: =ROUND(AQ73,0) -> 0 | AQ73: =ROUND(SUM(FR63:FR71),0) -> 0
A75: 50 | B75: 0 | C75: 0 | D75: 1 | E75: 201 | F75: =Source!O73 -> 452523 | G75: ПЗ | H75: Прямые затраты | K75: 201 | L75: 1 | M75: 3
A76: 50 | B76: 0 | C76: 0 | D76: 1 | E76: 202 | F76: =Source!P73 -> 452523 | G76: СтМат | H76: Стоимость материальных ресурсов | K76: 202 | L76: 2 | M76: 3
A77: 50 | B77: 0 | C77: 0 | D77: 1 | E77: 222 | F77: =Source!AN73 -> 0 | G77: СтМатЗак | H77: Стоимость материалов заказчика | K77: 222 | L77: 3 | M77: 3
A78: 50 | B78: 0 | C78: 0 | D78: 1 | E78: 216 | F78: =Source!AP73 -> 0 | G78: Оборуд | H78: Стоимость оборудования | K78: 216 | L78: 4 | M78: 3
A79: 50 | B79: 0 | C79: 0 | D79: 1 | E79: 203 | F79: =Source!Q73 -> 0 | G79: ЭММ | H79: Эксплуатация машин | K79: 203 | L79: 5 | M79: 3
A80: 50 | B80: 0 | C80: 0 | D80: 1 | E80: 204 | F80: =Source!R73 -> 0 | G80: ЗПМ | H80: ЗП машинистов | K80: 204 | L80: 6 | M80: 3
A81: 50 | B81: 0 | C81: 0 | D81: 1 | E81: 205 | F81: =Source!S73 -> 0 | G81: ОЗП | H81: Основная ЗП рабочих | K81: 205 | L81: 7 | M81: 3
A82: 50 | B82: 0 | C82: 0 | D82: 1 | E82: 206 | F82: =Source!T73 -> 0 | G82: ВозврМат | H82: Возврат материалов | K82: 206 | L82: 8 | M82: 3
A83: 50 | B83: 0 | C83: 0 | D83: 1 | E83: 207 | F83: =Source!U73 -> 0 | G83: ТрудСтр | H83: Трудозатраты строителей | K83: 207 | L83: 9 | M83: 3
A84: 50 | B84: 0 | C84: 0 | D84: 1 | E84: 208 | F84: =Source!V73 -> 0 | G84: ТрудМаш | H84: Трудозатраты машинистов | K84: 208 | L84: 10 | M84: 3
A85: 50 | B85: 0 | C85: 0 | D85: 1 | E85: 209 | F85: =Source!W73 -> 0 | G85: ТранспМат | H85: Транспорт материалов | K85: 209 | L85: 11 | M85: 3
A86: 50 | B86: 0 | C86: 0 | D86: 1 | E86: 210 | F86: =Source!X73 -> 0 | G86: НР | H86: Накладные расходы | K86: 210 | L86: 12 | M86: 3
A87: 50 | B87: 0 | C87: 0 | D87: 1 | E87: 211 | F87: =Source!Y73 -> 0 | G87: СмПриб | H87: Сметная прибыль | K87: 211 | L87: 13 | M87: 3
G88: 0
A89: 4 | B89: 1 | D89: =ROW(A95) -> 95 | F89: Новый раздел | G89: ПУСКОНАЛАДОЧНЫЕ РАБОТЫ | X89: 0 | AL89: 0 | BE89: {B76ED09A-4CCD-423E-B05B-1ACFEE04F12E} | BF89: 0 | BG89: 0 | BM89: 0 | BO89: 0
A91: 52 | B91: =B95 -> 1 | C91: =C95 -> 4 | D91: =D95 -> 89 | E91: =E95 -> 0 | F91: =F95 -> Новый раздел | G91: =G95 -> ПУСКОНАЛАДОЧНЫЕ РАБОТЫ | H91: =H95 -> 0 | I91: =I95 -> 0 | ... AQ91: =AQ95 -> 0
A93: 17 | B93: 1 | C93: =ROW(SmtRes!A135) -> 135 | D93: =ROW(EtalonRes!A135) -> 135 | E93: 21 | F93: п02-01-002-3 | G93: Автоматизированная система управления II категории технической сложности с количеством каналов (Кобщ): 10 | H93: система | I93: 2 | J93: 0 | O93: =ROUND(CP93,0) -> 5572 | P93: =ROUND(CQ93*I93,0) -> 0 | Q93: =ROUND(CR93*I93,0) -> 0 | R93: =ROUND(CS93*I93,0) -> 0 | S93: =ROUND(CT93*I93,0) -> 5572 | T93: =ROUND(CU93*I93,0) -> 0 | U93: =CV93*I93 -> 263.5 | V93: =CW93*I93 -> 0 | W93: =ROUND(CX93*I93,0) -> 0 | X93: =ROUND(CY93,0) -> 3622 | Y93: =ROUND(CZ93,0) -> 2229 | AA93: 0 | AB93: =ROUND((AC93+AD93+AF93),2) -> 2786.09 | AC93: =ROUND((ES93),2) -> 0 | AD93: =ROUND((((ET93*1.55))+((((EU93*1.55))*1.13)-((EU93*1.55)))),2) -> 0 | AE93: =ROUND((((EU93*1.55))*1.13),2) -> 0 | AF93: =ROUND((((EV93*1.55))*1.13),2) -> 2786.09 | AG93: =ROUND((AP93),2) -> 0 | AH93: =((EW93*1.55)) -> 131.75 | AI93: =((EX93*1.55)) -> 0 | AJ93: =ROUND((AS93),2) -> 0 | AK93: 1590.69 | AL93: 0 | AM93: 0 | AN93: 0 | AO93: 1590.69 | AP93: 0 | AQ93: 85 | AR93: 0 | AS93: 0 | AT93: 65 | AU93: 40 | AV93: 1 | AW93: 1 | AX93: 1 | AY93: 1 | AZ93: 1 | BA93: 1 | BB93: 1 | BC93: 1 | BH93: 0 | BI93: 4 | BJ93: Челябинская область (2009),ч02,поз.01-002-3 | BM93: 200001 | BN93: 0 | BO93: п02-01-002-3 | BP93: 1 | BQ93: 4 | BR93: 0 | BS93: 1 | BT93: 1 | BU93: 1 | BV93: 1 | BW93: 1 | BX93: 1 | BZ93: 65 | CA93: 40 | CF93: 0 | CG93: 0 | CM93: 0 | CO93: 0 | CP93: =(P93+Q93+S93) -> 5572 | CQ93: =(AC93)*BC93 -> 0 | CR93: =(AD93)*BB93 -> 0 | CS93: =(AE93)*BS93 -> 0 | CT93: =(AF93)*BA93 -> 2786.09 | CU93: =(AG93)*BT93 -> 0 | CV93: =(AH93)*BU93 -> 131.75 | CW93: =(AI93)*BV93 -> 0 | CX93: =(AJ93)*BW93 -> 0 | CY93: =((S93+R93)*(ROUND((FX93*IF(1,(IF(0,0.94,1)*IF(0,1,1)),1)),IF(1,0,2))/100)) -> 3621.8 | CZ93: =((S93+R93)*(ROUND((FY93*IF(1,1,1)),IF(1,0,2))/100)) -> 2228.8 | DE93: *1,55 | DF93: *1,55 | DG93: *1,55 | DI93: *1,55 | DJ93: *1,55 | DN93: 0 | DO93: 0 | DP93: 1 | DQ93: 1 | DR93: 1 | DS93: 1 | DT93: 1 | DU93: 1013 | DV93: система | DW93: система | DX93: 1 | EE93: 13177861 | EF93: 4 | EG93: Пусконаладочные работы | EH93: 0 | EJ93: 4 | EK93: 200001 | EL93: Пусконаладочные работы : все сборники | EM93: ФЕРп | EQ93: 0 | ER93: 1590.69 | ES93: 0 | ET93: 0 | EU93: 0 | EV93: 1590.69 | EW93: 85 | EX93: 0 | EY93: 0 | EZ93: 0 | FQ93: 0 | FR93: =ROUND(IF(AND(AA93=0,BI93=3),P93,0),0) -> 0 | FS93: 0 | FX93: 65 | FY93: 40 | GA93: 0 | GB93: 0 | GC93: 0 | GD93: 0 | GE93: 0 | GF93: 0 | GG93: 0 | GH93: 0 | GI93: 0 | GJ93: 0 | GK93: 0
A95: 51 | B95: =B89 -> 1 | C95: =A89 -> 4 | D95: =ROW(A89) -> 89 | F95: =IF(F89<>"",F89,"") -> Новый раздел | G95: =IF(G89<>"",G89,"") -> ПУСКОНАЛАДОЧНЫЕ РАБОТЫ | O95: =ROUND(AB95,0) -> 5572 | P95: =ROUND(AC95,0) -> 0 | Q95: =ROUND(AD95,0) -> 0 | R95: =ROUND(AE95,0) -> 0 | S95: =ROUND(AF95,0) -> 5572 | T95: =ROUND(AG95,0) -> 0 | U95: =ROUND(AH95,0) -> 264 | V95: =ROUND(AI95,0) -> 0 | ... Y95: =ROUND(AL95,0) -> 2229 | AB95: =ROUND(SUMIF(AA93:AA93,"=0",O93:O93),0) -> 5572 | AC95: =ROUND(SUMIF(AA93:AA93,"=0",P93:P93),0) -> 0 | AD95: =ROUND(SUMIF(AA93:AA93,"=0",Q93:Q93),0) -> 0 | AE95: =ROUND(SUMIF(AA93:AA93,"=0",R93:R93),0) -> 0 | AF95: =ROUND(SUMIF(AA93:AA93,"=0",S93:S93),0) -> 5572 | AG95: =ROUND(SUMIF(AA93:AA93,"=0",T93:T93),0) -> 0 | AH95: =ROUND(SUMIF(AA93:AA93,"=0",U93:U93),0) -> 264 | AI95: =ROUND(SUMIF(AA93:AA93,"=0",V93:V93),0) -> 0 | AJ95: =ROUND(SUMIF(AA93:AA93,"=0",W93:W93),0) -> 0 | AK95: =ROUND(SUMIF(AA93:AA93,"=0",X93:X93),0) -> 3622 | AL95: =ROUND(SUMIF(AA93:AA93,"=0",Y93:Y93),0) -> 2229 | AN95: =ROUND(AO95,0) -> 0 | AO95: =ROUND(SUMIF(AA93:AA93,"=0",FQ93:FQ93),0) -> 0 | AP95: =ROUND(AQ95,0) -> 0 | AQ95: =ROUND(SUM(FR93:FR93),0) -> 0
A97: 50 | B97: 0 | C97: 0 | D97: 1 | E97: 201 | F97: =Source!O95 -> 5572 | G97: ПЗ | H97: Прямые затраты | K97: 201 | L97: 1 | M97: 3
A98: 50 | B98: 0 | C98: 0 | D98: 1 | E98: 202 | F98: =Source!P95 -> 0 | G98: СтМат | H98: Стоимость материальных ресурсов | K98: 202 | L98: 2 | M98: 3
A99: 50 | B99: 0 | C99: 0 | D99: 1 | E99: 222 | F99: =Source!AN95 -> 0 | G99: СтМатЗак | H99: Стоимость материалов заказчика | K99: 222 | L99: 3 | M99: 3
A100: 50 | B100: 0 | C100: 0 | D100: 1 | E100: 216 | F100: =Source!AP95 -> 0 | G100: Оборуд | H100: Стоимость оборудования | K100: 216 | L100: 4 | M100: 3
A101: 50 | B101: 0 | C101: 0 | D101: 1 | E101: 203 | F101: =Source!Q95 -> 0 | G101: ЭММ | H101: Эксплуатация машин | K101: 203 | L101: 5 | M101: 3
A102: 50 | B102: 0 | C102: 0 | D102: 1 | E102: 204 | F102: =Source!R95 -> 0 | G102: ЗПМ | H102: ЗП машинистов | K102: 204 | L102: 6 | M102: 3
A103: 50 | B103: 0 | C103: 0 | D103: 1 | E103: 205 | F103: =Source!S95 -> 5572 | G103: ОЗП | H103: Основная ЗП рабочих | K103: 205 | L103: 7 | M103: 3
A104: 50 | B104: 0 | C104: 0 | D104: 1 | E104: 206 | F104: =Source!T95 -> 0 | G104: ВозврМат | H104: Возврат материалов | K104: 206 | L104: 8 | M104: 3
A105: 50 | B105: 0 | C105: 0 | D105: 1 | E105: 207 | F105: =Source!U95 -> 264 | G105: ТрудСтр | H105: Трудозатраты строителей | K105: 207 | L105: 9 | M105: 3
A106: 50 | B106: 0 | C106: 0 | D106: 1 | E106: 208 | F106: =Source!V95 -> 0 | G106: ТрудМаш | H106: Трудозатраты машинистов | K106: 208 | L106: 10 | M106: 3
A107: 50 | B107: 0 | C107: 0 | D107: 1 | E107: 209 | F107: =Source!W95 -> 0 | G107: ТранспМат | H107: Транспорт материалов | K107: 209 | L107: 11 | M107: 3
A108: 50 | B108: 0 | C108: 0 | D108: 1 | E108: 210 | F108: =Source!X95 -> 3622 | G108: НР | H108: Накладные расходы | K108: 210 | L108: 12 | M108: 3
A109: 50 | B109: 0 | C109: 0 | D109: 1 | E109: 211 | F109: =Source!Y95 -> 2229 | G109: СмПриб | H109: Сметная прибыль | K109: 211 | L109: 13 | M109: 3
A111: 51 | B111: =B20 -> 1 | C111: =A20 -> 3 | D111: =ROW(A20) -> 20 | F111: =IF(F20<>"",F20,"") -> Новая локальная смета | G111: =IF(G20<>"",G20,"") -> Капитальный ремонт системы управления вентагрегатами В7, В8 инв. № 1400216, 1400217 | O111: =ROUND(O43+O73+O95+AB111,0) -> 468068 | P111: =ROUND(P43+P73+P95+AC111,0) -> 453819 | Q111: =ROUND(Q43+Q73+Q95+AD111,0) -> 5085 | R111: =ROUND(R43+R73+R95+AE111,0) -> 495 | S111: =ROUND(S43+S73+S95+AF111,0) -> 9164 | T111: =ROUND(T43+T73+T95+AG111,0) -> 0 | U111: =ROUND(U43+U73+U95+AH111,0) -> 525 | V111: =ROUND(V43+V73+V95+AI111,0) -> 30 | ... Y111: =ROUND(Y43+Y73+Y95+AL111,0) -> 4884 | AB111: 0 | AC111: 0 | AD111: 0 | AE111: 0 | AF111: 0 | AG111: 0 | AH111: 0 | AI111: 0 | AJ111: 0 | AK111: 0 | AL111: 0 | AN111: =ROUND(AN43+AN73+AN95+AO111,0) -> 0 | AO111: 0 | AP111: =ROUND(AP43+AP73+AP95+AQ111,0) -> 0 | AQ111: 0
A113: 50 | B113: 0 | C113: 0 | D113: 1 | E113: 201 | F113: =Source!O111 -> 468068 | G113: ПЗ | H113: Прямые затраты | K113: 201 | L113: 1 | M113: 3
A114: 50 | B114: 0 | C114: 0 | D114: 1 | E114: 202 | F114: =Source!P111 -> 453819 | G114: СтМат | H114: Стоимость материальных ресурсов | K114: 202 | L114: 2 | M114: 3
A115: 50 | B115: 0 | C115: 0 | D115: 1 | E115: 222 | F115: =Source!AN111 -> 0 | G115: СтМатЗак | H115: Стоимость материалов заказчика | K115: 222 | L115: 3 | M115: 3
A116: 50 | B116: 0 | C116: 0 | D116: 1 | E116: 216 | F116: =Source!AP111 -> 0 | G116: Оборуд | H116: Стоимость оборудования | K116: 216 | L116: 4 | M116: 3
A117: 50 | B117: 0 | C117: 0 | D117: 1 | E117: 203 | F117: =Source!Q111 -> 5085 | G117: ЭММ | H117: Эксплуатация машин | K117: 203 | L117: 5 | M117: 3
A118: 50 | B118: 0 | C118: 0 | D118: 1 | E118: 204 | F118: =Source!R111 -> 495 | G118: ЗПМ | H118: ЗП машинистов | K118: 204 | L118: 6 | M118: 3
A119: 50 | B119: 0 | C119: 0 | D119: 1 | E119: 205 | F119: =Source!S111 -> 9164 | G119: ОЗП | H119: Основная ЗП рабочих | K119: 205 | L119: 7 | M119: 3
A120: 50 | B120: 0 | C120: 0 | D120: 1 | E120: 206 | F120: =Source!T111 -> 0 | G120: ВозврМат | H120: Возврат материалов | K120: 206 | L120: 8 | M120: 3
A121: 50 | B121: 0 | C121: 0 | D121: 1 | E121: 207 | F121: =Source!U111 -> 525 | G121: ТрудСтр | H121: Трудозатраты строителей | K121: 207 | L121: 9 | M121: 3
A122: 50 | B122: 0 | C122: 0 | D122: 1 | E122: 208 | F122: =Source!V111 -> 30 | G122: ТрудМаш | H122: Трудозатраты машинистов | K122: 208 | L122: 10 | M122: 3
A123: 50 | B123: 0 | C123: 0 | D123: 1 | E123: 209 | F123: =Source!W111 -> 0 | G123: ТранспМат | H123: Транспорт материалов | K123: 209 | L123: 11 | M123: 3
A124: 50 | B124: 0 | C124: 0 | D124: 1 | E124: 210 | F124: =Source!X111 -> 7495 | G124: НР | H124: Накладные расходы | K124: 210 | L124: 12 | M124: 3
A125: 50 | B125: 0 | C125: 0 | D125: 1 | E125: 211 | F125: =Source!Y111 -> 4884 | G125: СмПриб | H125: Сметная прибыль | K125: 211 | L125: 13 | M125: 3
A127: 51 | B127: =B12 -> 1 | C127: =A12 -> 1 | D127: =ROW(A12) -> 12 | F127: =IF(F12<>"",F12,"") -> Новый объект | G127: =IF(G12<>"",G12,"") -> Здание 884 | O127: =ROUND(O111,0) -> 468068 | P127: =ROUND(P111,0) -> 453819 | Q127: =ROUND(Q111,0) -> 5085 | R127: =ROUND(R111,0) -> 495 | S127: =ROUND(S111,0) -> 9164 | T127: =ROUND(T111,0) -> 0 | U127: =ROUND(U111,0) -> 525 | V127: =ROUND(V111,0) -> 30 | ... Y127: =ROUND(Y111,0) -> 4884 | AB127: 0 | AC127: 0 | AD127: 0 | AE127: 0 | AF127: 0 | AG127: 0 | AH127: 0 | AI127: 0 | AJ127: 0 | AK127: 0 | AL127: 0 | AN127: =ROUND(AN111,0) -> 0 | AO127: 0 | AP127: =ROUND(AP111,0) -> 0 | AQ127: 0
A129: 50 | B129: 0 | C129: 0 | D129: 1 | E129: 0 | F129: =Source!O127 -> 468068 | G129: ПЗ | H129: Прямые затраты | K129: 201 | L129: 1 | M129: 3
A130: 50 | B130: 0 | C130: 0 | D130: 1 | E130: 202 | F130: =Source!P127 -> 453819 | G130: СтМат | H130: Стоимость материальных ресурсов | K130: 202 | L130: 2 | M130: 3
A131: 50 | B131: 0 | C131: 0 | D131: 1 | E131: 222 | F131: =Source!AN127 -> 0 | G131: СтМатЗак | H131: Стоимость материалов заказчика | K131: 222 | L131: 3 | M131: 3
A132: 50 | B132: 0 | C132: 0 | D132: 1 | E132: 216 | F132: =Source!AP127 -> 0 | G132: Оборуд | H132: Стоимость оборудования | K132: 216 | L132: 4 | M132: 3
...

Sheet SmtRes
A1: =ROW(Source!A30) -> 30 | B1: 13297532 | C1: 13297528 | D1: 12388959 | E1: 1 | F1: 1 | G1: 1 | H1: 1 | I1: 1-2040-74 | K1: Рабочий монтажник среднего разряда 4 | L1: 1369 | N1: 1013 | O1: чел.-ч | P1: чел.-ч | Q1: 1 | Y1: 24.82 | AA1: 0 | AB1: 0 | AC1: 0 | AD1: 12.16 | AN1: 0 | AO1: 1 | AP1: 1 | AQ1: 0 | AR1: 0 | AT1: 14.6 | AU1: *1,7 | AV1: 1 | AW1: 2 | AX1: 13297532 | AY1: 1 | AZ1: 0 | BA1: 1 | BB1: 0 | BC1: 0 | BD1: 0 | BE1: 0 | BF1: 0 | BG1: 0 | BH1: 0 | BI1: 0 | BJ1: 0 | BK1: 0 | BL1: 0 | BM1: 0 | BN1: 0 | BO1: 0 | BP1: 0 | BQ1: 0 | BR1: 0 | BS1: 0 | BT1: 0 | BU1: 0 | BV1: 0 | BW1: 0 | CB1: 0
A2: =ROW(Source!A30) -> 30 | B2: 13297533 | C2: 13297528 | D2: 121548 | E2: 1 | F2: 1 | G2: 1 | H2: 1 | I2: 2 | K2: Затраты труда машинистов | L2: 608254 | N2: 1013 | O2: чел.час | P2: чел.час | Q2: 1 | Y2: 1.36 | AA2: 0 | AB2: 0 | AC2: 0 | AD2: 0 | AN2: 0 | AO2: 1 | AP2: 1 | AQ2: 0 | AR2: 0 | AT2: 0.8 | AU2: *1,7 | AV2: 2 | AW2: 2 | AX2: 13297533 | AY2: 1 | AZ2: 0 | BA2: 2 | BB2: 0 | BC2: 0 | BD2: 0 | BE2: 0 | BF2: 0 | BG2: 0 | BH2: 0 | BI2: 0 | BJ2: 0 | BK2: 0 | BL2: 0 | BM2: 0 | BN2: 0 | BO2: 0 | BP2: 0 | BQ2: 0 | BR2: 0 | BS2: 0 | BT2: 0 | BU2: 0 | BV2: 0 | BW2: 0 | CB2: 0
A3: =ROW(Source!A30) -> 30 | B3: 13297534 | C3: 13297528 | D3: 12074364 | E3: 1 | F3: 1 | G3: 1 | H3: 2 | I3: 021102 | J3: ЦЭМ Челябинская область (2009) разд.02,поз.1102 | K3: Краны на автомобильном ходу при работе на монтаже технологического оборудования 10 т | L3: 1368 | N3: 1011 | O3: маш.-ч | P3: маш.-ч | Q3: 1 | Y3: 1.36 | AA3: 0 | AB3: 134.07 | AC3: 0 | AD3: 0 | AN3: 0 | AO3: 1 | AP3: 1 | AQ3: 0 | AR3: 0 | AT3: 0.8 | AU3: *1,7 | AV3: 0 | AW3: 2 | AX3: 13297534 | AY3: 1 | AZ3: 0 | BA3: 3 | BB3: 0 | BC3: 0 | BD3: 0 | BE3: 0 | BF3: 0 | BG3: 0 | BH3: 0 | BI3: 0 | BJ3: 0 | BK3: 0 | BL3: 0 | BM3: 0 | BN3: 0 | BO3: 0 | BP3: 0 | BQ3: 0 | BR3: 0 | BS3: 0 | BT3: 0 | BU3: 0 | BV3: 0 | BW3: 0 | CB3: 0
A4: =ROW(Source!A30) -> 30 | B4: 13297535 | C4: 13297528 | D4: 12077046 | E4: 1 | F4: 1 | G4: 1 | H4: 2 | I4: 400002 | J4: ЦЭМ Челябинская область (2009) разд.40,поз.0002 | K4: Автомобили бортовые, грузоподъемность до 8 т | L4: 1368 | N4: 1011 | O4: маш.-ч | P4: маш.-ч | Q4: 1 | Y4: 1.36 | AA4: 0 | AB4: 115.4 | AC4: 0 | AD4: 0 | AN4: 0 | AO4: 1 | AP4: 1 | AQ4: 0 | AR4: 0 | AT4: 0.8 | AU4: *1,7 | AV4: 0 | AW4: 2 | AX4: 13297535 | AY4: 1 | AZ4: 0 | BA4: 4 | BB4: 0 | BC4: 0 | BD4: 0 | BE4: 0 | BF4: 0 | BG4: 0 | BH4: 0 | BI4: 0 | BJ4: 0 | BK4: 0 | BL4: 0 | BM4: 0 | BN4: 0 | BO4: 0 | BP4: 0 | BQ4: 0 | BR4: 0 | BS4: 0 | BT4: 0 | BU4: 0 | BV4: 0 | BW4: 0 | CB4: 0
A5: =ROW(Source!A30) -> 30 | B5: 13297536 | C5: 13297528 | D5: 12079664 | E5: 1 | F5: 1 | G5: 1 | H5: 3 | I5: 101-1977 | J5: ССЦ Челябинская область (2009) ч.1,разд.01,поз.1977 | K5: Болты с гайками и шайбами строительные | L5: 1346 | N5: 1009 | O5: кг | P5: кг | Q5: 1 | Y5: 0.77 | AA5: 17.3 | AB5: 0 | AC5: 0 | AD5: 0 | AN5: 0 | AO5: 1 | AP5: 0 | AQ5: 0 | AR5: 0 | AT5: 0.77 | AV5: 0 | AW5: 2 | AX5: 13297536 | AY5: 1 | AZ5: 0 | BA5: 5 | BB5: 0 | BC5: 0 | BD5: 0 | BE5: 0 | BF5: 0 | BG5: 0 | BH5: 0 | BI5: 0 | BJ5: 0 | BK5: 0 | BL5: 0 | BM5: 0 | BN5: 0 | BO5: 0 | BP5: 0 | BQ5: 0 | BR5: 0 | BS5: 0 | BT5: 0 | BU5: 0 | BV5: 0 | BW5: 0 | CB5: 0
A6: =ROW(Source!A30) -> 30 | B6: 13297537 | C6: 13297528 | D6: 12080124 | E6: 1 | F6: 1 | G6: 1 | H6: 3 | I6: 101-2478 | J6: ССЦ Челябинская область (2009) ч.1,разд.01,поз.2478 | K6: Лента К226 | L6: 1308 | N6: 1003 | O6: 100 м | P6: 100 м | Q6: 100 | Y6: 0.0048 | AA6: 214 | AB6: 0 | AC6: 0 | AD6: 0 | AN6: 0 | AO6: 1 | AP6: 0 | AQ6: 0 | AR6: 0 | AT6: 0.0048 | AV6: 0 | AW6: 2 | AX6: 13297537 | AY6: 1 | AZ6: 0 | BA6: 6 | BB6: 0 | BC6: 0 | BD6: 0 | BE6: 0 | BF6: 0 | BG6: 0 | BH6: 0 | BI6: 0 | BJ6: 0 | BK6: 0 | BL6: 0 | BM6: 0 | BN6: 0 | BO6: 0 | BP6: 0 | BQ6: 0 | BR6: 0 | BS6: 0 | BT6: 0 | BU6: 0 | BV6: 0 | BW6: 0 | CB6: 0
A7: =ROW(Source!A30) -> 30 | B7: 13297538 | C7: 13297528 | D7: 12086052 | E7: 1 | F7: 1 | G7: 1 | H7: 3 | I7: 111-0086 | J7: ССЦ Челябинская область (2009) ч.1,разд.11,поз.0086 | K7: Бирки маркировочные | L7: 1355 | N7: 1010 | O7: 100 шт. | P7: 100 шт. | Q7: 100 | Y7: 0.02 | AA7: 143.07 | AB7: 0 | AC7: 0 | AD7: 0 | AN7: 0 | AO7: 1 | AP7: 0 | AQ7: 0 | AR7: 0 | AT7: 0.02 | AV7: 0 | AW7: 2 | AX7: 13297538 | AY7: 1 | AZ7: 0 | BA7: 7 | BB7: 0 | BC7: 0 | BD7: 0 | BE7: 0 | BF7: 0 | BG7: 0 | BH7: 0 | BI7: 0 | BJ7: 0 | BK7: 0 | BL7: 0 | BM7: 0 | BN7: 0 | BO7: 0 | BP7: 0 | BQ7: 0 | BR7: 0 | BS7: 0 | BT7: 0 | BU7: 0 | BV7: 0 | BW7: 0 | CB7: 0
A8: =ROW(Source!A30) -> 30 | B8: 13297539 | C8: 13297528 | D8: 12111176 | E8: 1 | F8: 1 | G8: 1 | H8: 3 | I8: 507-0700 | J8: ССЦ Челябинская область (2009) ч.5,разд.07,поз.0700 | K8: Трубка поливинилхлоридная ХВТ | L8: 1346 | N8: 1009 | O8: кг | P8: кг | Q8: 1 | Y8: 0.016 | AA8: 35.7 | AB8: 0 | AC8: 0 | AD8: 0 | AN8: 0 | AO8: 1 | AP8: 0 | AQ8: 0 | AR8: 0 | AT8: 0.016 | AV8: 0 | AW8: 2 | AX8: 13297539 | AY8: 1 | AZ8: 0 | BA8: 8 | BB8: 0 | BC8: 0 | BD8: 0 | BE8: 0 | BF8: 0 | BG8: 0 | BH8: 0 | BI8: 0 | BJ8: 0 | BK8: 0 | BL8: 0 | BM8: 0 | BN8: 0 | BO8: 0 | BP8: 0 | BQ8: 0 | BR8: 0 | BS8: 0 | BT8: 0 | BU8: 0 | BV8: 0 | BW8: 0 | CB8: 0
A9: =ROW(Source!A30) -> 30 | B9: 13297540 | C9: 13297528 | D9: 12114196 | E9: 1 | F9: 1 | G9: 1 | H9: 3 | I9: 509-0041 | J9: ССЦ Челябинская область (2009) ч.5,разд.09,поз.0041 | K9: Наконечники кабельные медные для электротехнических установок | L9: 1354 | N9: 1010 | O9: шт. | P9: шт. | Q9: 1 | Y9: 2.04 | AA9: 40.06 | AB9: 0 | AC9: 0 | AD9: 0 | AN9: 0 | AO9: 1 | AP9: 0 | AQ9: 0 | AR9: 0 | AT9: 2.04 | AV9: 0 | AW9: 2 | AX9: 13297540 | AY9: 1 | AZ9: 0 | BA9: 9 | BB9: 0 | BC9: 0 | BD9: 0 | BE9: 0 | BF9: 0 | BG9: 0 | BH9: 0 | BI9: 0 | BJ9: 0 | BK9: 0 | BL9: 0 | BM9: 0 | BN9: 0 | BO9: 0 | BP9: 0 | BQ9: 0 | BR9: 0 | BS9: 0 | BT9: 0 | BU9: 0 | BV9: 0 | BW9: 0 | CB9: 0
A10: =ROW(Source!A30) -> 30 | B10: 13297541 | C10: 13297528 | D10: 12114225 | E10: 1 | F10: 1 | G10: 1 | H10: 3 | I10: 509-0070 | J10: ССЦ Челябинская область (2009) ч.5,разд.09,поз.0070 | K10: Кнопки монтажные | L10: 1356 | N10: 1010 | O10: 1000 шт. | P10: 1000 шт. | Q10: 1000 | Y10: 0.0041 | AA10: 17.8 | AB10: 0 | AC10: 0 | AD10: 0 | AN10: 0 | AO10: 1 | AP10: 0 | AQ10: 0 | AR10: 0 | AT10: 0.0041 | AV10: 0 | AW10: 2 | AX10: 13297541 | AY10: 1 | AZ10: 0 | BA10: 10 | BB10: 0 | BC10: 0 | BD10: 0 | BE10: 0 | BF10: 0 | BG10: 0 | BH10: 0 | BI10: 0 | BJ10: 0 | BK10: 0 | BL10: 0 | BM10: 0 | BN10: 0 | BO10: 0 | BP10: 0 | BQ10: 0 | BR10: 0 | BS10: 0 | BT10: 0 | BU10: 0 | BV10: 0 | BW10: 0 | CB10: 0
A11: =ROW(Source!A30) -> 30 | B11: 13297542 | C11: 13297528 | D11: 12114245 | E11: 1 | F11: 1 | G11: 1 | H11: 3 | I11: 509-0090 | J11: ССЦ Челябинская область (2009) ч.5,разд.09,поз.0090 | K11: Перемычки гибкие, тип ПГС-50 | L11: 1354 | N11: 1010 | O11: шт. | P11: шт. | Q11: 1 | Y11: 1 | AA11: 11.2 | AB11: 0 | AC11: 0 | AD11: 0 | AN11: 0 | AO11: 1 | AP11: 0 | AQ11: 0 | AR11: 0 | AT11: 1 | AV11: 0 | AW11: 2 | AX11: 13297542 | AY11: 1 | AZ11: 0 | BA11: 11 | BB11: 0 | BC11: 0 | BD11: 0 | BE11: 0 | BF11: 0 | BG11: 0 | BH11: 0 | BI11: 0 | BJ11: 0 | BK11: 0 | BL11: 0 | BM11: 0 | BN11: 0 | BO11: 0 | BP11: 0 | BQ11: 0 | BR11: 0 | BS11: 0 | BT11: 0 | BU11: 0 | BV11: 0 | BW11: 0 | CB11: 0
A12: =ROW(Source!A30) -> 30 | B12: 13297543 | C12: 13297528 | D12: 12114311 | E12: 1 | F12: 1 | G12: 1 | H12: 3 | I12: 509-0156 | J12: ССЦ Челябинская область (2009) ч.5,разд.09,поз.0156 | K12: Оконцеватели маркировочные | L12: 1355 | N12: 1010 | O12: 100 шт. | P12: 100 шт. | Q12: 100 | Y12: 0.612 | AA12: 52.1 | AB12: 0 | AC12: 0 | AD12: 0 | AN12: 0 | AO12: 1 | AP12: 0 | AQ12: 0 | AR12: 0 | AT12: 0.612 | AV12: 0 | AW12: 2 | AX12: 13297543 | AY12: 1 | AZ12: 0 | BA12: 12 | BB12: 0 | BC12: 0 | BD12: 0 | BE12: 0 | BF12: 0 | BG12: 0 | BH12: 0 | BI12: 0 | BJ12: 0 | BK12: 0 | BL12: 0 | BM12: 0 | BN12: 0 | BO12: 0 | BP12: 0 | BQ12: 0 | BR12: 0 | BS12: 0 | BT12: 0 | BU12: 0 | BV12: 0 | BW12: 0 | CB12: 0
A13: =ROW(Source!A30) -> 30 | B13: 13297544 | C13: 13297528 | D13: 12117044 | E13: 1 | F13: 1 | G13: 1 | H13: 3 | I13: 999-9950 | J13: ССЦ Челябинская область (2009) ч.9,разд.99,поз.9950 | K13: Вспомогательные материалы (2% от ОЗП) | L13: 1344 | N13: 1008 | O13: руб. | P13: руб. | Q13: 1 | Y13: 3.55 | AA13: 1 | AB13: 0 | AC13: 0 | AD13: 0 | AN13: 0 | AO13: 1 | AP13: 0 | AQ13: 0 | AR13: 0 | AT13: 3.55 | AV13: 0 | AW13: 2 | AX13: 13297544 | AY13: 1 | AZ13: 0 | BA13: 13 | BB13: 0 | BC13: 0 | BD13: 0 | BE13: 0 | BF13: 0 | BG13: 0 | BH13: 0 | BI13: 0 | BJ13: 0 | BK13: 0 | BL13: 0 | BM13: 0 | BN13: 0 | BO13: 0 | BP13: 0 | BQ13: 0 | BR13: 0 | BS13: 0 | BT13: 0 | BU13: 0 | BV13: 0 | BW13: 0 | CB13: 0
A14: =ROW(Source!A31) -> 31 | B14: 13297545 | C14: 13297529 | D14: 12389761 | E14: 1 | F14: 1 | G14: 1 | H14: 1 | I14: 1-2042-74 | K14: Рабочий монтажник среднего разряда 4,2 | L14: 1369 | N14: 1013 | O14: чел.-ч | P14: чел.-ч | Q14: 1 | Y14: 4.029 | AA14: 0 | AB14: 0 | AC14: 0 | AD14: 12.54 | AN14: 0 | AO14: 1 | AP14: 1 | AQ14: 0 | AR14: 0 | AT14: 2.37 | AU14: *1,7 | AV14: 1 | AW14: 2 | AX14: 13297545 | AY14: 1 | AZ14: 0 | BA14: 14 | BB14: 0 | BC14: 0 | BD14: 0 | BE14: 0 | BF14: 0 | BG14: 0 | BH14: 0 | BI14: 0 | BJ14: 0 | BK14: 0 | BL14: 0 | BM14: 0 | BN14: 0 | BO14: 0 | BP14: 0 | BQ14: 0 | BR14: 0 | BS14: 0 | BT14: 0 | BU14: 0 | BV14: 0 | BW14: 0 | CB14: 0
A15: =ROW(Source!A31) -> 31 | B15: 13297546 | C15: 13297529 | D15: 121548 | E15: 1 | F15: 1 | G15: 1 | H15: 1 | I15: 2 | K15: Затраты труда машинистов | L15: 608254 | N15: 1013 | O15: чел.час | P15: чел.час | Q15: 1 | Y15: 0.493 | AA15: 0 | AB15: 0 | AC15: 0 | AD15: 0 | AN15: 0 | AO15: 1 | AP15: 1 | AQ15: 0 | AR15: 0 | AT15: 0.29 | AU15: *1,7 | AV15: 2 | AW15: 2 | AX15: 13297546 | AY15: 1 | AZ15: 0 | BA15: 15 | BB15: 0 | BC15: 0 | BD15: 0 | BE15: 0 | BF15: 0 | BG15: 0 | BH15: 0 | BI15: 0 | BJ15: 0 | BK15: 0 | BL15: 0 | BM15: 0 | BN15: 0 | BO15: 0 | BP15: 0 | BQ15: 0 | BR15: 0 | BS15: 0 | BT15: 0 | BU15: 0 | BV15: 0 | BW15: 0 | CB15: 0
A16: =ROW(Source!A31) -> 31 | B16: 13297547 | C16: 13297529 | D16: 12074364 | E16: 1 | F16: 1 | G16: 1 | H16: 2 | I16: 021102 | J16: ЦЭМ Челябинская область (2009) разд.02,поз.1102 | K16: Краны на автомобильном ходу при работе на монтаже технологического оборудования 10 т | L16: 1368 | N16: 1011 | O16: маш.-ч | P16: маш.-ч | Q16: 1 | Y16: 0.119 | AA16: 0 | AB16: 134.07 | AC16: 0 | AD16: 0 | AN16: 0 | AO16: 1 | AP16: 1 | AQ16: 0 | AR16: 0 | AT16: 0.07 | AU16: *1,7 | AV16: 0 | AW16: 2 | AX16: 13297547 | AY16: 1 | AZ16: 0 | BA16: 16 | BB16: 0 | BC16: 0 | BD16: 0 | BE16: 0 | BF16: 0 | BG16: 0 | BH16: 0 | BI16: 0 | BJ16: 0 | BK16: 0 | BL16: 0 | BM16: 0 | BN16: 0 | BO16: 0 | BP16: 0 | BQ16: 0 | BR16: 0 | BS16: 0 | BT16: 0 | BU16: 0 | BV16: 0 | BW16: 0 | CB16: 0
A17: =ROW(Source!A31) -> 31 | B17: 13297548 | C17: 13297529 | D17: 12074716 | E17: 1 | F17: 1 | G17: 1 | H17: 2 | I17: 040502 | J17: ЦЭМ Челябинская область (2009) разд.04,поз.0502 | K17: Установки для сварки ручной дуговой (постоянного тока) | L17: 1368 | N17: 1011 | O17: маш.-ч | P17: маш.-ч | Q17: 1 | Y17: 1.207 | AA17: 0 | AB17: 7.84 | AC17: 0 | AD17: 0 | AN17: 0 | AO17: 1 | AP17: 1 | AQ17: 0 | AR17: 0 | AT17: 0.71 | AU17: *1,7 | AV17: 0 | AW17: 2 | AX17: 13297548 | AY17: 1 | AZ17: 0 | BA17: 17 | BB17: 0 | BC17: 0 | BD17: 0 | BE17: 0 | BF17: 0 | BG17: 0 | BH17: 0 | BI17: 0 | BJ17: 0 | BK17: 0 | BL17: 0 | BM17: 0 | BN17: 0 | BO17: 0 | BP17: 0 | BQ17: 0 | BR17: 0 | BS17: 0 | BT17: 0 | BU17: 0 | BV17: 0 | BW17: 0 | CB17: 0
A18: =ROW(Source!A31) -> 31 | B18: 13297549 | C18: 13297529 | D18: 12074764 | E18: 1 | F18: 1 | G18: 1 | H18: 2 | I18: 050102 | J18: ЦЭМ Челябинская область (2009) разд.05,поз.0102 | K18: Компрессоры передвижные с двигателем внутреннего сгорания давлением до 686 кПа (7 ат), производительность 5 м3/мин | L18: 1368 | N18: 1011 | O18: маш.-ч | P18: маш.-ч | Q18: 1 | Y18: 0.374 | AA18: 0 | AB18: 63.37 | AC18: 0 | AD18: 0 | AN18: 0 | AO18: 1 | AP18: 1 | AQ18: 0 | AR18: 0 | AT18: 0.22 | AU18: *1,7 | AV18: 0 | AW18: 2 | AX18: 13297549 | AY18: 1 | AZ18: 0 | BA18: 18 | BB18: 0 | BC18: 0 | BD18: 0 | BE18: 0 | BF18: 0 | BG18: 0 | BH18: 0 | BI18: 0 | BJ18: 0 | BK18: 0 | BL18: 0 | BM18: 0 | BN18: 0 | BO18: 0 | BP18: 0 | BQ18: 0 | BR18: 0 | BS18: 0 | BT18: 0 | BU18: 0 | BV18: 0 | BW18: 0 | CB18: 0
A19: =ROW(Source!A31) -> 31 | B19: 13297550 | C19: 13297529 | D19: 12075184 | E19: 1 | F19: 1 | G19: 1 | H19: 2 | I19: 100602 | J19: ЦЭМ Челябинская область (2009) разд.10,поз.0602 | K19: Молотки бурильные легкие при работе от передвижных компрессорных станций | L19: 1368 | N19: 1011 | O19: маш.-ч | P19: маш.-ч | Q19: 1 | Y19: 0.374 | AA19: 0 | AB19: 3.17 | AC19: 0 | AD19: 0 | AN19: 0 | AO19: 1 | AP19: 1 | AQ19: 0 | AR19: 0 | AT19: 0.22 | AU19: *1,7 | AV19: 0 | AW19: 2 | AX19: 13297550 | AY19: 1 | AZ19: 0 | BA19: 19 | BB19: 0 | BC19: 0 | BD19: 0 | BE19: 0 | BF19: 0 | BG19: 0 | BH19: 0 | BI19: 0 | BJ19: 0 | BK19: 0 | BL19: 0 | BM19: 0 | BN19: 0 | BO19: 0 | BP19: 0 | BQ19: 0 | BR19: 0 | BS19: 0 | BT19: 0 | BU19: 0 | BV19: 0 | BW19: 0 | CB19: 0
A20: =ROW(Source!A31) -> 31 | B20: 13297551 | C20: 13297529 | D20: 12077046 | E20: 1 | F20: 1 | G20: 1 | H20: 2 | I20: 400002 | J20: ЦЭМ Челябинская область (2009) разд.40,поз.0002 | K20: Автомобили бортовые, грузоподъемность до 8 т | L20: 1368 | N20: 1011 | O20: маш.-ч | P20: маш.-ч | Q20: 1 | Y20: 0.119 | AA20: 0 | AB20: 115.4 | AC20: 0 | AD20: 0 | AN20: 0 | AO20: 1 | AP20: 1 | AQ20: 0 | AR20: 0 | AT20: 0.07 | AU20: *1,7 | AV20: 0 | AW20: 2 | AX20: 13297551 | AY20: 1 | AZ20: 0 | BA20: 20 | BB20: 0 | BC20: 0 | BD20: 0 | BE20: 0 | BF20: 0 | BG20: 0 | BH20: 0 | BI20: 0 | BJ20: 0 | BK20: 0 | BL20: 0 | BM20: 0 | BN20: 0 | BO20: 0 | BP20: 0 | BQ20: 0 | BR20: 0 | BS20: 0 | BT20: 0 | BU20: 0 | BV20: 0 | BW20: 0 | CB20: 0
A21: =ROW(Source!A31) -> 31 | B21: 13297552 | C21: 13297529 | D21: 12079624 | E21: 1 | F21: 1 | G21: 1 | H21: 3 | I21: 101-1924 | J21: ССЦ Челябинская область (2009) ч.1,разд.01,поз.1924 | K21: Электроды диаметром 4 мм Э42А | L21: 1346 | N21: 1009 | O21: кг | P21: кг | Q21: 1 | Y21: 0.1 | AA21: 11.52 | AB21: 0 | AC21: 0 | AD21: 0 | AN21: 0 | AO21: 1 | AP21: 0 | AQ21: 0 | AR21: 0 | AT21: 0.1 | AV21: 0 | AW21: 2 | AX21: 13297552 | AY21: 1 | AZ21: 0 | BA21: 21 | BB21: 0 | BC21: 0 | BD21: 0 | BE21: 0 | BF21: 0 | BG21: 0 | BH21: 0 | BI21: 0 | BJ21: 0 | BK21: 0 | BL21: 0 | BM21: 0 | BN21: 0 | BO21: 0 | BP21: 0 | BQ21: 0 | BR21: 0 | BS21: 0 | BT21: 0 | BU21: 0 | BV21: 0 | BW21: 0 | CB21: 0
A22: =ROW(Source!A31) -> 31 | B22: 13297553 | C22: 13297529 | D22: 12079664 | E22: 1 | F22: 1 | G22: 1 | H22: 3 | I22: 101-1977 | J22: ССЦ Челябинская область (2009) ч.1,разд.01,поз.1977 | K22: Болты с гайками и шайбами строительные | L22: 1346 | N22: 1009 | O22: кг | P22: кг | Q22: 1 | Y22: 0.1 | AA22: 17.3 | AB22: 0 | AC22: 0 | AD22: 0 | AN22: 0 | AO22: 1 | AP22: 0 | AQ22: 0 | AR22: 0 | AT22: 0.1 | AV22: 0 | AW22: 2 | AX22: 13297553 | AY22: 1 | AZ22: 0 | BA22: 22 | BB22: 0 | BC22: 0 | BD22: 0 | BE22: 0 | BF22: 0 | BG22: 0 | BH22: 0 | BI22: 0 | BJ22: 0 | BK22: 0 | BL22: 0 | BM22: 0 | BN22: 0 | BO22: 0 | BP22: 0 | BQ22: 0 | BR22: 0 | BS22: 0 | BT22: 0 | BU22: 0 | BV22: 0 | BW22: 0 | CB22: 0
A23: =ROW(Source!A31) -> 31 | B23: 13297554 | C23: 13297529 | D23: 12079806 | E23: 1 | F23: 1 | G23: 1 | H23: 3 | I23: 101-2143 | J23: ССЦ Челябинская область (2009) ч.1,разд.01,поз.2143 | K23: Краска | L23: 1346 | N23: 1009 | O23: кг | P23: кг | Q23: 1 | Y23: 0.02 | AA23: 19.1 | AB23: 0 | AC23: 0 | AD23: 0 | AN23: 0 | AO23: 1 | AP23: 0 | AQ23: 0 | AR23: 0 | AT23: 0.02 | AV23: 0 | AW23: 2 | AX23: 13297554 | AY23: 1 | AZ23: 0 | BA23: 23 | BB23: 0 | BC23: 0 | BD23: 0 | BE23: 0 | BF23: 0 | BG23: 0 | BH23: 0 | BI23: 0 | BJ23: 0 | BK23: 0 | BL23: 0 | BM23: 0 | BN23: 0 | BO23: 0 | BP23: 0 | BQ23: 0 | BR23: 0 | BS23: 0 | BT23: 0 | BU23: 0 | BV23: 0 | BW23: 0 | CB23: 0
A24: =ROW(Source!A31) -> 31 | B24: 13297555 | C24: 13297529 | D24: 12117044 | E24: 1 | F24: 1 | G24: 1 | H24: 3 | I24: 999-9950 | J24: ССЦ Челябинская область (2009) ч.9,разд.99,поз.9950 | K24: Вспомогательные материалы (2% от ОЗП) | L24: 1344 | N24: 1008 | O24: руб. | P24: руб. | Q24: 1 | Y24: 0.59 | AA24: 1 | AB24: 0 | AC24: 0 | AD24: 0 | AN24: 0 | AO24: 1 | AP24: 0 | AQ24: 0 | AR24: 0 | AT24: 0.59 | AV24: 0 | AW24: 2 | AX24: 13297555 | AY24: 1 | AZ24: 0 | BA24: 24 | BB24: 0 | BC24: 0 | BD24: 0 | BE24: 0 | BF24: 0 | BG24: 0 | BH24: 0 | BI24: 0 | BJ24: 0 | BK24: 0 | BL24: 0 | BM24: 0 | BN24: 0 | BO24: 0 | BP24: 0 | BQ24: 0 | BR24: 0 | BS24: 0 | BT24: 0 | BU24: 0 | BV24: 0 | BW24: 0 | CB24: 0
A25: =ROW(Source!A32) -> 32 | B25: 13297557 | C25: 13297530 | D25: 12389761 | E25: 1 | F25: 1 | G25: 1 | H25: 1 | I25: 1-2042-74 | K25: Рабочий монтажник среднего разряда 4,2 | L25: 1369 | N25: 1013 | O25: чел.-ч | P25: чел.-ч | Q25: 1 | Y25: 1.751 | AA25: 0 | AB25: 0 | AC25: 0 | AD25: 12.54 | AN25: 0 | AO25: 1 | AP25: 1 | AQ25: 0 | AR25: 0 | AT25: 1.03 | AU25: *1,7 | AV25: 1 | AW25: 2 | AX25: 13297557 | AY25: 1 | AZ25: 0 | BA25: 25 | BB25: 0 | BC25: 0 | BD25: 0 | BE25: 0 | BF25: 0 | BG25: 0 | BH25: 0 | BI25: 0 | BJ25: 0 | BK25: 0 | BL25: 0 | BM25: 0 | BN25: 0 | BO25: 0 | BP25: 0 | BQ25: 0 | BR25: 0 | BS25: 0 | BT25: 0 | BU25: 0 | BV25: 0 | BW25: 0 | CB25: 0
A26: =ROW(Source!A32) -> 32 | B26: 13297558 | C26: 13297530 | D26: 12115820 | E26: 1 | F26: 1 | G26: 1 | H26: 3 | I26: 509-2160 | J26: ССЦ Челябинская область (2009) ч.5,разд.09,поз.2160 | K26: Прокладки паронитовые | L26: 1346 | N26: 1009 | O26: кг | P26: кг | Q26: 1 | Y26: 0.042 | AA26: 24.9 | AB26: 0 | AC26: 0 | AD26: 0 | AN26: 0 | AO26: 1 | AP26: 0 | AQ26: 0 | AR26: 0 | AT26: 0.042 | AV26: 0 | AW26: 2 | AX26: 13297558 | AY26: 1 | AZ26: 0 | BA26: 26 | BB26: 0 | BC26: 0 | BD26: 0 | BE26: 0 | BF26: 0 | BG26: 0 | BH26: 0 | BI26: 0 | BJ26: 0 | BK26: 0 | BL26: 0 | BM26: 0 | BN26: 0 | BO26: 0 | BP26: 0 | BQ26: 0 | BR26: 0 | BS26: 0 | BT26: 0 | BU26: 0 | BV26: 0 | BW26: 0 | CB26: 0
A27: =ROW(Source!A32) -> 32 | B27: 13297559 | C27: 13297530 | D27: 12117044 | E27: 1 | F27: 1 | G27: 1 | H27: 3 | I27: 999-9950 | J27: ССЦ Челябинская область (2009) ч.9,разд.99,поз.9950 | K27: Вспомогательные материалы (2% от ОЗП) | L27: 1344 | N27: 1008 | O27: руб. | P27: руб. | Q27: 1 | Y27: 0.26 | AA27: 1 | AB27: 0 | AC27: 0 | AD27: 0 | AN27: 0 | AO27: 1 | AP27: 0 | AQ27: 0 | AR27: 0 | AT27: 0.26 | AV27: 0 | AW27: 2 | AX27: 13297559 | AY27: 1 | AZ27: 0 | BA27: 27 | BB27: 0 | BC27: 0 | BD27: 0 | BE27: 0 | BF27: 0 | BG27: 0 | BH27: 0 | BI27: 0 | BJ27: 0 | BK27: 0 | BL27: 0 | BM27: 0 | BN27: 0 | BO27: 0 | BP27: 0 | BQ27: 0 | BR27: 0 | BS27: 0 | BT27: 0 | BU27: 0 | BV27: 0 | BW27: 0 | CB27: 0
A28: =ROW(Source!A33) -> 33 | B28: 13297560 | C28: 13297531 | D28: 12388959 | E28: 1 | F28: 1 | G28: 1 | H28: 1 | I28: 1-2040-74 | K28: Рабочий монтажник среднего разряда 4 | L28: 1369 | N28: 1013 | O28: чел.-ч | P28: чел.-ч | Q28: 1 | Y28: 41.48 | AA28: 0 | AB28: 0 | AC28: 0 | AD28: 12.16 | AN28: 0 | AO28: 1 | AP28: 1 | AQ28: 0 | AR28: 0 | AT28: 24.4 | AU28: *1,7 | AV28: 1 | AW28: 2 | AX28: 13297560 | AY28: 1 | AZ28: 0 | BA28: 28 | BB28: 0 | BC28: 0 | BD28: 0 | BE28: 0 | BF28: 0 | BG28: 0 | BH28: 0 | BI28: 0 | BJ28: 0 | BK28: 0 | BL28: 0 | BM28: 0 | BN28: 0 | BO28: 0 | BP28: 0 | BQ28: 0 | BR28: 0 | BS28: 0 | BT28: 0 | BU28: 0 | BV28: 0 | BW28: 0 | CB28: 0
A29: =ROW(Source!A33) -> 33 | B29: 13297561 | C29: 13297531 | D29: 121548 | E29: 1 | F29: 1 | G29: 1 | H29: 1 | I29: 2 | K29: Затраты труда машинистов | L29: 608254 | N29: 1013 | O29: чел.час | P29: чел.час | Q29: 1 | Y29: 1.156 | AA29: 0 | AB29: 0 | AC29: 0 | AD29: 0 | AN29: 0 | AO29: 1 | AP29: 1 | AQ29: 0 | AR29: 0 | AT29: 0.68 | AU29: *1,7 | AV29: 2 | AW29: 2 | AX29: 13297561 | AY29: 1 | AZ29: 0 | BA29: 29 | BB29: 0 | BC29: 0 | BD29: 0 | BE29: 0 | BF29: 0 | BG29: 0 | BH29: 0 | BI29: 0 | BJ29: 0 | BK29: 0 | BL29: 0 | BM29: 0 | BN29: 0 | BO29: 0 | BP29: 0 | BQ29: 0 | BR29: 0 | BS29: 0 | BT29: 0 | BU29: 0 | BV29: 0 | BW29: 0 | CB29: 0
A30: =ROW(Source!A33) -> 33 | B30: 13297562 | C30: 13297531 | D30: 12074364 | E30: 1 | F30: 1 | G30: 1 | H30: 2 | I30: 021102 | J30: ЦЭМ Челябинская область (2009) разд.02,поз.1102 | K30: Краны на автомобильном ходу при работе на монтаже технологического оборудования 10 т | L30: 1368 | N30: 1011 | O30: маш.-ч | P30: маш.-ч | Q30: 1 | Y30: 1.156 | AA30: 0 | AB30: 134.07 | AC30: 0 | AD30: 0 | AN30: 0 | AO30: 1 | AP30: 1 | AQ30: 0 | AR30: 0 | AT30: 0.68 | AU30: *1,7 | AV30: 0 | AW30: 2 | AX30: 13297562 | AY30: 1 | AZ30: 0 | BA30: 30 | BB30: 0 | BC30: 0 | BD30: 0 | BE30: 0 | BF30: 0 | BG30: 0 | BH30: 0 | BI30: 0 | BJ30: 0 | BK30: 0 | BL30: 0 | BM30: 0 | BN30: 0 | BO30: 0 | BP30: 0 | BQ30: 0 | BR30: 0 | BS30: 0 | BT30: 0 | BU30: 0 | BV30: 0 | BW30: 0 | CB30: 0
A31: =ROW(Source!A33) -> 33 | B31: 13297563 | C31: 13297531 | D31: 12077046 | E31: 1 | F31: 1 | G31: 1 | H31: 2 | I31: 400002 | J31: ЦЭМ Челябинская область (2009) разд.40,поз.0002 | K31: Автомобили бортовые, грузоподъемность до 8 т | L31: 1368 | N31: 1011 | O31: маш.-ч | P31: маш.-ч | Q31: 1 | Y31: 1.156 | AA31: 0 | AB31: 115.4 | AC31: 0 | AD31: 0 | AN31: 0 | AO31: 1 | AP31: 1 | AQ31: 0 | AR31: 0 | AT31: 0.68 | AU31: *1,7 | AV31: 0 | AW31: 2 | AX31: 13297563 | AY31: 1 | AZ31: 0 | BA31: 31 | BB31: 0 | BC31: 0 | BD31: 0 | BE31: 0 | BF31: 0 | BG31: 0 | BH31: 0 | BI31: 0 | BJ31: 0 | BK31: 0 | BL31: 0 | BM31: 0 | BN31: 0 | BO31: 0 | BP31: 0 | BQ31: 0 | BR31: 0 | BS31: 0 | BT31: 0 | BU31: 0 | BV31: 0 | BW31: 0 | CB31: 0
A32: =ROW(Source!A33) -> 33 | B32: 13297564 | C32: 13297531 | D32: 12117044 | E32: 1 | F32: 1 | G32: 1 | H32: 3 | I32: 999-9950 | J32: ССЦ Челябинская область (2009) ч.9,разд.99,поз.9950 | K32: Вспомогательные материалы (2% от ОЗП) | L32: 1344 | N32: 1008 | O32: руб. | P32: руб. | Q32: 1 | Y32: 5.93 | AA32: 1 | AB32: 0 | AC32: 0 | AD32: 0 | AN32: 0 | AO32: 1 | AP32: 0 | AQ32: 0 | AR32: 0 | AT32: 5.93 | AV32: 0 | AW32: 2 | AX32: 13297564 | AY32: 1 | AZ32: 0 | BA32: 32 | BB32: 0 | BC32: 0 | BD32: 0 | BE32: 0 | BF32: 0 | BG32: 0 | BH32: 0 | BI32: 0 | BJ32: 0 | BK32: 0 | BL32: 0 | BM32: 0 | BN32: 0 | BO32: 0 | BP32: 0 | BQ32: 0 | BR32: 0 | BS32: 0 | BT32: 0 | BU32: 0 | BV32: 0 | BW32: 0 | CB32: 0
A33: =ROW(Source!A34) -> 34 | B33: 13297568 | C33: 13297565 | D33: 12388959 | E33: 1 | F33: 1 | G33: 1 | H33: 1 | I33: 1-2040-74 | K33: Рабочий монтажник среднего разряда 4 | L33: 1369 | N33: 1013 | O33: чел.-ч | P33: чел.-ч | Q33: 1 | Y33: 19.72 | AA33: 0 | AB33: 0 | AC33: 0 | AD33: 12.16 | AN33: 0 | AO33: 1 | AP33: 1 | AQ33: 0 | AR33: 0 | AT33: 11.6 | AU33: *1,7 | AV33: 1 | AW33: 2 | AX33: 13297568 | AY33: 1 | AZ33: 0 | BA33: 33 | BB33: 0 | BC33: 0 | BD33: 0 | BE33: 0 | BF33: 0 | BG33: 0 | BH33: 0 | BI33: 0 | BJ33: 0 | BK33: 0 | BL33: 0 | BM33: 0 | BN33: 0 | BO33: 0 | BP33: 0 | BQ33: 0 | BR33: 0 | BS33: 0 | BT33: 0 | BU33: 0 | BV33: 0 | BW33: 0 | CB33: 0
A34: =ROW(Source!A34) -> 34 | B34: 13297569 | C34: 13297565 | D34: 121548 | E34: 1 | F34: 1 | G34: 1 | H34: 1 | I34: 2 | K34: Затраты труда машинистов | L34: 608254 | N34: 1013 | O34: чел.час | P34: чел.час | Q34: 1 | Y34: 5.032 | AA34: 0 | AB34: 0 | AC34: 0 | AD34: 0 | AN34: 0 | AO34: 1 | AP34: 1 | AQ34: 0 | AR34: 0 | AT34: 2.96 | AU34: *1,7 | AV34: 2 | AW34: 2 | AX34: 13297569 | AY34: 1 | AZ34: 0 | BA34: 34 | BB34: 0 | BC34: 0 | BD34: 0 | BE34: 0 | BF34: 0 | BG34: 0 | BH34: 0 | BI34: 0 | BJ34: 0 | BK34: 0 | BL34: 0 | BM34: 0 | BN34: 0 | BO34: 0 | BP34: 0 | BQ34: 0 | BR34: 0 | BS34: 0 | BT34: 0 | BU34: 0 | BV34: 0 | BW34: 0 | CB34: 0
A35: =ROW(Source!A34) -> 34 | B35: 13297570 | C35: 13297565 | D35: 12074364 | E35: 1 | F35: 1 | G35: 1 | H35: 2 | I35: 021102 | J35: ЦЭМ Челябинская область (2009) разд.02,поз.1102 | K35: Краны на автомобильном ходу при работе на монтаже технологического оборудования 10 т | L35: 1368 | N35: 1011 | O35: маш.-ч | P35: маш.-ч | Q35: 1 | Y35: 0.357 | AA35: 0 | AB35: 134.07 | AC35: 0 | AD35: 0 | AN35: 0 | AO35: 1 | AP35: 1 | AQ35: 0 | AR35: 0 | AT35: 0.21 | AU35: *1,7 | AV35: 0 | AW35: 2 | AX35: 13297570 | AY35: 1 | AZ35: 0 | BA35: 35 | BB35: 0 | BC35: 0 | BD35: 0 | BE35: 0 | BF35: 0 | BG35: 0 | BH35: 0 | BI35: 0 | BJ35: 0 | BK35: 0 | BL35: 0 | BM35: 0 | BN35: 0 | BO35: 0 | BP35: 0 | BQ35: 0 | BR35: 0 | BS35: 0 | BT35: 0 | BU35: 0 | BV35: 0 | BW35: 0 | CB35: 0
A36: =ROW(Source!A34) -> 34 | B36: 13297571 | C36: 13297565 | D36: 12074526 | E36: 1 | F36: 1 | G36: 1 | H36: 2 | I36: 030203 | J36: ЦЭМ Челябинская область (2009) разд.03,поз.0203 | K36: Домкраты гидравлические грузоподъемностью 63 т | L36: 1368 | N36: 1011 | O36: маш.-ч | P36: маш.-ч | Q36: 1 | Y36: 4.675 | AA36: 0 | AB36: 1.31 | AC36: 0 | AD36: 0 | AN36: 0 | AO36: 1 | AP36: 1 | AQ36: 0 | AR36: 0 | AT36: 2.75 | AU36: *1,7 | AV36: 0 | AW36: 2 | AX36: 13297571 | AY36: 1 | AZ36: 0 | BA36: 36 | BB36: 0 | BC36: 0 | BD36: 0 | BE36: 0 | BF36: 0 | BG36: 0 | BH36: 0 | BI36: 0 | BJ36: 0 | BK36: 0 | BL36: 0 | BM36: 0 | BN36: 0 | BO36: 0 | BP36: 0 | BQ36: 0 | BR36: 0 | BS36: 0 | BT36: 0 | BU36: 0 | BV36: 0 | BW36: 0 | CB36: 0
A37: =ROW(Source!A34) -> 34 | B37: 13297572 | C37: 13297565 | D37: 12074557 | E37: 1 | F37: 1 | G37: 1 | H37: 2 | I37: 030408 | J37: ЦЭМ Челябинская область (2009) разд.03,поз.0408 | K37: Лебедки электрические тяговым усилием 156,96 кН (16 т) | L37: 1368 | N37: 1011 | O37: маш.-ч | P37: маш.-ч | Q37: 1 | Y37: 4.675 | AA37: 0 | AB37: 137.85 | AC37: 0 | AD37: 0 | AN37: 0 | AO37: 1 | AP37: 1 | AQ37: 0 | AR37: 0 | AT37: 2.75 | AU37: *1,7 | AV37: 0 | AW37: 2 | AX37: 13297572 | AY37: 1 | AZ37: 0 | BA37: 37 | BB37: 0 | BC37: 0 | BD37: 0 | BE37: 0 | BF37: 0 | BG37: 0 | BH37: 0 | BI37: 0 | BJ37: 0 | BK37: 0 | BL37: 0 | BM37: 0 | BN37: 0 | BO37: 0 | BP37: 0 | BQ37: 0 | BR37: 0 | BS37: 0 | BT37: 0 | BU37: 0 | BV37: 0 | BW37: 0 | CB37: 0
A38: =ROW(Source!A34) -> 34 | B38: 13297573 | C38: 13297565 | D38: 12077046 | E38: 1 | F38: 1 | G38: 1 | H38: 2 | I38: 400002 | J38: ЦЭМ Челябинская область (2009) разд.40,поз.0002 | K38: Автомобили бортовые, грузоподъемность до 8 т | L38: 1368 | N38: 1011 | O38: маш.-ч | P38: маш.-ч | Q38: 1 | Y38: 0.357 | AA38: 0 | AB38: 115.4 | AC38: 0 | AD38: 0 | AN38: 0 | AO38: 1 | AP38: 1 | AQ38: 0 | AR38: 0 | AT38: 0.21 | AU38: *1,7 | AV38: 0 | AW38: 2 | AX38: 13297573 | AY38: 1 | AZ38: 0 | BA38: 38 | BB38: 0 | BC38: 0 | BD38: 0 | BE38: 0 | BF38: 0 | BG38: 0 | BH38: 0 | BI38: 0 | BJ38: 0 | BK38: 0 | BL38: 0 | BM38: 0 | BN38: 0 | BO38: 0 | BP38: 0 | BQ38: 0 | BR38: 0 | BS38: 0 | BT38: 0 | BU38: 0 | BV38: 0 | BW38: 0 | CB38: 0
A39: =ROW(Source!A34) -> 34 | B39: 13297574 | C39: 13297565 | D39: 12078646 | E39: 1 | F39: 1 | G39: 1 | H39: 3 | I39: 101-0813 | J39: ССЦ Челябинская область (2009) ч.1,разд.01,поз.0813 | K39: Проволока стальная низкоуглеродистая разного назначения оцинкованная диаметром 3,0 мм | L39: 1348 | N39: 1009 | O39: т | P39: т | Q39: 1000 | Y39: 0.0001 | AA39: 12000 | AB39: 0 | AC39: 0 | AD39: 0 | AN39: 0 | AO39: 1 | AP39: 0 | AQ39: 0 | AR39: 0 | AT39: 0.0001 | AV39: 0 | AW39: 2 | AX39: 13297574 | AY39: 1 | AZ39: 0 | BA39: 39 | BB39: 0 | BC39: 0 | BD39: 0 | BE39: 0 | BF39: 0 | BG39: 0 | BH39: 0 | BI39: 0 | BJ39: 0 | BK39: 0 | BL39: 0 | BM39: 0 | BN39: 0 | BO39: 0 | BP39: 0 | BQ39: 0 | BR39: 0 | BS39: 0 | BT39: 0 | BU39: 0 | BV39: 0 | BW39: 0 | CB39: 0
A40: =ROW(Source!A34) -> 34 | B40: 13297575 | C40: 13297565 | D40: 12078694 | E40: 1 | F40: 1 | G40: 1 | H40: 3 | I40: 101-0865 | J40: ССЦ Челябинская область (2009) ч.1,разд.01,поз.0865 | K40: Роли свинцовые марки С1 толщиной 1,0 мм | L40: 1348 | N40: 1009 | O40: т | P40: т | Q40: 1000 | Y40: 0.00062 | AA40: 22180 | AB40: 0 | AC40: 0 | AD40: 0 | AN40: 0 | AO40: 1 | AP40: 0 | AQ40: 0 | AR40: 0 | AT40: 0.00062 | AV40: 0 | AW40: 2 | AX40: 13297575 | AY40: 1 | AZ40: 0 | BA40: 40 | BB40: 0 | BC40: 0 | BD40: 0 | BE40: 0 | BF40: 0 | BG40: 0 | BH40: 0 | BI40: 0 | BJ40: 0 | BK40: 0 | BL40: 0 | BM40: 0 | BN40: 0 | BO40: 0 | BP40: 0 | BQ40: 0 | BR40: 0 | BS40: 0 | BT40: 0 | BU40: 0 | BV40: 0 | BW40: 0 | CB40: 0
A41: =ROW(Source!A34) -> 34 | B41: 13297576 | C41: 13297565 | D41: 12079215 | E41: 1 | F41: 1 | G41: 1 | H41: 3 | I41: 101-1481 | J41: ССЦ Челябинская область (2009) ч.1,разд.01,поз.1481 | K41: Шурупы с полукруглой головкой 4x40 мм | L41: 1348 | N41: 1009 | O41: т | P41: т | Q41: 1000 | Y41: 0.00011 | AA41: 11540 | AB41: 0 | AC41: 0 | AD41: 0 | AN41: 0 | AO41: 1 | AP41: 0 | AQ41: 0 | AR41: 0 | AT41: 0.00011 | AV41: 0 | AW41: 2 | AX41: 13297576 | AY41: 1 | AZ41: 0 | BA41: 41 | BB41: 0 | BC41: 0 | BD41: 0 | BE41: 0 | BF41: 0 | BG41: 0 | BH41: 0 | BI41: 0 | BJ41: 0 | BK41: 0 | BL41: 0 | BM41: 0 | BN41: 0 | BO41: 0 | BP41: 0 | BQ41: 0 | BR41: 0 | BS41: 0 | BT41: 0 | BU41: 0 | BV41: 0 | BW41: 0 | CB41: 0
A42: =ROW(Source!A34) -> 34 | B42: 13297577 | C42: 13297565 | D42: 12080124 | E42: 1 | F42: 1 | G42: 1 | H42: 3 | I42: 101-2478 | J42: ССЦ Челябинская область (2009) ч.1,разд.01,поз.2478 | K42: Лента К226 | L42: 1308 | N42: 1003 | O42: 100 м | P42: 100 м | Q42: 100 | Y42: 0.0245 | AA42: 214 | AB42: 0 | AC42: 0 | AD42: 0 | AN42: 0 | AO42: 1 | AP42: 0 | AQ42: 0 | AR42: 0 | AT42: 0.0245 | AV42: 0 | AW42: 2 | AX42: 13297577 | AY42: 1 | AZ42: 0 | BA42: 42 | BB42: 0 | BC42: 0 | BD42: 0 | BE42: 0 | BF42: 0 | BG42: 0 | BH42: 0 | BI42: 0 | BJ42: 0 | BK42: 0 | BL42: 0 | BM42: 0 | BN42: 0 | BO42: 0 | BP42: 0 | BQ42: 0 | BR42: 0 | BS42: 0 | BT42: 0 | BU42: 0 | BV42: 0 | BW42: 0 | CB42: 0
A43: =ROW(Source!A34) -> 34 | B43: 13297578 | C43: 13297565 | D43: 12086052 | E43: 1 | F43: 1 | G43: 1 | H43: 3 | I43: 111-0086 | J43: ССЦ Челябинская область (2009) ч.1,разд.11,поз.0086 | K43: Бирки маркировочные | L43: 1355 | N43: 1010 | O43: 100 шт. | P43: 100 шт. | Q43: 100 | Y43: 0.1 | AA43: 143.07 | AB43: 0 | AC43: 0 | AD43: 0 | AN43: 0 | AO43: 1 | AP43: 0 | AQ43: 0 | AR43: 0 | AT43: 0.1 | AV43: 0 | AW43: 2 | AX43: 13297578 | AY43: 1 | AZ43: 0 | BA43: 43 | BB43: 0 | BC43: 0 | BD43: 0 | BE43: 0 | BF43: 0 | BG43: 0 | BH43: 0 | BI43: 0 | BJ43: 0 | BK43: 0 | BL43: 0 | BM43: 0 | BN43: 0 | BO43: 0 | BP43: 0 | BQ43: 0 | BR43: 0 | BS43: 0 | BT43: 0 | BU43: 0 | BV43: 0 | BW43: 0 | CB43: 0
A44: =ROW(Source!A34) -> 34 | B44: 13297579 | C44: 13297565 | D44: 12086661 | E44: 1 | F44: 1 | G44: 1 | H44: 3 | I44: 113-1786 | J44: ССЦ Челябинская область (2009) ч.1,разд.13,поз.1786 | K44: Лак битумный БТ-123 | L44: 1348 | N44: 1009 | O44: т | P44: т | Q44: 1000 | Y44: 0.00072 | AA44: 16640 | AB44: 0 | AC44: 0 | AD44: 0 | AN44: 0 | AO44: 1 | AP44: 0 | AQ44: 0 | AR44: 0 | AT44: 0.00072 | AV44: 0 | AW44: 2 | AX44: 13297579 | AY44: 1 | AZ44: 0 | BA44: 44 | BB44: 0 | BC44: 0 | BD44: 0 | BE44: 0 | BF44: 0 | BG44: 0 | BH44: 0 | BI44: 0 | BJ44: 0 | BK44: 0 | BL44: 0 | BM44: 0 | BN44: 0 | BO44: 0 | BP44: 0 | BQ44: 0 | BR44: 0 | BS44: 0 | BT44: 0 | BU44: 0 | BV44: 0 | BW44: 0 | CB44: 0
A45: =ROW(Source!A34) -> 34 | B45: 13297580 | C45: 13297565 | D45: 12110825 | E45: 1 | F45: 1 | G45: 1 | H45: 3 | I45: 506-1362 | J45: ССЦ Челябинская область (2009) ч.5,разд.06,поз.1362 | K45: Припои оловянно-свинцовые бессурьмянистые марки ПОС30 | L45: 1346 | N45: 1009 | O45: кг | P45: кг | Q45: 1 | Y45: 0.26 | AA45: 69.9 | AB45: 0 | AC45: 0 | AD45: 0 | AN45: 0 | AO45: 1 | AP45: 0 | AQ45: 0 | AR45: 0 | AT45: 0.26 | AV45: 0 | AW45: 2 | AX45: 13297580 | AY45: 1 | AZ45: 0 | BA45: 45 | BB45: 0 | BC45: 0 | BD45: 0 | BE45: 0 | BF45: 0 | BG45: 0 | BH45: 0 | BI45: 0 | BJ45: 0 | BK45: 0 | BL45: 0 | BM45: 0 | BN45: 0 | BO45: 0 | BP45: 0 | BQ45: 0 | BR45: 0 | BS45: 0 | BT45: 0 | BU45: 0 | BV45: 0 | BW45: 0 | CB45: 0
A46: =ROW(Source!A34) -> 34 | B46: 13297581 | C46: 13297565 | D46: 12114225 | E46: 1 | F46: 1 | G46: 1 | H46: 3 | I46: 509-0070 | J46: ССЦ Челябинская область (2009) ч.5,разд.09,поз.0070 | K46: Кнопки монтажные | L46: 1356 | N46: 1010 | O46: 1000 шт. | P46: 1000 шт. | Q46: 1000 | Y46: 0.0208 | AA46: 17.8 | AB46: 0 | AC46: 0 | AD46: 0 | AN46: 0 | AO46: 1 | AP46: 0 | AQ46: 0 | AR46: 0 | AT46: 0.0208 | AV46: 0 | AW46: 2 | AX46: 13297581 | AY46: 1 | AZ46: 0 | BA46: 46 | BB46: 0 | BC46: 0 | BD46: 0 | BE46: 0 | BF46: 0 | BG46: 0 | BH46: 0 | BI46: 0 | BJ46: 0 | BK46: 0 | BL46: 0 | BM46: 0 | BN46: 0 | BO46: 0 | BP46: 0 | BQ46: 0 | BR46: 0 | BS46: 0 | BT46: 0 | BU46: 0 | BV46: 0 | BW46: 0 | CB46: 0
A47: =ROW(Source!A34) -> 34 | B47: 13297582 | C47: 13297565 | D47: 12114257 | E47: 1 | F47: 1 | G47: 1 | H47: 3 | I47: 509-0102 | J47: ССЦ Челябинская область (2009) ч.5,разд.09,поз.0102 | K47: Скобы | L47: 1358 | N47: 1010 | O47: 10 шт. | P47: 10 шт. | Q47: 10 | Y47: 1.8 | AA47: 64.8 | AB47: 0 | AC47: 0 | AD47: 0 | AN47: 0 | AO47: 1 | AP47: 0 | AQ47: 0 | AR47: 0 | AT47: 1.8 | AV47: 0 | AW47: 2 | AX47: 13297582 | AY47: 1 | AZ47: 0 | BA47: 47 | BB47: 0 | BC47: 0 | BD47: 0 | BE47: 0 | BF47: 0 | BG47: 0 | BH47: 0 | BI47: 0 | BJ47: 0 | BK47: 0 | BL47: 0 | BM47: 0 | BN47: 0 | BO47: 0 | BP47: 0 | BQ47: 0 | BR47: 0 | BS47: 0 | BT47: 0 | BU47: 0 | BV47: 0 | BW47: 0 | CB47: 0
A48: =ROW(Source!A34) -> 34 | B48: 13297583 | C48: 13297565 | D48: 12117044 | E48: 1 | F48: 1 | G48: 1 | H48: 3 | I48: 999-9950 | J48: ССЦ Челябинская область (2009) ч.9,разд.99,поз.9950 | K48: Вспомогательные материалы (2% от ОЗП) | L48: 1344 | N48: 1008 | O48: руб. | P48: руб. | Q48: 1 | Y48: 2.82 | AA48: 1 | AB48: 0 | AC48: 0 | AD48: 0 | AN48: 0 | AO48: 1 | AP48: 0 | AQ48: 0 | AR48: 0 | AT48: 2.82 | AV48: 0 | AW48: 2 | AX48: 13297583 | AY48: 1 | AZ48: 0 | BA48: 48 | BB48: 0 | BC48: 0 | BD48: 0 | BE48: 0 | BF48: 0 | BG48: 0 | BH48: 0 | BI48: 0 | BJ48: 0 | BK48: 0 | BL48: 0 | BM48: 0 | BN48: 0 | BO48: 0 | BP48: 0 | BQ48: 0 | BR48: 0 | BS48: 0 | BT48: 0 | BU48: 0 | BV48: 0 | BW48: 0 | CB48: 0
A49: =ROW(Source!A35) -> 35 | B49: 13297602 | C49: 13297566 | D49: 12388959 | E49: 1 | F49: 1 | G49: 1 | H49: 1 | I49: 1-2040-74 | K49: Рабочий монтажник среднего разряда 4 | L49: 1369 | N49: 1013 | O49: чел.-ч | P49: чел.-ч | Q49: 1 | Y49: 24.14 | AA49: 0 | AB49: 0 | AC49: 0 | AD49: 12.16 | AN49: 0 | AO49: 1 | AP49: 1 | AQ49: 0 | AR49: 0 | AT49: 14.2 | AU49: *1,7 | AV49: 1 | AW49: 2 | AX49: 13297602 | AY49: 1 | AZ49: 0 | BA49: 49 | BB49: 0 | BC49: 0 | BD49: 0 | BE49: 0 | BF49: 0 | BG49: 0 | BH49: 0 | BI49: 0 | BJ49: 0 | BK49: 0 | BL49: 0 | BM49: 0 | BN49: 0 | BO49: 0 | BP49: 0 | BQ49: 0 | BR49: 0 | BS49: 0 | BT49: 0 | BU49: 0 | BV49: 0 | BW49: 0 | CB49: 0
A50: =ROW(Source!A35) -> 35 | B50: 13297603 | C50: 13297566 | D50: 121548 | E50: 1 | F50: 1 | G50: 1 | H50: 1 | I50: 2 | K50: Затраты труда машинистов | L50: 608254 | N50: 1013 | O50: чел.час | P50: чел.час | Q50: 1 | Y50: 7.463 | AA50: 0 | AB50: 0 | AC50: 0 | AD50: 0 | AN50: 0 | AO50: 1 | AP50: 1 | AQ50: 0 | AR50: 0 | AT50: 4.39 | AU50: *1,7 | AV50: 2 | AW50: 2 | AX50: 13297603 | AY50: 1 | AZ50: 0 | BA50: 50 | BB50: 0 | BC50: 0 | BD50: 0 | BE50: 0 | BF50: 0 | BG50: 0 | BH50: 0 | BI50: 0 | BJ50: 0 | BK50: 0 | BL50: 0 | BM50: 0 | BN50: 0 | BO50: 0 | BP50: 0 | BQ50: 0 | BR50: 0 | BS50: 0 | BT50: 0 | BU50: 0 | BV50: 0 | BW50: 0 | CB50: 0
A51: =ROW(Source!A35) -> 35 | B51: 13297604 | C51: 13297566 | D51: 12074364 | E51: 1 | F51: 1 | G51: 1 | H51: 2 | I51: 021102 | J51: ЦЭМ Челябинская область (2009) разд.02,поз.1102 | K51: Краны на автомобильном ходу при работе на монтаже технологического оборудования 10 т | L51: 1368 | N51: 1011 | O51: маш.-ч | P51: маш.-ч | Q51: 1 | Y51: 1.989 | AA51: 0 | AB51: 134.07 | AC51: 0 | AD51: 0 | AN51: 0 | AO51: 1 | AP51: 1 | AQ51: 0 | AR51: 0 | AT51: 1.17 | AU51: *1,7 | AV51: 0 | AW51: 2 | AX51: 13297604 | AY51: 1 | AZ51: 0 | BA51: 51 | BB51: 0 | BC51: 0 | BD51: 0 | BE51: 0 | BF51: 0 | BG51: 0 | BH51: 0 | BI51: 0 | BJ51: 0 | BK51: 0 | BL51: 0 | BM51: 0 | BN51: 0 | BO51: 0 | BP51: 0 | BQ51: 0 | BR51: 0 | BS51: 0 | BT51: 0 | BU51: 0 | BV51: 0 | BW51: 0 | CB51: 0
A52: =ROW(Source!A35) -> 35 | B52: 13297605 | C52: 13297566 | D52: 12074526 | E52: 1 | F52: 1 | G52: 1 | H52: 2 | I52: 030203 | J52: ЦЭМ Челябинская область (2009) разд.03,поз.0203 | K52: Домкраты гидравлические грузоподъемностью 63 т | L52: 1368 | N52: 1011 | O52: маш.-ч | P52: маш.-ч | Q52: 1 | Y52: 5.474 | AA52: 0 | AB52: 1.31 | AC52: 0 | AD52: 0 | AN52: 0 | AO52: 1 | AP52: 1 | AQ52: 0 | AR52: 0 | AT52: 3.22 | AU52: *1,7 | AV52: 0 | AW52: 2 | AX52: 13297605 | AY52: 1 | AZ52: 0 | BA52: 52 | BB52: 0 | BC52: 0 | BD52: 0 | BE52: 0 | BF52: 0 | BG52: 0 | BH52: 0 | BI52: 0 | BJ52: 0 | BK52: 0 | BL52: 0 | BM52: 0 | BN52: 0 | BO52: 0 | BP52: 0 | BQ52: 0 | BR52: 0 | BS52: 0 | BT52: 0 | BU52: 0 | BV52: 0 | BW52: 0 | CB52: 0
A53: =ROW(Source!A35) -> 35 | B53: 13297606 | C53: 13297566 | D53: 12074557 | E53: 1 | F53: 1 | G53: 1 | H53: 2 | I53: 030408 | J53: ЦЭМ Челябинская область (2009) разд.03,поз.0408 | K53: Лебедки электрические тяговым усилием 156,96 кН (16 т) | L53: 1368 | N53: 1011 | O53: маш.-ч | P53: маш.-ч | Q53: 1 | Y53: 5.474 | AA53: 0 | AB53: 137.85 | AC53: 0 | AD53: 0 | AN53: 0 | AO53: 1 | AP53: 1 | AQ53: 0 | AR53: 0 | AT53: 3.22 | AU53: *1,7 | AV53: 0 | AW53: 2 | AX53: 13297606 | AY53: 1 | AZ53: 0 | BA53: 53 | BB53: 0 | BC53: 0 | BD53: 0 | BE53: 0 | BF53: 0 | BG53: 0 | BH53: 0 | BI53: 0 | BJ53: 0 | BK53: 0 | BL53: 0 | BM53: 0 | BN53: 0 | BO53: 0 | BP53: 0 | BQ53: 0 | BR53: 0 | BS53: 0 | BT53: 0 | BU53: 0 | BV53: 0 | BW53: 0 | CB53: 0
A54: =ROW(Source!A35) -> 35 | B54: 13297607 | C54: 13297566 | D54: 12077046 | E54: 1 | F54: 1 | G54: 1 | H54: 2 | I54: 400002 | J54: ЦЭМ Челябинская область (2009) разд.40,поз.0002 | K54: Автомобили бортовые, грузоподъемность до 8 т | L54: 1368 | N54: 1011 | O54: маш.-ч | P54: маш.-ч | Q54: 1 | Y54: 1.989 | AA54: 0 | AB54: 115.4 | AC54: 0 | AD54: 0 | AN54: 0 | AO54: 1 | AP54: 1 | AQ54: 0 | AR54: 0 | AT54: 1.17 | AU54: *1,7 | AV54: 0 | AW54: 2 | AX54: 13297607 | AY54: 1 | AZ54: 0 | BA54: 54 | BB54: 0 | BC54: 0 | BD54: 0 | BE54: 0 | BF54: 0 | BG54: 0 | BH54: 0 | BI54: 0 | BJ54: 0 | BK54: 0 | BL54: 0 | BM54: 0 | BN54: 0 | BO54: 0 | BP54: 0 | BQ54: 0 | BR54: 0 | BS54: 0 | BT54: 0 | BU54: 0 | BV54: 0 | BW54: 0 | CB54: 0
A55: =ROW(Source!A35) -> 35 | B55: 13297608 | C55: 13297566 | D55: 12078646 | E55: 1 | F55: 1 | G55: 1 | H55: 3 | I55: 101-0813 | J55: ССЦ Челябинская область (2009) ч.1,разд.01,поз.0813 | K55: Проволока стальная низкоуглеродистая разного назначения оцинкованная диаметром 3,0 мм | L55: 1348 | N55: 1009 | O55: т | P55: т | Q55: 1000 | Y55: 4e-05 | AA55: 12000 | AB55: 0 | AC55: 0 | AD55: 0 | AN55: 0 | AO55: 1 | AP55: 0 | AQ55: 0 | AR55: 0 | AT55: 4e-05 | AV55: 0 | AW55: 2 | AX55: 13297608 | AY55: 1 | AZ55: 0 | BA55: 55 | BB55: 0 | BC55: 0 | BD55: 0 | BE55: 0 | BF55: 0 | BG55: 0 | BH55: 0 | BI55: 0 | BJ55: 0 | BK55: 0 | BL55: 0 | BM55: 0 | BN55: 0 | BO55: 0 | BP55: 0 | BQ55: 0 | BR55: 0 | BS55: 0 | BT55: 0 | BU55: 0 | BV55: 0 | BW55: 0 | CB55: 0
A56: =ROW(Source!A35) -> 35 | B56: 13297609 | C56: 13297566 | D56: 12078694 | E56: 1 | F56: 1 | G56: 1 | H56: 3 | I56: 101-0865 | J56: ССЦ Челябинская область (2009) ч.1,разд.01,поз.0865 | K56: Роли свинцовые марки С1 толщиной 1,0 мм | L56: 1348 | N56: 1009 | O56: т | P56: т | Q56: 1000 | Y56: 0.0008 | AA56: 22180 | AB56: 0 | AC56: 0 | AD56: 0 | AN56: 0 | AO56: 1 | AP56: 0 | AQ56: 0 | AR56: 0 | AT56: 0.0008 | AV56: 0 | AW56: 2 | AX56: 13297609 | AY56: 1 | AZ56: 0 | BA56: 56 | BB56: 0 | BC56: 0 | BD56: 0 | BE56: 0 | BF56: 0 | BG56: 0 | BH56: 0 | BI56: 0 | BJ56: 0 | BK56: 0 | BL56: 0 | BM56: 0 | BN56: 0 | BO56: 0 | BP56: 0 | BQ56: 0 | BR56: 0 | BS56: 0 | BT56: 0 | BU56: 0 | BV56: 0 | BW56: 0 | CB56: 0
A57: =ROW(Source!A35) -> 35 | B57: 13297610 | C57: 13297566 | D57: 12079370 | E57: 1 | F57: 1 | G57: 1 | H57: 3 | I57: 101-1641 | J57: ССЦ Челябинская область (2009) ч.1,разд.01,поз.1641 | K57: Сталь угловая равнополочная, марка стали ВСт3кп2, размером 50x50x5 мм | L57: 1348 | N57: 1009 | O57: т | P57: т | Q57: 1000 | Y57: 0.01 | AA57: 5300 | AB57: 0 | AC57: 0 | AD57: 0 | AN57: 0 | AO57: 1 | AP57: 0 | AQ57: 0 | AR57: 0 | AT57: 0.01 | AV57: 0 | AW57: 2 | AX57: 13297610 | AY57: 1 | AZ57: 0 | BA57: 57 | BB57: 0 | BC57: 0 | BD57: 0 | BE57: 0 | BF57: 0 | BG57: 0 | BH57: 0 | BI57: 0 | BJ57: 0 | BK57: 0 | BL57: 0 | BM57: 0 | BN57: 0 | BO57: 0 | BP57: 0 | BQ57: 0 | BR57: 0 | BS57: 0 | BT57: 0 | BU57: 0 | BV57: 0 | BW57: 0 | CB57: 0
A58: =ROW(Source!A35) -> 35 | B58: 13297611 | C58: 13297566 | D58: 12079477 | E58: 1 | F58: 1 | G58: 1 | H58: 3 | I58: 101-1755 | J58: ССЦ Челябинская область (2009) ч.1,разд.01,поз.1755 | K58: Сталь полосовая, марка стали Ст3сп шириной 50-200 мм толщиной 4-5 мм | L58: 1348 | N58: 1009 | O58: т | P58: т | Q58: 1000 | Y58: 0.001 | AA58: 6620 | AB58: 0 | AC58: 0 | AD58: 0 | AN58: 0 | AO58: 1 | AP58: 0 | AQ58: 0 | AR58: 0 | AT58: 0.001 | AV58: 0 | AW58: 2 | AX58: 13297611 | AY58: 1 | AZ58: 0 | BA58: 58 | BB58: 0 | BC58: 0 | BD58: 0 | BE58: 0 | BF58: 0 | BG58: 0 | BH58: 0 | BI58: 0 | BJ58: 0 | BK58: 0 | BL58: 0 | BM58: 0 | BN58: 0 | BO58: 0 | BP58: 0 | BQ58: 0 | BR58: 0 | BS58: 0 | BT58: 0 | BU58: 0 | BV58: 0 | BW58: 0 | CB58: 0
A59: =ROW(Source!A35) -> 35 | B59: 13297612 | C59: 13297566 | D59: 12079806 | E59: 1 | F59: 1 | G59: 1 | H59: 3 | I59: 101-2143 | J59: ССЦ Челябинская область (2009) ч.1,разд.01,поз.2143 | K59: Краска | L59: 1346 | N59: 1009 | O59: кг | P59: кг | Q59: 1 | Y59: 0.25 | AA59: 19.1 | AB59: 0 | AC59: 0 | AD59: 0 | AN59: 0 | AO59: 1 | AP59: 0 | AQ59: 0 | AR59: 0 | AT59: 0.25 | AV59: 0 | AW59: 2 | AX59: 13297612 | AY59: 1 | AZ59: 0 | BA59: 59 | BB59: 0 | BC59: 0 | BD59: 0 | BE59: 0 | BF59: 0 | BG59: 0 | BH59: 0 | BI59: 0 | BJ59: 0 | BK59: 0 | BL59: 0 | BM59: 0 | BN59: 0 | BO59: 0 | BP59: 0 | BQ59: 0 | BR59: 0 | BS59: 0 | BT59: 0 | BU59: 0 | BV59: 0 | BW59: 0 | CB59: 0
A60: =ROW(Source!A35) -> 35 | B60: 13297613 | C60: 13297566 | D60: 12080124 | E60: 1 | F60: 1 | G60: 1 | H60: 3 | I60: 101-2478 | J60: ССЦ Челябинская область (2009) ч.1,разд.01,поз.2478 | K60: Лента К226 | L60: 1308 | N60: 1003 | O60: 100 м | P60: 100 м | Q60: 100 | Y60: 0.0096 | AA60: 214 | AB60: 0 | AC60: 0 | AD60: 0 | AN60: 0 | AO60: 1 | AP60: 0 | AQ60: 0 | AR60: 0 | AT60: 0.0096 | AV60: 0 | AW60: 2 | AX60: 13297613 | AY60: 1 | AZ60: 0 | BA60: 60 | BB60: 0 | BC60: 0 | BD60: 0 | BE60: 0 | BF60: 0 | BG60: 0 | BH60: 0 | BI60: 0 | BJ60: 0 | BK60: 0 | BL60: 0 | BM60: 0 | BN60: 0 | BO60: 0 | BP60: 0 | BQ60: 0 | BR60: 0 | BS60: 0 | BT60: 0 | BU60: 0 | BV60: 0 | BW60: 0 | CB60: 0
A61: =ROW(Source!A35) -> 35 | B61: 13297614 | C61: 13297566 | D61: 12086052 | E61: 1 | F61: 1 | G61: 1 | H61: 3 | I61: 111-0086 | J61: ССЦ Челябинская область (2009) ч.1,разд.11,поз.0086 | K61: Бирки маркировочные | L61: 1355 | N61: 1010 | O61: 100 шт. | P61: 100 шт. | Q61: 100 | Y61: 0.041 | AA61: 143.07 | AB61: 0 | AC61: 0 | AD61: 0 | AN61: 0 | AO61: 1 | AP61: 0 | AQ61: 0 | AR61: 0 | AT61: 0.041 | AV61: 0 | AW61: 2 | AX61: 13297614 | AY61: 1 | AZ61: 0 | BA61: 61 | BB61: 0 | BC61: 0 | BD61: 0 | BE61: 0 | BF61: 0 | BG61: 0 | BH61: 0 | BI61: 0 | BJ61: 0 | BK61: 0 | BL61: 0 | BM61: 0 | BN61: 0 | BO61: 0 | BP61: 0 | BQ61: 0 | BR61: 0 | BS61: 0 | BT61: 0 | BU61: 0 | BV61: 0 | BW61: 0 | CB61: 0
A62: =ROW(Source!A35) -> 35 | B62: 13297615 | C62: 13297566 | D62: 12086661 | E62: 1 | F62: 1 | G62: 1 | H62: 3 | I62: 113-1786 | J62: ССЦ Челябинская область (2009) ч.1,разд.13,поз.1786 | K62: Лак битумный БТ-123 | L62: 1348 | N62: 1009 | O62: т | P62: т | Q62: 1000 | Y62: 6e-05 | AA62: 16640 | AB62: 0 | AC62: 0 | AD62: 0 | AN62: 0 | AO62: 1 | AP62: 0 | AQ62: 0 | AR62: 0 | AT62: 6e-05 | AV62: 0 | AW62: 2 | AX62: 13297615 | AY62: 1 | AZ62: 0 | BA62: 62 | BB62: 0 | BC62: 0 | BD62: 0 | BE62: 0 | BF62: 0 | BG62: 0 | BH62: 0 | BI62: 0 | BJ62: 0 | BK62: 0 | BL62: 0 | BM62: 0 | BN62: 0 | BO62: 0 | BP62: 0 | BQ62: 0 | BR62: 0 | BS62: 0 | BT62: 0 | BU62: 0 | BV62: 0 | BW62: 0 | CB62: 0
A63: =ROW(Source!A35) -> 35 | B63: 13297616 | C63: 13297566 | D63: 12114225 | E63: 1 | F63: 1 | G63: 1 | H63: 3 | I63: 509-0070 | J63: ССЦ Челябинская область (2009) ч.5,разд.09,поз.0070 | K63: Кнопки монтажные | L63: 1356 | N63: 1010 | O63: 1000 шт. | P63: 1000 шт. | Q63: 1000 | Y63: 0.00832 | AA63: 17.8 | AB63: 0 | AC63: 0 | AD63: 0 | AN63: 0 | AO63: 1 | AP63: 0 | AQ63: 0 | AR63: 0 | AT63: 0.00832 | AV63: 0 | AW63: 2 | AX63: 13297616 | AY63: 1 | AZ63: 0 | BA63: 63 | BB63: 0 | BC63: 0 | BD63: 0 | BE63: 0 | BF63: 0 | BG63: 0 | BH63: 0 | BI63: 0 | BJ63: 0 | BK63: 0 | BL63: 0 | BM63: 0 | BN63: 0 | BO63: 0 | BP63: 0 | BQ63: 0 | BR63: 0 | BS63: 0 | BT63: 0 | BU63: 0 | BV63: 0 | BW63: 0 | CB63: 0
A64: =ROW(Source!A35) -> 35 | B64: 13297617 | C64: 13297566 | D64: 12117044 | E64: 1 | F64: 1 | G64: 1 | H64: 3 | I64: 999-9950 | J64: ССЦ Челябинская область (2009) ч.9,разд.99,поз.9950 | K64: Вспомогательные материалы (2% от ОЗП) | L64: 1344 | N64: 1008 | O64: руб. | P64: руб. | Q64: 1 | Y64: 3.45 | AA64: 1 | AB64: 0 | AC64: 0 | AD64: 0 | AN64: 0 | AO64: 1 | AP64: 0 | AQ64: 0 | AR64: 0 | AT64: 3.45 | AV64: 0 | AW64: 2 | AX64: 13297617 | AY64: 1 | AZ64: 0 | BA64: 64 | BB64: 0 | BC64: 0 | BD64: 0 | BE64: 0 | BF64: 0 | BG64: 0 | BH64: 0 | BI64: 0 | BJ64: 0 | BK64: 0 | BL64: 0 | BM64: 0 | BN64: 0 | BO64: 0 | BP64: 0 | BQ64: 0 | BR64: 0 | BS64: 0 | BT64: 0 | BU64: 0 | BV64: 0 | BW64: 0 | CB64: 0
A65: =ROW(Source!A36) -> 36 | B65: 13297634 | C65: 13297633 | D65: 12389761 | E65: 1 | F65: 1 | G65: 1 | H65: 1 | I65: 1-2042-74 | K65: Рабочий монтажник среднего разряда 4,2 | L65: 1369 | N65: 1013 | O65: чел.-ч | P65: чел.-ч | Q65: 1 | Y65: 79.22 | AA65: 0 | AB65: 0 | AC65: 0 | AD65: 12.54 | AN65: 0 | AO65: 1 | AP65: 1 | AQ65: 0 | AR65: 0 | AT65: 46.6 | AU65: *1,7 | AV65: 1 | AW65: 2 | AX65: 13297634 | AY65: 1 | AZ65: 0 | BA65: 65 | BB65: 0 | BC65: 0 | BD65: 0 | BE65: 0 | BF65: 0 | BG65: 0 | BH65: 0 | BI65: 0 | BJ65: 0 | BK65: 0 | BL65: 0 | BM65: 0 | BN65: 0 | BO65: 0 | BP65: 0 | BQ65: 0 | BR65: 0 | BS65: 0 | BT65: 0 | BU65: 0 | BV65: 0 | BW65: 0 | CB65: 0
A66: =ROW(Source!A36) -> 36 | B66: 13297635 | C66: 13297633 | D66: 121548 | E66: 1 | F66: 1 | G66: 1 | H66: 1 | I66: 2 | K66: Затраты труда машинистов | L66: 608254 | N66: 1013 | O66: чел.час | P66: чел.час | Q66: 1 | Y66: 0.051 | AA66: 0 | AB66: 0 | AC66: 0 | AD66: 0 | AN66: 0 | AO66: 1 | AP66: 1 | AQ66: 0 | AR66: 0 | AT66: 0.03 | AU66: *1,7 | AV66: 2 | AW66: 2 | AX66: 13297635 | AY66: 1 | AZ66: 0 | BA66: 66 | BB66: 0 | BC66: 0 | BD66: 0 | BE66: 0 | BF66: 0 | BG66: 0 | BH66: 0 | BI66: 0 | BJ66: 0 | BK66: 0 | BL66: 0 | BM66: 0 | BN66: 0 | BO66: 0 | BP66: 0 | BQ66: 0 | BR66: 0 | BS66: 0 | BT66: 0 | BU66: 0 | BV66: 0 | BW66: 0 | CB66: 0
A67: =ROW(Source!A36) -> 36 | B67: 13297636 | C67: 13297633 | D67: 12074364 | E67: 1 | F67: 1 | G67: 1 | H67: 2 | I67: 021102 | J67: ЦЭМ Челябинская область (2009) разд.02,поз.1102 | K67: Краны на автомобильном ходу при работе на монтаже технологического оборудования 10 т | L67: 1368 | N67: 1011 | O67: маш.-ч | P67: маш.-ч | Q67: 1 | Y67: 0.051 | AA67: 0 | AB67: 134.07 | AC67: 0 | AD67: 0 | AN67: 0 | AO67: 1 | AP67: 1 | AQ67: 0 | AR67: 0 | AT67: 0.03 | AU67: *1,7 | AV67: 0 | AW67: 2 | AX67: 13297636 | AY67: 1 | AZ67: 0 | BA67: 67 | BB67: 0 | BC67: 0 | BD67: 0 | BE67: 0 | BF67: 0 | BG67: 0 | BH67: 0 | BI67: 0 | BJ67: 0 | BK67: 0 | BL67: 0 | BM67: 0 | BN67: 0 | BO67: 0 | BP67: 0 | BQ67: 0 | BR67: 0 | BS67: 0 | BT67: 0 | BU67: 0 | BV67: 0 | BW67: 0 | CB67: 0
A68: =ROW(Source!A36) -> 36 | B68: 13297637 | C68: 13297633 | D68: 12076817 | E68: 1 | F68: 1 | G68: 1 | H68: 2 | I68: 350451 | J68: ЦЭМ Челябинская область (2009) разд.35,поз.0451 | K68: Пресс гидравлический с электроприводом | L68: 1368 | N68: 1011 | O68: маш.-ч | P68: маш.-ч | Q68: 1 | Y68: 32.64 | AA68: 0 | AB68: 1.09 | AC68: 0 | AD68: 0 | AN68: 0 | AO68: 1 | AP68: 1 | AQ68: 0 | AR68: 0 | AT68: 19.2 | AU68: *1,7 | AV68: 0 | AW68: 2 | AX68: 13297637 | AY68: 1 | AZ68: 0 | BA68: 68 | BB68: 0 | BC68: 0 | BD68: 0 | BE68: 0 | BF68: 0 | BG68: 0 | BH68: 0 | BI68: 0 | BJ68: 0 | BK68: 0 | BL68: 0 | BM68: 0 | BN68: 0 | BO68: 0 | BP68: 0 | BQ68: 0 | BR68: 0 | BS68: 0 | BT68: 0 | BU68: 0 | BV68: 0 | BW68: 0 | CB68: 0
A69: =ROW(Source!A36) -> 36 | B69: 13297638 | C69: 13297633 | D69: 12077046 | E69: 1 | F69: 1 | G69: 1 | H69: 2 | I69: 400002 | J69: ЦЭМ Челябинская область (2009) разд.40,поз.0002 | K69: Автомобили бортовые, грузоподъемность до 8 т | L69: 1368 | N69: 1011 | O69: маш.-ч | P69: маш.-ч | Q69: 1 | Y69: 0.051 | AA69: 0 | AB69: 115.4 | AC69: 0 | AD69: 0 | AN69: 0 | AO69: 1 | AP69: 1 | AQ69: 0 | AR69: 0 | AT69: 0.03 | AU69: *1,7 | AV69: 0 | AW69: 2 | AX69: 13297638 | AY69: 1 | AZ69: 0 | BA69: 69 | BB69: 0 | BC69: 0 | BD69: 0 | BE69: 0 | BF69: 0 | BG69: 0 | BH69: 0 | BI69: 0 | BJ69: 0 | BK69: 0 | BL69: 0 | BM69: 0 | BN69: 0 | BO69: 0 | BP69: 0 | BQ69: 0 | BR69: 0 | BS69: 0 | BT69: 0 | BU69: 0 | BV69: 0 | BW69: 0 | CB69: 0
A70: =ROW(Source!A36) -> 36 | B70: 13297639 | C70: 13297633 | D70: 12078342 | E70: 1 | F70: 1 | G70: 1 | H70: 3 | I70: 101-0501 | J70: ССЦ Челябинская область (2009) ч.1,разд.01,поз.0501 | K70: Лаки канифольные, марки КФ-965 | L70: 1348 | N70: 1009 | O70: т | P70: т | Q70: 1000 | Y70: 0.0003 | AA70: 65110 | AB70: 0 | AC70: 0 | AD70: 0 | AN70: 0 | AO70: 1 | AP70: 0 | AQ70: 0 | AR70: 0 | AT70: 0.0003 | AV70: 0 | AW70: 2 | AX70: 13297639 | AY70: 1 | AZ70: 0 | BA70: 70 | BB70: 0 | BC70: 0 | BD70: 0 | BE70: 0 | BF70: 0 | BG70: 0 | BH70: 0 | BI70: 0 | BJ70: 0 | BK70: 0 | BL70: 0 | BM70: 0 | BN70: 0 | BO70: 0 | BP70: 0 | BQ70: 0 | BR70: 0 | BS70: 0 | BT70: 0 | BU70: 0 | BV70: 0 | BW70: 0 | CB70: 0
A71: =ROW(Source!A36) -> 36 | B71: 13297640 | C71: 13297633 | D71: 12079653 | E71: 1 | F71: 1 | G71: 1 | H71: 3 | I71: 101-1964 | J71: ССЦ Челябинская область (2009) ч.1,разд.01,поз.1964 | K71: Шпагат бумажный | L71: 1346 | N71: 1009 | O71: кг | P71: кг | Q71: 1 | Y71: 0.09 | AA71: 12.1 | AB71: 0 | AC71: 0 | AD71: 0 | AN71: 0 | AO71: 1 | AP71: 0 | AQ71: 0 | AR71: 0 | AT71: 0.09 | AV71: 0 | AW71: 2 | AX71: 13297640 | AY71: 1 | AZ71: 0 | BA71: 71 | BB71: 0 | BC71: 0 | BD71: 0 | BE71: 0 | BF71: 0 | BG71: 0 | BH71: 0 | BI71: 0 | BJ71: 0 | BK71: 0 | BL71: 0 | BM71: 0 | BN71: 0 | BO71: 0 | BP71: 0 | BQ71: 0 | BR71: 0 | BS71: 0 | BT71: 0 | BU71: 0 | BV71: 0 | BW71: 0 | CB71: 0
A72: =ROW(Source!A36) -> 36 | B72: 13297641 | C72: 13297633 | D72: 12079664 | E72: 1 | F72: 1 | G72: 1 | H72: 3 | I72: 101-1977 | J72: ССЦ Челябинская область (2009) ч.1,разд.01,поз.1977 | K72: Болты с гайками и шайбами строительные | L72: 1346 | N72: 1009 | O72: кг | P72: кг | Q72: 1 | Y72: 5.54 | AA72: 17.3 | AB72: 0 | AC72: 0 | AD72: 0 | AN72: 0 | AO72: 1 | AP72: 0 | AQ72: 0 | AR72: 0 | AT72: 5.54 | AV72: 0 | AW72: 2 | AX72: 13297641 | AY72: 1 | AZ72: 0 | BA72: 72 | BB72: 0 | BC72: 0 | BD72: 0 | BE72: 0 | BF72: 0 | BG72: 0 | BH72: 0 | BI72: 0 | BJ72: 0 | BK72: 0 | BL72: 0 | BM72: 0 | BN72: 0 | BO72: 0 | BP72: 0 | BQ72: 0 | BR72: 0 | BS72: 0 | BT72: 0 | BU72: 0 | BV72: 0 | BW72: 0 | CB72: 0
A73: =ROW(Source!A36) -> 36 | B73: 13297642 | C73: 13297633 | D73: 12080013 | E73: 1 | F73: 1 | G73: 1 | H73: 3 | I73: 101-2365 | J73: ССЦ Челябинская область (2009) ч.1,разд.01,поз.2365 | K73: Нитки швейные | L73: 1346 | N73: 1009 | O73: кг | P73: кг | Q73: 1 | Y73: 0.05 | AA73: 56.6 | AB73: 0 | AC73: 0 | AD73: 0 | AN73: 0 | AO73: 1 | AP73: 0 | AQ73: 0 | AR73: 0 | AT73: 0.05 | AV73: 0 | AW73: 2 | AX73: 13297642 | AY73: 1 | AZ73: 0 | BA73: 73 | BB73: 0 | BC73: 0 | BD73: 0 | BE73: 0 | BF73: 0 | BG73: 0 | BH73: 0 | BI73: 0 | BJ73: 0 | BK73: 0 | BL73: 0 | BM73: 0 | BN73: 0 | BO73: 0 | BP73: 0 | BQ73: 0 | BR73: 0 | BS73: 0 | BT73: 0 | BU73: 0 | BV73: 0 | BW73: 0 | CB73: 0
A74: =ROW(Source!A36) -> 36 | B74: 13297643 | C74: 13297633 | D74: 12080124 | E74: 1 | F74: 1 | G74: 1 | H74: 3 | I74: 101-2478 | J74: ССЦ Челябинская область (2009) ч.1,разд.01,поз.2478 | K74: Лента К226 | L74: 1308 | N74: 1003 | O74: 100 м | P74: 100 м | Q74: 100 | Y74: 0.15 | AA74: 214 | AB74: 0 | AC74: 0 | AD74: 0 | AN74: 0 | AO74: 1 | AP74: 0 | AQ74: 0 | AR74: 0 | AT74: 0.15 | AV74: 0 | AW74: 2 | AX74: 13297643 | AY74: 1 | AZ74: 0 | BA74: 74 | BB74: 0 | BC74: 0 | BD74: 0 | BE74: 0 | BF74: 0 | BG74: 0 | BH74: 0 | BI74: 0 | BJ74: 0 | BK74: 0 | BL74: 0 | BM74: 0 | BN74: 0 | BO74: 0 | BP74: 0 | BQ74: 0 | BR74: 0 | BS74: 0 | BT74: 0 | BU74: 0 | BV74: 0 | BW74: 0 | CB74: 0
A75: =ROW(Source!A36) -> 36 | B75: 13297644 | C75: 13297633 | D75: 12080139 | E75: 1 | F75: 1 | G75: 1 | H75: 3 | I75: 101-2493 | J75: ССЦ Челябинская область (2009) ч.1,разд.01,поз.2493 | K75: Лента липкая изоляционная на поликасиновом компаунде марки ЛСЭПЛ, шириной 20-30 мм, толщиной от 0,14 до 0,19 мм | L75: 1346 | N75: 1009 | O75: кг | P75: кг | Q75: 1 | Y75: 0.9 | AA75: 91.3 | AB75: 0 | AC75: 0 | AD75: 0 | AN75: 0 | AO75: 1 | AP75: 0 | AQ75: 0 | AR75: 0 | AT75: 0.9 | AV75: 0 | AW75: 2 | AX75: 13297644 | AY75: 1 | AZ75: 0 | BA75: 75 | BB75: 0 | BC75: 0 | BD75: 0 | BE75: 0 | BF75: 0 | BG75: 0 | BH75: 0 | BI75: 0 | BJ75: 0 | BK75: 0 | BL75: 0 | BM75: 0 | BN75: 0 | BO75: 0 | BP75: 0 | BQ75: 0 | BR75: 0 | BS75: 0 | BT75: 0 | BU75: 0 | BV75: 0 | BW75: 0 | CB75: 0
A76: =ROW(Source!A36) -> 36 | B76: 13297645 | C76: 13297633 | D76: 12086053 | E76: 1 | F76: 1 | G76: 1 | H76: 3 | I76: 111-0087 | J76: ССЦ Челябинская область (2009) ч.1,разд.11,поз.0087 | K76: Бирки-оконцеватели | L76: 1355 | N76: 1010 | O76: 100 шт. | P76: 100 шт. | Q76: 100 | Y76: 1.02 | AA76: 63 | AB76: 0 | AC76: 0 | AD76: 0 | AN76: 0 | AO76: 1 | AP76: 0 | AQ76: 0 | AR76: 0 | AT76: 1.02 | AV76: 0 | AW76: 2 | AX76: 13297645 | AY76: 1 | AZ76: 0 | BA76: 76 | BB76: 0 | BC76: 0 | BD76: 0 | BE76: 0 | BF76: 0 | BG76: 0 | BH76: 0 | BI76: 0 | BJ76: 0 | BK76: 0 | BL76: 0 | BM76: 0 | BN76: 0 | BO76: 0 | BP76: 0 | BQ76: 0 | BR76: 0 | BS76: 0 | BT76: 0 | BU76: 0 | BV76: 0 | BW76: 0 | CB76: 0
A77: =ROW(Source!A36) -> 36 | B77: 13297646 | C77: 13297633 | D77: 12114193 | E77: 1 | F77: 1 | G77: 1 | H77: 3 | I77: 509-0038 | J77: ССЦ Челябинская область (2009) ч.5,разд.09,поз.0038 | K77: Наконечники кабельные для электротехнических установок | L77: 1354 | N77: 1010 | O77: шт. | P77: шт. | Q77: 1 | Y77: 102 | AA77: 25.63 | AB77: 0 | AC77: 0 | AD77: 0 | AN77: 0 | AO77: 1 | AP77: 0 | AQ77: 0 | AR77: 0 | AT77: 102 | AV77: 0 | AW77: 2 | AX77: 13297646 | AY77: 1 | AZ77: 0 | BA77: 77 | BB77: 0 | BC77: 0 | BD77: 0 | BE77: 0 | BF77: 0 | BG77: 0 | BH77: 0 | BI77: 0 | BJ77: 0 | BK77: 0 | BL77: 0 | BM77: 0 | BN77: 0 | BO77: 0 | BP77: 0 | BQ77: 0 | BR77: 0 | BS77: 0 | BT77: 0 | BU77: 0 | BV77: 0 | BW77: 0 | CB77: 0
A78: =ROW(Source!A36) -> 36 | B78: 13297647 | C78: 13297633 | D78: 12114225 | E78: 1 | F78: 1 | G78: 1 | H78: 3 | I78: 509-0070 | J78: ССЦ Челябинская область (2009) ч.5,разд.09,поз.0070 | K78: Кнопки монтажные | L78: 1356 | N78: 1010 | O78: 1000 шт. | P78: 1000 шт. | Q78: 1000 | Y78: 0.15 | AA78: 17.8 | AB78: 0 | AC78: 0 | AD78: 0 | AN78: 0 | AO78: 1 | AP78: 0 | AQ78: 0 | AR78: 0 | AT78: 0.15 | AV78: 0 | AW78: 2 | AX78: 13297647 | AY78: 1 | AZ78: 0 | BA78: 78 | BB78: 0 | BC78: 0 | BD78: 0 | BE78: 0 | BF78: 0 | BG78: 0 | BH78: 0 | BI78: 0 | BJ78: 0 | BK78: 0 | BL78: 0 | BM78: 0 | BN78: 0 | BO78: 0 | BP78: 0 | BQ78: 0 | BR78: 0 | BS78: 0 | BT78: 0 | BU78: 0 | BV78: 0 | BW78: 0 | CB78: 0
A79: =ROW(Source!A36) -> 36 | B79: 13297648 | C79: 13297633 | D79: 12115355 | E79: 1 | F79: 1 | G79: 1 | H79: 3 | I79: 509-1210 | J79: ССЦ Челябинская область (2009) ч.5,разд.09,поз.1210 | K79: Вазелин технический | L79: 1346 | N79: 1009 | O79: кг | P79: кг | Q79: 1 | Y79: 0.2 | AA79: 16.6 | AB79: 0 | AC79: 0 | AD79: 0 | AN79: 0 | AO79: 1 | AP79: 0 | AQ79: 0 | AR79: 0 | AT79: 0.2 | AV79: 0 | AW79: 2 | AX79: 13297648 | AY79: 1 | AZ79: 0 | BA79: 79 | BB79: 0 | BC79: 0 | BD79: 0 | BE79: 0 | BF79: 0 | BG79: 0 | BH79: 0 | BI79: 0 | BJ79: 0 | BK79: 0 | BL79: 0 | BM79: 0 | BN79: 0 | BO79: 0 | BP79: 0 | BQ79: 0 | BR79: 0 | BS79: 0 | BT79: 0 | BU79: 0 | BV79: 0 | BW79: 0 | CB79: 0
A80: =ROW(Source!A36) -> 36 | B80: 13297649 | C80: 13297633 | D80: 12117044 | E80: 1 | F80: 1 | G80: 1 | H80: 3 | I80: 999-9950 | J80: ССЦ Челябинская область (2009) ч.9,разд.99,поз.9950 | K80: Вспомогательные материалы (2% от ОЗП) | L80: 1344 | N80: 1008 | O80: руб. | P80: руб. | Q80: 1 | Y80: 11.69 | AA80: 1 | AB80: 0 | AC80: 0 | AD80: 0 | AN80: 0 | AO80: 1 | AP80: 0 | AQ80: 0 | AR80: 0 | AT80: 11.69 | AV80: 0 | AW80: 2 | AX80: 13297649 | AY80: 1 | AZ80: 0 | BA80: 80 | BB80: 0 | BC80: 0 | BD80: 0 | BE80: 0 | BF80: 0 | BG80: 0 | BH80: 0 | BI80: 0 | BJ80: 0 | BK80: 0 | BL80: 0 | BM80: 0 | BN80: 0 | BO80: 0 | BP80: 0 | BQ80: 0 | BR80: 0 | BS80: 0 | BT80: 0 | BU80: 0 | BV80: 0 | BW80: 0 | CB80: 0
A81: =ROW(Source!A37) -> 37 | B81: 13297619 | C81: 13297567 | D81: 12388959 | E81: 1 | F81: 1 | G81: 1 | H81: 1 | I81: 1-2040-74 | K81: Рабочий монтажник среднего разряда 4 | L81: 1369 | N81: 1013 | O81: чел.-ч | P81: чел.-ч | Q81: 1 | Y81: 0.442 | AA81: 0 | AB81: 0 | AC81: 0 | AD81: 12.16 | AN81: 0 | AO81: 1 | AP81: 1 | AQ81: 0 | AR81: 0 | AT81: 0.26 | AU81: *1,7 | AV81: 1 | AW81: 2 | AX81: 13297619 | AY81: 1 | AZ81: 0 | BA81: 81 | BB81: 0 | BC81: 0 | BD81: 0 | BE81: 0 | BF81: 0 | BG81: 0 | BH81: 0 | BI81: 0 | BJ81: 0 | BK81: 0 | BL81: 0 | BM81: 0 | BN81: 0 | BO81: 0 | BP81: 0 | BQ81: 0 | BR81: 0 | BS81: 0 | BT81: 0 | BU81: 0 | BV81: 0 | BW81: 0 | CB81: 0
A82: =ROW(Source!A37) -> 37 | B82: 13297620 | C82: 13297567 | D82: 121548 | E82: 1 | F82: 1 | G82: 1 | H82: 1 | I82: 2 | K82: Затраты труда машинистов | L82: 608254 | N82: 1013 | O82: чел.час | P82: чел.час | Q82: 1 | Y82: 0.017 | AA82: 0 | AB82: 0 | AC82: 0 | AD82: 0 | AN82: 0 | AO82: 1 | AP82: 1 | AQ82: 0 | AR82: 0 | AT82: 0.01 | AU82: *1,7 | AV82: 2 | AW82: 2 | AX82: 13297620 | AY82: 1 | AZ82: 0 | BA82: 82 | BB82: 0 | BC82: 0 | BD82: 0 | BE82: 0 | BF82: 0 | BG82: 0 | BH82: 0 | BI82: 0 | BJ82: 0 | BK82: 0 | BL82: 0 | BM82: 0 | BN82: 0 | BO82: 0 | BP82: 0 | BQ82: 0 | BR82: 0 | BS82: 0 | BT82: 0 | BU82: 0 | BV82: 0 | BW82: 0 | CB82: 0
A83: =ROW(Source!A37) -> 37 | B83: 13297621 | C83: 13297567 | D83: 12074364 | E83: 1 | F83: 1 | G83: 1 | H83: 2 | I83: 021102 | J83: ЦЭМ Челябинская область (2009) разд.02,поз.1102 | K83: Краны на автомобильном ходу при работе на монтаже технологического оборудования 10 т | L83: 1368 | N83: 1011 | O83: маш.-ч | P83: маш.-ч | Q83: 1 | Y83: 0.017 | AA83: 0 | AB83: 134.07 | AC83: 0 | AD83: 0 | AN83: 0 | AO83: 1 | AP83: 1 | AQ83: 0 | AR83: 0 | AT83: 0.01 | AU83: *1,7 | AV83: 0 | AW83: 2 | AX83: 13297621 | AY83: 1 | AZ83: 0 | BA83: 83 | BB83: 0 | BC83: 0 | BD83: 0 | BE83: 0 | BF83: 0 | BG83: 0 | BH83: 0 | BI83: 0 | BJ83: 0 | BK83: 0 | BL83: 0 | BM83: 0 | BN83: 0 | BO83: 0 | BP83: 0 | BQ83: 0 | BR83: 0 | BS83: 0 | BT83: 0 | BU83: 0 | BV83: 0 | BW83: 0 | CB83: 0
A84: =ROW(Source!A37) -> 37 | B84: 13297622 | C84: 13297567 | D84: 12077046 | E84: 1 | F84: 1 | G84: 1 | H84: 2 | I84: 400002 | J84: ЦЭМ Челябинская область (2009) разд.40,поз.0002 | K84: Автомобили бортовые, грузоподъемность до 8 т | L84: 1368 | N84: 1011 | O84: маш.-ч | P84: маш.-ч | Q84: 1 | Y84: 0.017 | AA84: 0 | AB84: 115.4 | AC84: 0 | AD84: 0 | AN84: 0 | AO84: 1 | AP84: 1 | AQ84: 0 | AR84: 0 | AT84: 0.01 | AU84: *1,7 | AV84: 0 | AW84: 2 | AX84: 13297622 | AY84: 1 | AZ84: 0 | BA84: 84 | BB84: 0 | BC84: 0 | BD84: 0 | BE84: 0 | BF84: 0 | BG84: 0 | BH84: 0 | BI84: 0 | BJ84: 0 | BK84: 0 | BL84: 0 | BM84: 0 | BN84: 0 | BO84: 0 | BP84: 0 | BQ84: 0 | BR84: 0 | BS84: 0 | BT84: 0 | BU84: 0 | BV84: 0 | BW84: 0 | CB84: 0
A85: =ROW(Source!A37) -> 37 | B85: 13297623 | C85: 13297567 | D85: 12078646 | E85: 1 | F85: 1 | G85: 1 | H85: 3 | I85: 101-0813 | J85: ССЦ Челябинская область (2009) ч.1,разд.01,поз.0813 | K85: Проволока стальная низкоуглеродистая разного назначения оцинкованная диаметром 3,0 мм | L85: 1348 | N85: 1009 | O85: т | P85: т | Q85: 1000 | Y85: 1e-05 | AA85: 12000 | AB85: 0 | AC85: 0 | AD85: 0 | AN85: 0 | AO85: 1 | AP85: 0 | AQ85: 0 | AR85: 0 | AT85: 1e-05 | AV85: 0 | AW85: 2 | AX85: 13297623 | AY85: 1 | AZ85: 0 | BA85: 85 | BB85: 0 | BC85: 0 | BD85: 0 | BE85: 0 | BF85: 0 | BG85: 0 | BH85: 0 | BI85: 0 | BJ85: 0 | BK85: 0 | BL85: 0 | BM85: 0 | BN85: 0 | BO85: 0 | BP85: 0 | BQ85: 0 | BR85: 0 | BS85: 0 | BT85: 0 | BU85: 0 | BV85: 0 | BW85: 0 | CB85: 0
A86: =ROW(Source!A37) -> 37 | B86: 13297624 | C86: 13297567 | D86: 12080139 | E86: 1 | F86: 1 | G86: 1 | H86: 3 | I86: 101-2493 | J86: ССЦ Челябинская область (2009) ч.1,разд.01,поз.2493 | K86: Лента липкая изоляционная на поликасиновом компаунде марки ЛСЭПЛ, шириной 20-30 мм, толщиной от 0,14 до 0,19 мм | L86: 1346 | N86: 1009 | O86: кг | P86: кг | Q86: 1 | Y86: 0.01 | AA86: 91.3 | AB86: 0 | AC86: 0 | AD86: 0 | AN86: 0 | AO86: 1 | AP86: 0 | AQ86: 0 | AR86: 0 | AT86: 0.01 | AV86: 0 | AW86: 2 | AX86: 13297624 | AY86: 1 | AZ86: 0 | BA86: 86 | BB86: 0 | BC86: 0 | BD86: 0 | BE86: 0 | BF86: 0 | BG86: 0 | BH86: 0 | BI86: 0 | BJ86: 0 | BK86: 0 | BL86: 0 | BM86: 0 | BN86: 0 | BO86: 0 | BP86: 0 | BQ86: 0 | BR86: 0 | BS86: 0 | BT86: 0 | BU86: 0 | BV86: 0 | BW86: 0 | CB86: 0
A87: =ROW(Source!A37) -> 37 | B87: 13297625 | C87: 13297567 | D87: 12086052 | E87: 1 | F87: 1 | G87: 1 | H87: 3 | I87: 111-0086 | J87: ССЦ Челябинская область (2009) ч.1,разд.11,поз.0086 | K87: Бирки маркировочные | L87: 1355 | N87: 1010 | O87: 100 шт. | P87: 100 шт. | Q87: 100 | Y87: 0.01 | AA87: 143.07 | AB87: 0 | AC87: 0 | AD87: 0 | AN87: 0 | AO87: 1 | AP87: 0 | AQ87: 0 | AR87: 0 | AT87: 0.01 | AV87: 0 | AW87: 2 | AX87: 13297625 | AY87: 1 | AZ87: 0 | BA87: 87 | BB87: 0 | BC87: 0 | BD87: 0 | BE87: 0 | BF87: 0 | BG87: 0 | BH87: 0 | BI87: 0 | BJ87: 0 | BK87: 0 | BL87: 0 | BM87: 0 | BN87: 0 | BO87: 0 | BP87: 0 | BQ87: 0 | BR87: 0 | BS87: 0 | BT87: 0 | BU87: 0 | BV87: 0 | BW87: 0 | CB87: 0
A88: =ROW(Source!A37) -> 37 | B88: 13297626 | C88: 13297567 | D88: 12108704 | E88: 1 | F88: 1 | G88: 1 | H88: 3 | I88: 502-0246 | J88: ССЦ Челябинская область (2009) ч.5,разд.02,поз.0246 | K88: Провода неизолированные для воздушных линий электропередачи медные марки М, сечением 4 мм2 | L88: 1348 | N88: 1009 | O88: т | P88: т | Q88: 1000 | Y88: 0.00011 | AA88: 82220 | AB88: 0 | AC88: 0 | AD88: 0 | AN88: 0 | AO88: 1 | AP88: 0 | AQ88: 0 | AR88: 0 | AT88: 0.00011 | AV88: 0 | AW88: 2 | AX88: 13297626 | AY88: 1 | AZ88: 0 | BA88: 88 | BB88: 0 | BC88: 0 | BD88: 0 | BE88: 0 | BF88: 0 | BG88: 0 | BH88: 0 | BI88: 0 | BJ88: 0 | BK88: 0 | BL88: 0 | BM88: 0 | BN88: 0 | BO88: 0 | BP88: 0 | BQ88: 0 | BR88: 0 | BS88: 0 | BT88: 0 | BU88: 0 | BV88: 0 | BW88: 0 | CB88: 0
A89: =ROW(Source!A37) -> 37 | B89: 13297627 | C89: 13297567 | D89: 12110825 | E89: 1 | F89: 1 | G89: 1 | H89: 3 | I89: 506-1362 | J89: ССЦ Челябинская область (2009) ч.5,разд.06,поз.1362 | K89: Припои оловянно-свинцовые бессурьмянистые марки ПОС30 | L89: 1346 | N89: 1009 | O89: кг | P89: кг | Q89: 1 | Y89: 0.05 | AA89: 69.9 | AB89: 0 | AC89: 0 | AD89: 0 | AN89: 0 | AO89: 1 | AP89: 0 | AQ89: 0 | AR89: 0 | AT89: 0.05 | AV89: 0 | AW89: 2 | AX89: 13297627 | AY89: 1 | AZ89: 0 | BA89: 89 | BB89: 0 | BC89: 0 | BD89: 0 | BE89: 0 | BF89: 0 | BG89: 0 | BH89: 0 | BI89: 0 | BJ89: 0 | BK89: 0 | BL89: 0 | BM89: 0 | BN89: 0 | BO89: 0 | BP89: 0 | BQ89: 0 | BR89: 0 | BS89: 0 | BT89: 0 | BU89: 0 | BV89: 0 | BW89: 0 | CB89: 0
A90: =ROW(Source!A37) -> 37 | B90: 13297628 | C90: 13297567 | D90: 12114193 | E90: 1 | F90: 1 | G90: 1 | H90: 3 | I90: 509-0038 | J90: ССЦ Челябинская область (2009) ч.5,разд.09,поз.0038 | K90: Наконечники кабельные для электротехнических установок | L90: 1354 | N90: 1010 | O90: шт. | P90: шт. | Q90: 1 | Y90: 1 | AA90: 25.63 | AB90: 0 | AC90: 0 | AD90: 0 | AN90: 0 | AO90: 1 | AP90: 0 | AQ90: 0 | AR90: 0 | AT90: 1 | AV90: 0 | AW90: 2 | AX90: 13297628 | AY90: 1 | AZ90: 0 | BA90: 90 | BB90: 0 | BC90: 0 | BD90: 0 | BE90: 0 | BF90: 0 | BG90: 0 | BH90: 0 | BI90: 0 | BJ90: 0 | BK90: 0 | BL90: 0 | BM90: 0 | BN90: 0 | BO90: 0 | BP90: 0 | BQ90: 0 | BR90: 0 | BS90: 0 | BT90: 0 | BU90: 0 | BV90: 0 | BW90: 0 | CB90: 0
A91: =ROW(Source!A37) -> 37 | B91: 13297629 | C91: 13297567 | D91: 12114281 | E91: 1 | F91: 1 | G91: 1 | H91: 3 | I91: 509-0126 | J91: ССЦ Челябинская область (2009) ч.5,разд.09,поз.0126 | K91: Жир паяльный | L91: 1346 | N91: 1009 | O91: кг | P91: кг | Q91: 1 | Y91: 0.02 | AA91: 131 | AB91: 0 | AC91: 0 | AD91: 0 | AN91: 0 | AO91: 1 | AP91: 0 | AQ91: 0 | AR91: 0 | AT91: 0.02 | AV91: 0 | AW91: 2 | AX91: 13297629 | AY91: 1 | AZ91: 0 | BA91: 91 | BB91: 0 | BC91: 0 | BD91: 0 | BE91: 0 | BF91: 0 | BG91: 0 | BH91: 0 | BI91: 0 | BJ91: 0 | BK91: 0 | BL91: 0 | BM91: 0 | BN91: 0 | BO91: 0 | BP91: 0 | BQ91: 0 | BR91: 0 | BS91: 0 | BT91: 0 | BU91: 0 | BV91: 0 | BW91: 0 | CB91: 0
A92: =ROW(Source!A37) -> 37 | B92: 13297630 | C92: 13297567 | D92: 12115351 | E92: 1 | F92: 1 | G92: 1 | H92: 3 | I92: 509-1206 | J92: ССЦ Челябинская область (2009) ч.5,разд.09,поз.1206 | K92: Парафины нефтяные твердые марки Т-1 | L92: 1348 | N92: 1009 | O92: т | P92: т | Q92: 1000 | Y92: 1e-05 | AA92: 11982.92 | AB92: 0 | AC92: 0 | AD92: 0 | AN92: 0 | AO92: 1 | AP92: 0 | AQ92: 0 | AR92: 0 | AT92: 1e-05 | AV92: 0 | AW92: 2 | AX92: 13297630 | AY92: 1 | AZ92: 0 | BA92: 92 | BB92: 0 | BC92: 0 | BD92: 0 | BE92: 0 | BF92: 0 | BG92: 0 | BH92: 0 | BI92: 0 | BJ92: 0 | BK92: 0 | BL92: 0 | BM92: 0 | BN92: 0 | BO92: 0 | BP92: 0 | BQ92: 0 | BR92: 0 | BS92: 0 | BT92: 0 | BU92: 0 | BV92: 0 | BW92: 0 | CB92: 0
A93: =ROW(Source!A37) -> 37 | B93: 13297631 | C93: 13297567 | D93: 12117044 | E93: 1 | F93: 1 | G93: 1 | H93: 3 | I93: 999-9950 | J93: ССЦ Челябинская область (2009) ч.9,разд.99,поз.9950 | K93: Вспомогательные материалы (2% от ОЗП) | L93: 1344 | N93: 1008 | O93: руб. | P93: руб. | Q93: 1 | Y93: 0.06 | AA93: 1 | AB93: 0 | AC93: 0 | AD93: 0 | AN93: 0 | AO93: 1 | AP93: 0 | AQ93: 0 | AR93: 0 | AT93: 0.06 | AV93: 0 | AW93: 2 | AX93: 13297631 | AY93: 1 | AZ93: 0 | BA93: 93 | BB93: 0 | BC93: 0 | BD93: 0 | BE93: 0 | BF93: 0 | BG93: 0 | BH93: 0 | BI93: 0 | BJ93: 0 | BK93: 0 | BL93: 0 | BM93: 0 | BN93: 0 | BO93: 0 | BP93: 0 | BQ93: 0 | BR93: 0 | BS93: 0 | BT93: 0 | BU93: 0 | BV93: 0 | BW93: 0 | CB93: 0
A94: =ROW(Source!A38) -> 38 | B94: 13297784 | C94: 13297783 | D94: 12388959 | E94: 1 | F94: 1 | G94: 1 | H94: 1 | I94: 1-2040-74 | K94: Рабочий монтажник среднего разряда 4 | L94: 1369 | N94: 1013 | O94: чел.-ч | P94: чел.-ч | Q94: 1 | Y94: 2.329 | AA94: 0 | AB94: 0 | AC94: 0 | AD94: 12.16 | AN94: 0 | AO94: 1 | AP94: 1 | AQ94: 0 | AR94: 0 | AT94: 1.37 | AU94: *1,7 | AV94: 1 | AW94: 2 | AX94: 13297784 | AY94: 1 | AZ94: 0 | BA94: 94 | BB94: 0 | BC94: 0 | BD94: 0 | BE94: 0 | BF94: 0 | BG94: 0 | BH94: 0 | BI94: 0 | BJ94: 0 | BK94: 0 | BL94: 0 | BM94: 0 | BN94: 0 | BO94: 0 | BP94: 0 | BQ94: 0 | BR94: 0 | BS94: 0 | BT94: 0 | BU94: 0 | BV94: 0 | BW94: 0 | CB94: 0
A95: =ROW(Source!A38) -> 38 | B95: 13297785 | C95: 13297783 | D95: 121548 | E95: 1 | F95: 1 | G95: 1 | H95: 1 | I95: 2 | K95: Затраты труда машинистов | L95: 608254 | N95: 1013 | O95: чел.час | P95: чел.час | Q95: 1 | Y95: 0.017 | AA95: 0 | AB95: 0 | AC95: 0 | AD95: 0 | AN95: 0 | AO95: 1 | AP95: 1 | AQ95: 0 | AR95: 0 | AT95: 0.01 | AU95: *1,7 | AV95: 2 | AW95: 2 | AX95: 13297785 | AY95: 1 | AZ95: 0 | BA95: 95 | BB95: 0 | BC95: 0 | BD95: 0 | BE95: 0 | BF95: 0 | BG95: 0 | BH95: 0 | BI95: 0 | BJ95: 0 | BK95: 0 | BL95: 0 | BM95: 0 | BN95: 0 | BO95: 0 | BP95: 0 | BQ95: 0 | BR95: 0 | BS95: 0 | BT95: 0 | BU95: 0 | BV95: 0 | BW95: 0 | CB95: 0
A96: =ROW(Source!A38) -> 38 | B96: 13297786 | C96: 13297783 | D96: 12074364 | E96: 1 | F96: 1 | G96: 1 | H96: 2 | I96: 021102 | J96: ЦЭМ Челябинская область (2009) разд.02,поз.1102 | K96: Краны на автомобильном ходу при работе на монтаже технологического оборудования 10 т | L96: 1368 | N96: 1011 | O96: маш.-ч | P96: маш.-ч | Q96: 1 | Y96: 0.017 | AA96: 0 | AB96: 134.07 | AC96: 0 | AD96: 0 | AN96: 0 | AO96: 1 | AP96: 1 | AQ96: 0 | AR96: 0 | AT96: 0.01 | AU96: *1,7 | AV96: 0 | AW96: 2 | AX96: 13297786 | AY96: 1 | AZ96: 0 | BA96: 96 | BB96: 0 | BC96: 0 | BD96: 0 | BE96: 0 | BF96: 0 | BG96: 0 | BH96: 0 | BI96: 0 | BJ96: 0 | BK96: 0 | BL96: 0 | BM96: 0 | BN96: 0 | BO96: 0 | BP96: 0 | BQ96: 0 | BR96: 0 | BS96: 0 | BT96: 0 | BU96: 0 | BV96: 0 | BW96: 0 | CB96: 0
A97: =ROW(Source!A38) -> 38 | B97: 13297787 | C97: 13297783 | D97: 12077046 | E97: 1 | F97: 1 | G97: 1 | H97: 2 | I97: 400002 | J97: ЦЭМ Челябинская область (2009) разд.40,поз.0002 | K97: Автомобили бортовые, грузоподъемность до 8 т | L97: 1368 | N97: 1011 | O97: маш.-ч | P97: маш.-ч | Q97: 1 | Y97: 0.017 | AA97: 0 | AB97: 115.4 | AC97: 0 | AD97: 0 | AN97: 0 | AO97: 1 | AP97: 1 | AQ97: 0 | AR97: 0 | AT97: 0.01 | AU97: *1,7 | AV97: 0 | AW97: 2 | AX97: 13297787 | AY97: 1 | AZ97: 0 | BA97: 97 | BB97: 0 | BC97: 0 | BD97: 0 | BE97: 0 | BF97: 0 | BG97: 0 | BH97: 0 | BI97: 0 | BJ97: 0 | BK97: 0 | BL97: 0 | BM97: 0 | BN97: 0 | BO97: 0 | BP97: 0 | BQ97: 0 | BR97: 0 | BS97: 0 | BT97: 0 | BU97: 0 | BV97: 0 | BW97: 0 | CB97: 0
A98: =ROW(Source!A38) -> 38 | B98: 13297788 | C98: 13297783 | D98: 12077919 | E98: 1 | F98: 1 | G98: 1 | H98: 3 | I98: 101-0069 | J98: ССЦ Челябинская область (2009) ч.1,разд.01,поз.0069 | K98: Бензин авиационный Б-70 | L98: 1348 | N98: 1009 | O98: т | P98: т | Q98: 1000 | Y98: 0.0008 | AA98: 4160 | AB98: 0 | AC98: 0 | AD98: 0 | AN98: 0 | AO98: 1 | AP98: 0 | AQ98: 0 | AR98: 0 | AT98: 0.0008 | AV98: 0 | AW98: 2 | AX98: 13297788 | AY98: 1 | AZ98: 0 | BA98: 98 | BB98: 0 | BC98: 0 | BD98: 0 | BE98: 0 | BF98: 0 | BG98: 0 | BH98: 0 | BI98: 0 | BJ98: 0 | BK98: 0 | BL98: 0 | BM98: 0 | BN98: 0 | BO98: 0 | BP98: 0 | BQ98: 0 | BR98: 0 | BS98: 0 | BT98: 0 | BU98: 0 | BV98: 0 | BW98: 0 | CB98: 0
A99: =ROW(Source!A38) -> 38 | B99: 13297789 | C99: 13297783 | D99: 12079927 | E99: 1 | F99: 1 | G99: 1 | H99: 3 | I99: 101-2278 | J99: ССЦ Челябинская область (2009) ч.1,разд.01,поз.2278 | K99: Пропан-бутан, смесь техническая | L99: 1346 | N99: 1009 | O99: кг | P99: кг | Q99: 1 | Y99: 0.15 | AA99: 9.8 | AB99: 0 | AC99: 0 | AD99: 0 | AN99: 0 | AO99: 1 | AP99: 0 | AQ99: 0 | AR99: 0 | AT99: 0.15 | AV99: 0 | AW99: 2 | AX99: 13297789 | AY99: 1 | AZ99: 0 | BA99: 99 | BB99: 0 | BC99: 0 | BD99: 0 | BE99: 0 | BF99: 0 | BG99: 0 | BH99: 0 | BI99: 0 | BJ99: 0 | BK99: 0 | BL99: 0 | BM99: 0 | BN99: 0 | BO99: 0 | BP99: 0 | BQ99: 0 | BR99: 0 | BS99: 0 | BT99: 0 | BU99: 0 | BV99: 0 | BW99: 0 | CB99: 0
A100: =ROW(Source!A38) -> 38 | B100: 13297790 | C100: 13297783 | D100: 12080124 | E100: 1 | F100: 1 | G100: 1 | H100: 3 | I100: 101-2478 | J100: ССЦ Челябинская область (2009) ч.1,разд.01,поз.2478 | K100: Лента К226 | L100: 1308 | N100: 1003 | O100: 100 м | P100: 100 м | Q100: 100 | Y100: 0.0024 | AA100: 214 | AB100: 0 | AC100: 0 | AD100: 0 | AN100: 0 | AO100: 1 | AP100: 0 | AQ100: 0 | AR100: 0 | AT100: 0.0024 | AV100: 0 | AW100: 2 | AX100: 13297790 | AY100: 1 | AZ100: 0 | BA100: 100 | BB100: 0 | BC100: 0 | BD100: 0 | BE100: 0 | BF100: 0 | BG100: 0 | BH100: 0 | BI100: 0 | BJ100: 0 | BK100: 0 | BL100: 0 | BM100: 0 | BN100: 0 | BO100: 0 | BP100: 0 | BQ100: 0 | BR100: 0 | BS100: 0 | BT100: 0 | BU100: 0 | BV100: 0 | BW100: 0 | CB100: 0
...

Sheet EtalonRes
A1: =ROW(Source!A30) -> 30 | B1: 13297532 | C1: 13297528 | D1: 12388959 | E1: 1 | F1: 1 | G1: 1 | H1: 1 | I1: 1-2040-74 | K1: Рабочий монтажник среднего разряда 4 | L1: 1369 | N1: 1013 | O1: чел.-ч | P1: чел.-ч | Q1: 1 | X1: 14.6 | Y1: 0 | Z1: 0 | AA1: 0 | AB1: 12.16 | AC1: 0 | AD1: 1 | AE1: 1 | AF1: *1,7 | AG1: 24.82 | AH1: 2 | AI1: 13297532 | AJ1: 1 | AK1: 0 | AL1: 0 | AM1: 0 | AN1: 0 | AO1: 0 | AP1: 0 | AQ1: 0 | AR1: 0
A2: =ROW(Source!A30) -> 30 | B2: 13297533 | C2: 13297528 | D2: 121548 | E2: 1 | F2: 1 | G2: 1 | H2: 1 | I2: 2 | K2: Затраты труда машинистов | L2: 608254 | N2: 1013 | O2: чел.час | P2: чел.час | Q2: 1 | X2: 0.8 | Y2: 0 | Z2: 0 | AA2: 0 | AB2: 0 | AC2: 0 | AD2: 1 | AE2: 2 | AF2: *1,7 | AG2: 1.36 | AH2: 2 | AI2: 13297533 | AJ2: 2 | AK2: 0 | AL2: 0 | AM2: 0 | AN2: 0 | AO2: 0 | AP2: 0 | AQ2: 0 | AR2: 0
A3: =ROW(Source!A30) -> 30 | B3: 13297534 | C3: 13297528 | D3: 12074364 | E3: 1 | F3: 1 | G3: 1 | H3: 2 | I3: 021102 | J3: ЦЭМ Челябинская область (2009) разд.02,поз.1102 | K3: Краны на автомобильном ходу при работе на монтаже технологического оборудования 10 т | L3: 1368 | N3: 1011 | O3: маш.-ч | P3: маш.-ч | Q3: 1 | X3: 0.8 | Y3: 0 | Z3: 134.07 | AA3: 0 | AB3: 0 | AC3: 0 | AD3: 1 | AE3: 0 | AF3: *1,7 | AG3: 1.36 | AH3: 2 | AI3: 13297534 | AJ3: 3 | AK3: 0 | AL3: 0 | AM3: 0 | AN3: 0 | AO3: 0 | AP3: 0 | AQ3: 0 | AR3: 0
A4: =ROW(Source!A30) -> 30 | B4: 13297535 | C4: 13297528 | D4: 12077046 | E4: 1 | F4: 1 | G4: 1 | H4: 2 | I4: 400002 | J4: ЦЭМ Челябинская область (2009) разд.40,поз.0002 | K4: Автомобили бортовые, грузоподъемность до 8 т | L4: 1368 | N4: 1011 | O4: маш.-ч | P4: маш.-ч | Q4: 1 | X4: 0.8 | Y4: 0 | Z4: 115.4 | AA4: 0 | AB4: 0 | AC4: 0 | AD4: 1 | AE4: 0 | AF4: *1,7 | AG4: 1.36 | AH4: 2 | AI4: 13297535 | AJ4: 4 | AK4: 0 | AL4: 0 | AM4: 0 | AN4: 0 | AO4: 0 | AP4: 0 | AQ4: 0 | AR4: 0
A5: =ROW(Source!A30) -> 30 | B5: 13297536 | C5: 13297528 | D5: 12079664 | E5: 1 | F5: 1 | G5: 1 | H5: 3 | I5: 101-1977 | J5: ССЦ Челябинская область (2009) ч.1,разд.01,поз.1977 | K5: Болты с гайками и шайбами строительные | L5: 1346 | N5: 1009 | O5: кг | P5: кг | Q5: 1 | X5: 0.77 | Y5: 17.3 | Z5: 0 | AA5: 0 | AB5: 0 | AC5: 0 | AD5: 1 | AE5: 0 | AG5: 0.77 | AH5: 2 | AI5: 13297536 | AJ5: 5 | AK5: 0 | AL5: 0 | AM5: 0 | AN5: 0 | AO5: 0 | AP5: 0 | AQ5: 0 | AR5: 0
A6: =ROW(Source!A30) -> 30 | B6: 13297537 | C6: 13297528 | D6: 12080124 | E6: 1 | F6: 1 | G6: 1 | H6: 3 | I6: 101-2478 | J6: ССЦ Челябинская область (2009) ч.1,разд.01,поз.2478 | K6: Лента К226 | L6: 1308 | N6: 1003 | O6: 100 м | P6: 100 м | Q6: 100 | X6: 0.0048 | Y6: 214 | Z6: 0 | AA6: 0 | AB6: 0 | AC6: 0 | AD6: 1 | AE6: 0 | AG6: 0.0048 | AH6: 2 | AI6: 13297537 | AJ6: 6 | AK6: 0 | AL6: 0 | AM6: 0 | AN6: 0 | AO6: 0 | AP6: 0 | AQ6: 0 | AR6: 0
A7: =ROW(Source!A30) -> 30 | B7: 13297538 | C7: 13297528 | D7: 12086052 | E7: 1 | F7: 1 | G7: 1 | H7: 3 | I7: 111-0086 | J7: ССЦ Челябинская область (2009) ч.1,разд.11,поз.0086 | K7: Бирки маркировочные | L7: 1355 | N7: 1010 | O7: 100 шт. | P7: 100 шт. | Q7: 100 | X7: 0.02 | Y7: 143.07 | Z7: 0 | AA7: 0 | AB7: 0 | AC7: 0 | AD7: 1 | AE7: 0 | AG7: 0.02 | AH7: 2 | AI7: 13297538 | AJ7: 7 | AK7: 0 | AL7: 0 | AM7: 0 | AN7: 0 | AO7: 0 | AP7: 0 | AQ7: 0 | AR7: 0
A8: =ROW(Source!A30) -> 30 | B8: 13297539 | C8: 13297528 | D8: 12111176 | E8: 1 | F8: 1 | G8: 1 | H8: 3 | I8: 507-0700 | J8: ССЦ Челябинская область (2009) ч.5,разд.07,поз.0700 | K8: Трубка поливинилхлоридная ХВТ | L8: 1346 | N8: 1009 | O8: кг | P8: кг | Q8: 1 | X8: 0.016 | Y8: 35.7 | Z8: 0 | AA8: 0 | AB8: 0 | AC8: 0 | AD8: 1 | AE8: 0 | AG8: 0.016 | AH8: 2 | AI8: 13297539 | AJ8: 8 | AK8: 0 | AL8: 0 | AM8: 0 | AN8: 0 | AO8: 0 | AP8: 0 | AQ8: 0 | AR8: 0
A9: =ROW(Source!A30) -> 30 | B9: 13297540 | C9: 13297528 | D9: 12114196 | E9: 1 | F9: 1 | G9: 1 | H9: 3 | I9: 509-0041 | J9: ССЦ Челябинская область (2009) ч.5,разд.09,поз.0041 | K9: Наконечники кабельные медные для электротехнических установок | L9: 1354 | N9: 1010 | O9: шт. | P9: шт. | Q9: 1 | X9: 2.04 | Y9: 40.06 | Z9: 0 | AA9: 0 | AB9: 0 | AC9: 0 | AD9: 1 | AE9: 0 | AG9: 2.04 | AH9: 2 | AI9: 13297540 | AJ9: 9 | AK9: 0 | AL9: 0 | AM9: 0 | AN9: 0 | AO9: 0 | AP9: 0 | AQ9: 0 | AR9: 0
A10: =ROW(Source!A30) -> 30 | B10: 13297541 | C10: 13297528 | D10: 12114225 | E10: 1 | F10: 1 | G10: 1 | H10: 3 | I10: 509-0070 | J10: ССЦ Челябинская область (2009) ч.5,разд.09,поз.0070 | K10: Кнопки монтажные | L10: 1356 | N10: 1010 | O10: 1000 шт. | P10: 1000 шт. | Q10: 1000 | X10: 0.0041 | Y10: 17.8 | Z10: 0 | AA10: 0 | AB10: 0 | AC10: 0 | AD10: 1 | AE10: 0 | AG10: 0.0041 | AH10: 2 | AI10: 13297541 | AJ10: 10 | AK10: 0 | AL10: 0 | AM10: 0 | AN10: 0 | AO10: 0 | AP10: 0 | AQ10: 0 | AR10: 0
A11: =ROW(Source!A30) -> 30 | B11: 13297542 | C11: 13297528 | D11: 12114245 | E11: 1 | F11: 1 | G11: 1 | H11: 3 | I11: 509-0090 | J11: ССЦ Челябинская область (2009) ч.5,разд.09,поз.0090 | K11: Перемычки гибкие, тип ПГС-50 | L11: 1354 | N11: 1010 | O11: шт. | P11: шт. | Q11: 1 | X11: 1 | Y11: 11.2 | Z11: 0 | AA11: 0 | AB11: 0 | AC11: 0 | AD11: 1 | AE11: 0 | AG11: 1 | AH11: 2 | AI11: 13297542 | AJ11: 11 | AK11: 0 | AL11: 0 | AM11: 0 | AN11: 0 | AO11: 0 | AP11: 0 | AQ11: 0 | AR11: 0
A12: =ROW(Source!A30) -> 30 | B12: 13297543 | C12: 13297528 | D12: 12114311 | E12: 1 | F12: 1 | G12: 1 | H12: 3 | I12: 509-0156 | J12: ССЦ Челябинская область (2009) ч.5,разд.09,поз.0156 | K12: Оконцеватели маркировочные | L12: 1355 | N12: 1010 | O12: 100 шт. | P12: 100 шт. | Q12: 100 | X12: 0.612 | Y12: 52.1 | Z12: 0 | AA12: 0 | AB12: 0 | AC12: 0 | AD12: 1 | AE12: 0 | AG12: 0.612 | AH12: 2 | AI12: 13297543 | AJ12: 12 | AK12: 0 | AL12: 0 | AM12: 0 | AN12: 0 | AO12: 0 | AP12: 0 | AQ12: 0 | AR12: 0
A13: =ROW(Source!A30) -> 30 | B13: 13297544 | C13: 13297528 | D13: 12117044 | E13: 1 | F13: 1 | G13: 1 | H13: 3 | I13: 999-9950 | J13: ССЦ Челябинская область (2009) ч.9,разд.99,поз.9950 | K13: Вспомогательные материалы (2% от ОЗП) | L13: 1344 | N13: 1008 | O13: руб. | P13: руб. | Q13: 1 | X13: 3.55 | Y13: 1 | Z13: 0 | AA13: 0 | AB13: 0 | AC13: 0 | AD13: 1 | AE13: 0 | AG13: 3.55 | AH13: 2 | AI13: 13297544 | AJ13: 13 | AK13: 0 | AL13: 0 | AM13: 0 | AN13: 0 | AO13: 0 | AP13: 0 | AQ13: 0 | AR13: 0
A14: =ROW(Source!A31) -> 31 | B14: 13297545 | C14: 13297529 | D14: 12389761 | E14: 1 | F14: 1 | G14: 1 | H14: 1 | I14: 1-2042-74 | K14: Рабочий монтажник среднего разряда 4,2 | L14: 1369 | N14: 1013 | O14: чел.-ч | P14: чел.-ч | Q14: 1 | X14: 2.37 | Y14: 0 | Z14: 0 | AA14: 0 | AB14: 12.54 | AC14: 0 | AD14: 1 | AE14: 1 | AF14: *1,7 | AG14: 4.029 | AH14: 2 | AI14: 13297545 | AJ14: 14 | AK14: 0 | AL14: 0 | AM14: 0 | AN14: 0 | AO14: 0 | AP14: 0 | AQ14: 0 | AR14: 0
A15: =ROW(Source!A31) -> 31 | B15: 13297546 | C15: 13297529 | D15: 121548 | E15: 1 | F15: 1 | G15: 1 | H15: 1 | I15: 2 | K15: Затраты труда машинистов | L15: 608254 | N15: 1013 | O15: чел.час | P15: чел.час | Q15: 1 | X15: 0.29 | Y15: 0 | Z15: 0 | AA15: 0 | AB15: 0 | AC15: 0 | AD15: 1 | AE15: 2 | AF15: *1,7 | AG15: 0.493 | AH15: 2 | AI15: 13297546 | AJ15: 15 | AK15: 0 | AL15: 0 | AM15: 0 | AN15: 0 | AO15: 0 | AP15: 0 | AQ15: 0 | AR15: 0
A16: =ROW(Source!A31) -> 31 | B16: 13297547 | C16: 13297529 | D16: 12074364 | E16: 1 | F16: 1 | G16: 1 | H16: 2 | I16: 021102 | J16: ЦЭМ Челябинская область (2009) разд.02,поз.1102 | K16: Краны на автомобильном ходу при работе на монтаже технологического оборудования 10 т | L16: 1368 | N16: 1011 | O16: маш.-ч | P16: маш.-ч | Q16: 1 | X16: 0.07 | Y16: 0 | Z16: 134.07 | AA16: 0 | AB16: 0 | AC16: 0 | AD16: 1 | AE16: 0 | AF16: *1,7 | AG16: 0.119 | AH16: 2 | AI16: 13297547 | AJ16: 16 | AK16: 0 | AL16: 0 | AM16: 0 | AN16: 0 | AO16: 0 | AP16: 0 | AQ16: 0 | AR16: 0
A17: =ROW(Source!A31) -> 31 | B17: 13297548 | C17: 13297529 | D17: 12074716 | E17: 1 | F17: 1 | G17: 1 | H17: 2 | I17: 040502 | J17: ЦЭМ Челябинская область (2009) разд.04,поз.0502 | K17: Установки для сварки ручной дуговой (постоянного тока) | L17: 1368 | N17: 1011 | O17: маш.-ч | P17: маш.-ч | Q17: 1 | X17: 0.71 | Y17: 0 | Z17: 7.84 | AA17: 0 | AB17: 0 | AC17: 0 | AD17: 1 | AE17: 0 | AF17: *1,7 | AG17: 1.207 | AH17: 2 | AI17: 13297548 | AJ17: 17 | AK17: 0 | AL17: 0 | AM17: 0 | AN17: 0 | AO17: 0 | AP17: 0 | AQ17: 0 | AR17: 0
A18: =ROW(Source!A31) -> 31 | B18: 13297549 | C18: 13297529 | D18: 12074764 | E18: 1 | F18: 1 | G18: 1 | H18: 2 | I18: 050102 | J18: ЦЭМ Челябинская область (2009) разд.05,поз.0102 | K18: Компрессоры передвижные с двигателем внутреннего сгорания давлением до 686 кПа (7 ат), производительность 5 м3/мин | L18: 1368 | N18: 1011 | O18: маш.-ч | P18: маш.-ч | Q18: 1 | X18: 0.22 | Y18: 0 | Z18: 63.37 | AA18: 0 | AB18: 0 | AC18: 0 | AD18: 1 | AE18: 0 | AF18: *1,7 | AG18: 0.374 | AH18: 2 | AI18: 13297549 | AJ18: 18 | AK18: 0 | AL18: 0 | AM18: 0 | AN18: 0 | AO18: 0 | AP18: 0 | AQ18: 0 | AR18: 0
A19: =ROW(Source!A31) -> 31 | B19: 13297550 | C19: 13297529 | D19: 12075184 | E19: 1 | F19: 1 | G19: 1 | H19: 2 | I19: 100602 | J19: ЦЭМ Челябинская область (2009) разд.10,поз.0602 | K19: Молотки бурильные легкие при работе от передвижных компрессорных станций | L19: 1368 | N19: 1011 | O19: маш.-ч | P19: маш.-ч | Q19: 1 | X19: 0.22 | Y19: 0 | Z19: 3.17 | AA19: 0 | AB19: 0 | AC19: 0 | AD19: 1 | AE19: 0 | AF19: *1,7 | AG19: 0.374 | AH19: 2 | AI19: 13297550 | AJ19: 19 | AK19: 0 | AL19: 0 | AM19: 0 | AN19: 0 | AO19: 0 | AP19: 0 | AQ19: 0 | AR19: 0
A20: =ROW(Source!A31) -> 31 | B20: 13297551 | C20: 13297529 | D20: 12077046 | E20: 1 | F20: 1 | G20: 1 | H20: 2 | I20: 400002 | J20: ЦЭМ Челябинская область (2009) разд.40,поз.0002 | K20: Автомобили бортовые, грузоподъемность до 8 т | L20: 1368 | N20: 1011 | O20: маш.-ч | P20: маш.-ч | Q20: 1 | X20: 0.07 | Y20: 0 | Z20: 115.4 | AA20: 0 | AB20: 0 | AC20: 0 | AD20: 1 | AE20: 0 | AF20: *1,7 | AG20: 0.119 | AH20: 2 | AI20: 13297551 | AJ20: 20 | AK20: 0 | AL20: 0 | AM20: 0 | AN20: 0 | AO20: 0 | AP20: 0 | AQ20: 0 | AR20: 0
A21: =ROW(Source!A31) -> 31 | B21: 13297552 | C21: 13297529 | D21: 12079624 | E21: 1 | F21: 1 | G21: 1 | H21: 3 | I21: 101-1924 | J21: ССЦ Челябинская область (2009) ч.1,разд.01,поз.1924 | K21: Электроды диаметром 4 мм Э42А | L21: 1346 | N21: 1009 | O21: кг | P21: кг | Q21: 1 | X21: 0.1 | Y21: 11.52 | Z21: 0 | AA21: 0 | AB21: 0 | AC21: 0 | AD21: 1 | AE21: 0 | AG21: 0.1 | AH21: 2 | AI21: 13297552 | AJ21: 21 | AK21: 0 | AL21: 0 | AM21: 0 | AN21: 0 | AO21: 0 | AP21: 0 | AQ21: 0 | AR21: 0
A22: =ROW(Source!A31) -> 31 | B22: 13297553 | C22: 13297529 | D22: 12079664 | E22: 1 | F22: 1 | G22: 1 | H22: 3 | I22: 101-1977 | J22: ССЦ Челябинская область (2009) ч.1,разд.01,поз.1977 | K22: Болты с гайками и шайбами строительные | L22: 1346 | N22: 1009 | O22: кг | P22: кг | Q22: 1 | X22: 0.1 | Y22: 17.3 | Z22: 0 | AA22: 0 | AB22: 0 | AC22: 0 | AD22: 1 | AE22: 0 | AG22: 0.1 | AH22: 2 | AI22: 13297553 | AJ22: 22 | AK22: 0 | AL22: 0 | AM22: 0 | AN22: 0 | AO22: 0 | AP22: 0 | AQ22: 0 | AR22: 0
A23: =ROW(Source!A31) -> 31 | B23: 13297554 | C23: 13297529 | D23: 12079806 | E23: 1 | F23: 1 | G23: 1 | H23: 3 | I23: 101-2143 | J23: ССЦ Челябинская область (2009) ч.1,разд.01,поз.2143 | K23: Краска | L23: 1346 | N23: 1009 | O23: кг | P23: кг | Q23: 1 | X23: 0.02 | Y23: 19.1 | Z23: 0 | AA23: 0 | AB23: 0 | AC23: 0 | AD23: 1 | AE23: 0 | AG23: 0.02 | AH23: 2 | AI23: 13297554 | AJ23: 23 | AK23: 0 | AL23: 0 | AM23: 0 | AN23: 0 | AO23: 0 | AP23: 0 | AQ23: 0 | AR23: 0
A24: =ROW(Source!A31) -> 31 | B24: 13297555 | C24: 13297529 | D24: 12117044 | E24: 1 | F24: 1 | G24: 1 | H24: 3 | I24: 999-9950 | J24: ССЦ Челябинская область (2009) ч.9,разд.99,поз.9950 | K24: Вспомогательные материалы (2% от ОЗП) | L24: 1344 | N24: 1008 | O24: руб. | P24: руб. | Q24: 1 | X24: 0.59 | Y24: 1 | Z24: 0 | AA24: 0 | AB24: 0 | AC24: 0 | AD24: 1 | AE24: 0 | AG24: 0.59 | AH24: 2 | AI24: 13297555 | AJ24: 24 | AK24: 0 | AL24: 0 | AM24: 0 | AN24: 0 | AO24: 0 | AP24: 0 | AQ24: 0 | AR24: 0
A25: =ROW(Source!A32) -> 32 | B25: 13297557 | C25: 13297530 | D25: 12389761 | E25: 1 | F25: 1 | G25: 1 | H25: 1 | I25: 1-2042-74 | K25: Рабочий монтажник среднего разряда 4,2 | L25: 1369 | N25: 1013 | O25: чел.-ч | P25: чел.-ч | Q25: 1 | X25: 1.03 | Y25: 0 | Z25: 0 | AA25: 0 | AB25: 12.54 | AC25: 0 | AD25: 1 | AE25: 1 | AF25: *1,7 | AG25: 1.751 | AH25: 2 | AI25: 13297557 | AJ25: 25 | AK25: 0 | AL25: 0 | AM25: 0 | AN25: 0 | AO25: 0 | AP25: 0 | AQ25: 0 | AR25: 0
A26: =ROW(Source!A32) -> 32 | B26: 13297558 | C26: 13297530 | D26: 12115820 | E26: 1 | F26: 1 | G26: 1 | H26: 3 | I26: 509-2160 | J26: ССЦ Челябинская область (2009) ч.5,разд.09,поз.2160 | K26: Прокладки паронитовые | L26: 1346 | N26: 1009 | O26: кг | P26: кг | Q26: 1 | X26: 0.042 | Y26: 24.9 | Z26: 0 | AA26: 0 | AB26: 0 | AC26: 0 | AD26: 1 | AE26: 0 | AG26: 0.042 | AH26: 2 | AI26: 13297558 | AJ26: 26 | AK26: 0 | AL26: 0 | AM26: 0 | AN26: 0 | AO26: 0 | AP26: 0 | AQ26: 0 | AR26: 0
A27: =ROW(Source!A32) -> 32 | B27: 13297559 | C27: 13297530 | D27: 12117044 | E27: 1 | F27: 1 | G27: 1 | H27: 3 | I27: 999-9950 | J27: ССЦ Челябинская область (2009) ч.9,разд.99,поз.9950 | K27: Вспомогательные материалы (2% от ОЗП) | L27: 1344 | N27: 1008 | O27: руб. | P27: руб. | Q27: 1 | X27: 0.26 | Y27: 1 | Z27: 0 | AA27: 0 | AB27: 0 | AC27: 0 | AD27: 1 | AE27: 0 | AG27: 0.26 | AH27: 2 | AI27: 13297559 | AJ27: 27 | AK27: 0 | AL27: 0 | AM27: 0 | AN27: 0 | AO27: 0 | AP27: 0 | AQ27: 0 | AR27: 0
A28: =ROW(Source!A33) -> 33 | B28: 13297560 | C28: 13297531 | D28: 12388959 | E28: 1 | F28: 1 | G28: 1 | H28: 1 | I28: 1-2040-74 | K28: Рабочий монтажник среднего разряда 4 | L28: 1369 | N28: 1013 | O28: чел.-ч | P28: чел.-ч | Q28: 1 | X28: 24.4 | Y28: 0 | Z28: 0 | AA28: 0 | AB28: 12.16 | AC28: 0 | AD28: 1 | AE28: 1 | AF28: *1,7 | AG28: 41.48 | AH28: 2 | AI28: 13297560 | AJ28: 28 | AK28: 0 | AL28: 0 | AM28: 0 | AN28: 0 | AO28: 0 | AP28: 0 | AQ28: 0 | AR28: 0
A29: =ROW(Source!A33) -> 33 | B29: 13297561 | C29: 13297531 | D29: 121548 | E29: 1 | F29: 1 | G29: 1 | H29: 1 | I29: 2 | K29: Затраты труда машинистов | L29: 608254 | N29: 1013 | O29: чел.час | P29: чел.час | Q29: 1 | X29: 0.68 | Y29: 0 | Z29: 0 | AA29: 0 | AB29: 0 | AC29: 0 | AD29: 1 | AE29: 2 | AF29: *1,7 | AG29: 1.156 | AH29: 2 | AI29: 13297561 | AJ29: 29 | AK29: 0 | AL29: 0 | AM29: 0 | AN29: 0 | AO29: 0 | AP29: 0 | AQ29: 0 | AR29: 0
A30: =ROW(Source!A33) -> 33 | B30: 13297562 | C30: 13297531 | D30: 12074364 | E30: 1 | F30: 1 | G30: 1 | H30: 2 | I30: 021102 | J30: ЦЭМ Челябинская область (2009) разд.02,поз.1102 | K30: Краны на автомобильном ходу при работе на монтаже технологического оборудования 10 т | L30: 1368 | N30: 1011 | O30: маш.-ч | P30: маш.-ч | Q30: 1 | X30: 0.68 | Y30: 0 | Z30: 134.07 | AA30: 0 | AB30: 0 | AC30: 0 | AD30: 1 | AE30: 0 | AF30: *1,7 | AG30: 1.156 | AH30: 2 | AI30: 13297562 | AJ30: 30 | AK30: 0 | AL30: 0 | AM30: 0 | AN30: 0 | AO30: 0 | AP30: 0 | AQ30: 0 | AR30: 0
A31: =ROW(Source!A33) -> 33 | B31: 13297563 | C31: 13297531 | D31: 12077046 | E31: 1 | F31: 1 | G31: 1 | H31: 2 | I31: 400002 | J31: ЦЭМ Челябинская область (2009) разд.40,поз.0002 | K31: Автомобили бортовые, грузоподъемность до 8 т | L31: 1368 | N31: 1011 | O31: маш.-ч | P31: маш.-ч | Q31: 1 | X31: 0.68 | Y31: 0 | Z31: 115.4 | AA31: 0 | AB31: 0 | AC31: 0 | AD31: 1 | AE31: 0 | AF31: *1,7 | AG31: 1.156 | AH31: 2 | AI31: 13297563 | AJ31: 31 | AK31: 0 | AL31: 0 | AM31: 0 | AN31: 0 | AO31: 0 | AP31: 0 | AQ31: 0 | AR31: 0
A32: =ROW(Source!A33) -> 33 | B32: 13297564 | C32: 13297531 | D32: 12117044 | E32: 1 | F32: 1 | G32: 1 | H32: 3 | I32: 999-9950 | J32: ССЦ Челябинская область (2009) ч.9,разд.99,поз.9950 | K32: Вспомогательные материалы (2% от ОЗП) | L32: 1344 | N32: 1008 | O32: руб. | P32: руб. | Q32: 1 | X32: 5.93 | Y32: 1 | Z32: 0 | AA32: 0 | AB32: 0 | AC32: 0 | AD32: 1 | AE32: 0 | AG32: 5.93 | AH32: 2 | AI32: 13297564 | AJ32: 32 | AK32: 0 | AL32: 0 | AM32: 0 | AN32: 0 | AO32: 0 | AP32: 0 | AQ32: 0 | AR32: 0
A33: =ROW(Source!A34) -> 34 | B33: 13297568 | C33: 13297565 | D33: 12388959 | E33: 1 | F33: 1 | G33: 1 | H33: 1 | I33: 1-2040-74 | K33: Рабочий монтажник среднего разряда 4 | L33: 1369 | N33: 1013 | O33: чел.-ч | P33: чел.-ч | Q33: 1 | X33: 11.6 | Y33: 0 | Z33: 0 | AA33: 0 | AB33: 12.16 | AC33: 0 | AD33: 1 | AE33: 1 | AF33: *1,7 | AG33: 19.72 | AH33: 2 | AI33: 13297568 | AJ33: 33 | AK33: 0 | AL33: 0 | AM33: 0 | AN33: 0 | AO33: 0 | AP33: 0 | AQ33: 0 | AR33: 0
A34: =ROW(Source!A34) -> 34 | B34: 13297569 | C34: 13297565 | D34: 121548 | E34: 1 | F34: 1 | G34: 1 | H34: 1 | I34: 2 | K34: Затраты труда машинистов | L34: 608254 | N34: 1013 | O34: чел.час | P34: чел.час | Q34: 1 | X34: 2.96 | Y34: 0 | Z34: 0 | AA34: 0 | AB34: 0 | AC34: 0 | AD34: 1 | AE34: 2 | AF34: *1,7 | AG34: 5.032 | AH34: 2 | AI34: 13297569 | AJ34: 34 | AK34: 0 | AL34: 0 | AM34: 0 | AN34: 0 | AO34: 0 | AP34: 0 | AQ34: 0 | AR34: 0
A35: =ROW(Source!A34) -> 34 | B35: 13297570 | C35: 13297565 | D35: 12074364 | E35: 1 | F35: 1 | G35: 1 | H35: 2 | I35: 021102 | J35: ЦЭМ Челябинская область (2009) разд.02,поз.1102 | K35: Краны на автомобильном ходу при работе на монтаже технологического оборудования 10 т | L35: 1368 | N35: 1011 | O35: маш.-ч | P35: маш.-ч | Q35: 1 | X35: 0.21 | Y35: 0 | Z35: 134.07 | AA35: 0 | AB35: 0 | AC35: 0 | AD35: 1 | AE35: 0 | AF35: *1,7 | AG35: 0.357 | AH35: 2 | AI35: 13297570 | AJ35: 35 | AK35: 0 | AL35: 0 | AM35: 0 | AN35: 0 | AO35: 0 | AP35: 0 | AQ35: 0 | AR35: 0
A36: =ROW(Source!A34) -> 34 | B36: 13297571 | C36: 13297565 | D36: 12074526 | E36: 1 | F36: 1 | G36: 1 | H36: 2 | I36: 030203 | J36: ЦЭМ Челябинская область (2009) разд.03,поз.0203 | K36: Домкраты гидравлические грузоподъемностью 63 т | L36: 1368 | N36: 1011 | O36: маш.-ч | P36: маш.-ч | Q36: 1 | X36: 2.75 | Y36: 0 | Z36: 1.31 | AA36: 0 | AB36: 0 | AC36: 0 | AD36: 1 | AE36: 0 | AF36: *1,7 | AG36: 4.675 | AH36: 2 | AI36: 13297571 | AJ36: 36 | AK36: 0 | AL36: 0 | AM36: 0 | AN36: 0 | AO36: 0 | AP36: 0 | AQ36: 0 | AR36: 0
A37: =ROW(Source!A34) -> 34 | B37: 13297572 | C37: 13297565 | D37: 12074557 | E37: 1 | F37: 1 | G37: 1 | H37: 2 | I37: 030408 | J37: ЦЭМ Челябинская область (2009) разд.03,поз.0408 | K37: Лебедки электрические тяговым усилием 156,96 кН (16 т) | L37: 1368 | N37: 1011 | O37: маш.-ч | P37: маш.-ч | Q37: 1 | X37: 2.75 | Y37: 0 | Z37: 137.85 | AA37: 0 | AB37: 0 | AC37: 0 | AD37: 1 | AE37: 0 | AF37: *1,7 | AG37: 4.675 | AH37: 2 | AI37: 13297572 | AJ37: 37 | AK37: 0 | AL37: 0 | AM37: 0 | AN37: 0 | AO37: 0 | AP37: 0 | AQ37: 0 | AR37: 0
A38: =ROW(Source!A34) -> 34 | B38: 13297573 | C38: 13297565 | D38: 12077046 | E38: 1 | F38: 1 | G38: 1 | H38: 2 | I38: 400002 | J38: ЦЭМ Челябинская область (2009) разд.40,поз.0002 | K38: Автомобили бортовые, грузоподъемность до 8 т | L38: 1368 | N38: 1011 | O38: маш.-ч | P38: маш.-ч | Q38: 1 | X38: 0.21 | Y38: 0 | Z38: 115.4 | AA38: 0 | AB38: 0 | AC38: 0 | AD38: 1 | AE38: 0 | AF38: *1,7 | AG38: 0.357 | AH38: 2 | AI38: 13297573 | AJ38: 38 | AK38: 0 | AL38: 0 | AM38: 0 | AN38: 0 | AO38: 0 | AP38: 0 | AQ38: 0 | AR38: 0
A39: =ROW(Source!A34) -> 34 | B39: 13297574 | C39: 13297565 | D39: 12078646 | E39: 1 | F39: 1 | G39: 1 | H39: 3 | I39: 101-0813 | J39: ССЦ Челябинская область (2009) ч.1,разд.01,поз.0813 | K39: Проволока стальная низкоуглеродистая разного назначения оцинкованная диаметром 3,0 мм | L39: 1348 | N39: 1009 | O39: т | P39: т | Q39: 1000 | X39: 0.0001 | Y39: 12000 | Z39: 0 | AA39: 0 | AB39: 0 | AC39: 0 | AD39: 1 | AE39: 0 | AG39: 0.0001 | AH39: 2 | AI39: 13297574 | AJ39: 39 | AK39: 0 | AL39: 0 | AM39: 0 | AN39: 0 | AO39: 0 | AP39: 0 | AQ39: 0 | AR39: 0
A40: =ROW(Source!A34) -> 34 | B40: 13297575 | C40: 13297565 | D40: 12078694 | E40: 1 | F40: 1 | G40: 1 | H40: 3 | I40: 101-0865 | J40: ССЦ Челябинская область (2009) ч.1,разд.01,поз.0865 | K40: Роли свинцовые марки С1 толщиной 1,0 мм | L40: 1348 | N40: 1009 | O40: т | P40: т | Q40: 1000 | X40: 0.00062 | Y40: 22180 | Z40: 0 | AA40: 0 | AB40: 0 | AC40: 0 | AD40: 1 | AE40: 0 | AG40: 0.00062 | AH40: 2 | AI40: 13297575 | AJ40: 40 | AK40: 0 | AL40: 0 | AM40: 0 | AN40: 0 | AO40: 0 | AP40: 0 | AQ40: 0 | AR40: 0
A41: =ROW(Source!A34) -> 34 | B41: 13297576 | C41: 13297565 | D41: 12079215 | E41: 1 | F41: 1 | G41: 1 | H41: 3 | I41: 101-1481 | J41: ССЦ Челябинская область (2009) ч.1,разд.01,поз.1481 | K41: Шурупы с полукруглой головкой 4x40 мм | L41: 1348 | N41: 1009 | O41: т | P41: т | Q41: 1000 | X41: 0.00011 | Y41: 11540 | Z41: 0 | AA41: 0 | AB41: 0 | AC41: 0 | AD41: 1 | AE41: 0 | AG41: 0.00011 | AH41: 2 | AI41: 13297576 | AJ41: 41 | AK41: 0 | AL41: 0 | AM41: 0 | AN41: 0 | AO41: 0 | AP41: 0 | AQ41: 0 | AR41: 0
A42: =ROW(Source!A34) -> 34 | B42: 13297577 | C42: 13297565 | D42: 12080124 | E42: 1 | F42: 1 | G42: 1 | H42: 3 | I42: 101-2478 | J42: ССЦ Челябинская область (2009) ч.1,разд.01,поз.2478 | K42: Лента К226 | L42: 1308 | N42: 1003 | O42: 100 м | P42: 100 м | Q42: 100 | X42: 0.0245 | Y42: 214 | Z42: 0 | AA42: 0 | AB42: 0 | AC42: 0 | AD42: 1 | AE42: 0 | AG42: 0.0245 | AH42: 2 | AI42: 13297577 | AJ42: 42 | AK42: 0 | AL42: 0 | AM42: 0 | AN42: 0 | AO42: 0 | AP42: 0 | AQ42: 0 | AR42: 0
A43: =ROW(Source!A34) -> 34 | B43: 13297578 | C43: 13297565 | D43: 12086052 | E43: 1 | F43: 1 | G43: 1 | H43: 3 | I43: 111-0086 | J43: ССЦ Челябинская область (2009) ч.1,разд.11,поз.0086 | K43: Бирки маркировочные | L43: 1355 | N43: 1010 | O43: 100 шт. | P43: 100 шт. | Q43: 100 | X43: 0.1 | Y43: 143.07 | Z43: 0 | AA43: 0 | AB43: 0 | AC43: 0 | AD43: 1 | AE43: 0 | AG43: 0.1 | AH43: 2 | AI43: 13297578 | AJ43: 43 | AK43: 0 | AL43: 0 | AM43: 0 | AN43: 0 | AO43: 0 | AP43: 0 | AQ43: 0 | AR43: 0
A44: =ROW(Source!A34) -> 34 | B44: 13297579 | C44: 13297565 | D44: 12086661 | E44: 1 | F44: 1 | G44: 1 | H44: 3 | I44: 113-1786 | J44: ССЦ Челябинская область (2009) ч.1,разд.13,поз.1786 | K44: Лак битумный БТ-123 | L44: 1348 | N44: 1009 | O44: т | P44: т | Q44: 1000 | X44: 0.00072 | Y44: 16640 | Z44: 0 | AA44: 0 | AB44: 0 | AC44: 0 | AD44: 1 | AE44: 0 | AG44: 0.00072 | AH44: 2 | AI44: 13297579 | AJ44: 44 | AK44: 0 | AL44: 0 | AM44: 0 | AN44: 0 | AO44: 0 | AP44: 0 | AQ44: 0 | AR44: 0
A45: =ROW(Source!A34) -> 34 | B45: 13297580 | C45: 13297565 | D45: 12110825 | E45: 1 | F45: 1 | G45: 1 | H45: 3 | I45: 506-1362 | J45: ССЦ Челябинская область (2009) ч.5,разд.06,поз.1362 | K45: Припои оловянно-свинцовые бессурьмянистые марки ПОС30 | L45: 1346 | N45: 1009 | O45: кг | P45: кг | Q45: 1 | X45: 0.26 | Y45: 69.9 | Z45: 0 | AA45: 0 | AB45: 0 | AC45: 0 | AD45: 1 | AE45: 0 | AG45: 0.26 | AH45: 2 | AI45: 13297580 | AJ45: 45 | AK45: 0 | AL45: 0 | AM45: 0 | AN45: 0 | AO45: 0 | AP45: 0 | AQ45: 0 | AR45: 0
A46: =ROW(Source!A34) -> 34 | B46: 13297581 | C46: 13297565 | D46: 12114225 | E46: 1 | F46: 1 | G46: 1 | H46: 3 | I46: 509-0070 | J46: ССЦ Челябинская область (2009) ч.5,разд.09,поз.0070 | K46: Кнопки монтажные | L46: 1356 | N46: 1010 | O46: 1000 шт. | P46: 1000 шт. | Q46: 1000 | X46: 0.0208 | Y46: 17.8 | Z46: 0 | AA46: 0 | AB46: 0 | AC46: 0 | AD46: 1 | AE46: 0 | AG46: 0.0208 | AH46: 2 | AI46: 13297581 | AJ46: 46 | AK46: 0 | AL46: 0 | AM46: 0 | AN46: 0 | AO46: 0 | AP46: 0 | AQ46: 0 | AR46: 0
A47: =ROW(Source!A34) -> 34 | B47: 13297582 | C47: 13297565 | D47: 12114257 | E47: 1 | F47: 1 | G47: 1 | H47: 3 | I47: 509-0102 | J47: ССЦ Челябинская область (2009) ч.5,разд.09,поз.0102 | K47: Скобы | L47: 1358 | N47: 1010 | O47: 10 шт. | P47: 10 шт. | Q47: 10 | X47: 1.8 | Y47: 64.8 | Z47: 0 | AA47: 0 | AB47: 0 | AC47: 0 | AD47: 1 | AE47: 0 | AG47: 1.8 | AH47: 2 | AI47: 13297582 | AJ47: 47 | AK47: 0 | AL47: 0 | AM47: 0 | AN47: 0 | AO47: 0 | AP47: 0 | AQ47: 0 | AR47: 0
A48: =ROW(Source!A34) -> 34 | B48: 13297583 | C48: 13297565 | D48: 12117044 | E48: 1 | F48: 1 | G48: 1 | H48: 3 | I48: 999-9950 | J48: ССЦ Челябинская область (2009) ч.9,разд.99,поз.9950 | K48: Вспомогательные материалы (2% от ОЗП) | L48: 1344 | N48: 1008 | O48: руб. | P48: руб. | Q48: 1 | X48: 2.82 | Y48: 1 | Z48: 0 | AA48: 0 | AB48: 0 | AC48: 0 | AD48: 1 | AE48: 0 | AG48: 2.82 | AH48: 2 | AI48: 13297583 | AJ48: 48 | AK48: 0 | AL48: 0 | AM48: 0 | AN48: 0 | AO48: 0 | AP48: 0 | AQ48: 0 | AR48: 0
A49: =ROW(Source!A35) -> 35 | B49: 13297602 | C49: 13297566 | D49: 12388959 | E49: 1 | F49: 1 | G49: 1 | H49: 1 | I49: 1-2040-74 | K49: Рабочий монтажник среднего разряда 4 | L49: 1369 | N49: 1013 | O49: чел.-ч | P49: чел.-ч | Q49: 1 | X49: 14.2 | Y49: 0 | Z49: 0 | AA49: 0 | AB49: 12.16 | AC49: 0 | AD49: 1 | AE49: 1 | AF49: *1,7 | AG49: 24.14 | AH49: 2 | AI49: 13297602 | AJ49: 49 | AK49: 0 | AL49: 0 | AM49: 0 | AN49: 0 | AO49: 0 | AP49: 0 | AQ49: 0 | AR49: 0
A50: =ROW(Source!A35) -> 35 | B50: 13297603 | C50: 13297566 | D50: 121548 | E50: 1 | F50: 1 | G50: 1 | H50: 1 | I50: 2 | K50: Затраты труда машинистов | L50: 608254 | N50: 1013 | O50: чел.час | P50: чел.час | Q50: 1 | X50: 4.39 | Y50: 0 | Z50: 0 | AA50: 0 | AB50: 0 | AC50: 0 | AD50: 1 | AE50: 2 | AF50: *1,7 | AG50: 7.463 | AH50: 2 | AI50: 13297603 | AJ50: 50 | AK50: 0 | AL50: 0 | AM50: 0 | AN50: 0 | AO50: 0 | AP50: 0 | AQ50: 0 | AR50: 0
A51: =ROW(Source!A35) -> 35 | B51: 13297604 | C51: 13297566 | D51: 12074364 | E51: 1 | F51: 1 | G51: 1 | H51: 2 | I51: 021102 | J51: ЦЭМ Челябинская область (2009) разд.02,поз.1102 | K51: Краны на автомобильном ходу при работе на монтаже технологического оборудования 10 т | L51: 1368 | N51: 1011 | O51: маш.-ч | P51: маш.-ч | Q51: 1 | X51: 1.17 | Y51: 0 | Z51: 134.07 | AA51: 0 | AB51: 0 | AC51: 0 | AD51: 1 | AE51: 0 | AF51: *1,7 | AG51: 1.989 | AH51: 2 | AI51: 13297604 | AJ51: 51 | AK51: 0 | AL51: 0 | AM51: 0 | AN51: 0 | AO51: 0 | AP51: 0 | AQ51: 0 | AR51: 0
A52: =ROW(Source!A35) -> 35 | B52: 13297605 | C52: 13297566 | D52: 12074526 | E52: 1 | F52: 1 | G52: 1 | H52: 2 | I52: 030203 | J52: ЦЭМ Челябинская область (2009) разд.03,поз.0203 | K52: Домкраты гидравлические грузоподъемностью 63 т | L52: 1368 | N52: 1011 | O52: маш.-ч | P52: маш.-ч | Q52: 1 | X52: 3.22 | Y52: 0 | Z52: 1.31 | AA52: 0 | AB52: 0 | AC52: 0 | AD52: 1 | AE52: 0 | AF52: *1,7 | AG52: 5.474 | AH52: 2 | AI52: 13297605 | AJ52: 52 | AK52: 0 | AL52: 0 | AM52: 0 | AN52: 0 | AO52: 0 | AP52: 0 | AQ52: 0 | AR52: 0
A53: =ROW(Source!A35) -> 35 | B53: 13297606 | C53: 13297566 | D53: 12074557 | E53: 1 | F53: 1 | G53: 1 | H53: 2 | I53: 030408 | J53: ЦЭМ Челябинская область (2009) разд.03,поз.0408 | K53: Лебедки электрические тяговым усилием 156,96 кН (16 т) | L53: 1368 | N53: 1011 | O53: маш.-ч | P53: маш.-ч | Q53: 1 | X53: 3.22 | Y53: 0 | Z53: 137.85 | AA53: 0 | AB53: 0 | AC53: 0 | AD53: 1 | AE53: 0 | AF53: *1,7 | AG53: 5.474 | AH53: 2 | AI53: 13297606 | AJ53: 53 | AK53: 0 | AL53: 0 | AM53: 0 | AN53: 0 | AO53: 0 | AP53: 0 | AQ53: 0 | AR53: 0
A54: =ROW(Source!A35) -> 35 | B54: 13297607 | C54: 13297566 | D54: 12077046 | E54: 1 | F54: 1 | G54: 1 | H54: 2 | I54: 400002 | J54: ЦЭМ Челябинская область (2009) разд.40,поз.0002 | K54: Автомобили бортовые, грузоподъемность до 8 т | L54: 1368 | N54: 1011 | O54: маш.-ч | P54: маш.-ч | Q54: 1 | X54: 1.17 | Y54: 0 | Z54: 115.4 | AA54: 0 | AB54: 0 | AC54: 0 | AD54: 1 | AE54: 0 | AF54: *1,7 | AG54: 1.989 | AH54: 2 | AI54: 13297607 | AJ54: 54 | AK54: 0 | AL54: 0 | AM54: 0 | AN54: 0 | AO54: 0 | AP54: 0 | AQ54: 0 | AR54: 0
A55: =ROW(Source!A35) -> 35 | B55: 13297608 | C55: 13297566 | D55: 12078646 | E55: 1 | F55: 1 | G55: 1 | H55: 3 | I55: 101-0813 | J55: ССЦ Челябинская область (2009) ч.1,разд.01,поз.0813 | K55: Проволока стальная низкоуглеродистая разного назначения оцинкованная диаметром 3,0 мм | L55: 1348 | N55: 1009 | O55: т | P55: т | Q55: 1000 | X55: 4e-05 | Y55: 12000 | Z55: 0 | AA55: 0 | AB55: 0 | AC55: 0 | AD55: 1 | AE55: 0 | AG55: 4e-05 | AH55: 2 | AI55: 13297608 | AJ55: 55 | AK55: 0 | AL55: 0 | AM55: 0 | AN55: 0 | AO55: 0 | AP55: 0 | AQ55: 0 | AR55: 0
A56: =ROW(Source!A35) -> 35 | B56: 13297609 | C56: 13297566 | D56: 12078694 | E56: 1 | F56: 1 | G56: 1 | H56: 3 | I56: 101-0865 | J56: ССЦ Челябинская область (2009) ч.1,разд.01,поз.0865 | K56: Роли свинцовые марки С1 толщиной 1,0 мм | L56: 1348 | N56: 1009 | O56: т | P56: т | Q56: 1000 | X56: 0.0008 | Y56: 22180 | Z56: 0 | AA56: 0 | AB56: 0 | AC56: 0 | AD56: 1 | AE56: 0 | AG56: 0.0008 | AH56: 2 | AI56: 13297609 | AJ56: 56 | AK56: 0 | AL56: 0 | AM56: 0 | AN56: 0 | AO56: 0 | AP56: 0 | AQ56: 0 | AR56: 0
A57: =ROW(Source!A35) -> 35 | B57: 13297610 | C57: 13297566 | D57: 12079370 | E57: 1 | F57: 1 | G57: 1 | H57: 3 | I57: 101-1641 | J57: ССЦ Челябинская область (2009) ч.1,разд.01,поз.1641 | K57: Сталь угловая равнополочная, марка стали ВСт3кп2, размером 50x50x5 мм | L57: 1348 | N57: 1009 | O57: т | P57: т | Q57: 1000 | X57: 0.01 | Y57: 5300 | Z57: 0 | AA57: 0 | AB57: 0 | AC57: 0 | AD57: 1 | AE57: 0 | AG57: 0.01 | AH57: 2 | AI57: 13297610 | AJ57: 57 | AK57: 0 | AL57: 0 | AM57: 0 | AN57: 0 | AO57: 0 | AP57: 0 | AQ57: 0 | AR57: 0
A58: =ROW(Source!A35) -> 35 | B58: 13297611 | C58: 13297566 | D58: 12079477 | E58: 1 | F58: 1 | G58: 1 | H58: 3 | I58: 101-1755 | J58: ССЦ Челябинская область (2009) ч.1,разд.01,поз.1755 | K58: Сталь полосовая, марка стали Ст3сп шириной 50-200 мм толщиной 4-5 мм | L58: 1348 | N58: 1009 | O58: т | P58: т | Q58: 1000 | X58: 0.001 | Y58: 6620 | Z58: 0 | AA58: 0 | AB58: 0 | AC58: 0 | AD58: 1 | AE58: 0 | AG58: 0.001 | AH58: 2 | AI58: 13297611 | AJ58: 58 | AK58: 0 | AL58: 0 | AM58: 0 | AN58: 0 | AO58: 0 | AP58: 0 | AQ58: 0 | AR58: 0
A59: =ROW(Source!A35) -> 35 | B59: 13297612 | C59: 13297566 | D59: 12079806 | E59: 1 | F59: 1 | G59: 1 | H59: 3 | I59: 101-2143 | J59: ССЦ Челябинская область (2009) ч.1,разд.01,поз.2143 | K59: Краска | L59: 1346 | N59: 1009 | O59: кг | P59: кг | Q59: 1 | X59: 0.25 | Y59: 19.1 | Z59: 0 | AA59: 0 | AB59: 0 | AC59: 0 | AD59: 1 | AE59: 0 | AG59: 0.25 | AH59: 2 | AI59: 13297612 | AJ59: 59 | AK59: 0 | AL59: 0 | AM59: 0 | AN59: 0 | AO59: 0 | AP59: 0 | AQ59: 0 | AR59: 0
A60: =ROW(Source!A35) -> 35 | B60: 13297613 | C60: 13297566 | D60: 12080124 | E60: 1 | F60: 1 | G60: 1 | H60: 3 | I60: 101-2478 | J60: ССЦ Челябинская область (2009) ч.1,разд.01,поз.2478 | K60: Лента К226 | L60: 1308 | N60: 1003 | O60: 100 м | P60: 100 м | Q60: 100 | X60: 0.0096 | Y60: 214 | Z60: 0 | AA60: 0 | AB60: 0 | AC60: 0 | AD60: 1 | AE60: 0 | AG60: 0.0096 | AH60: 2 | AI60: 13297613 | AJ60: 60 | AK60: 0 | AL60: 0 | AM60: 0 | AN60: 0 | AO60: 0 | AP60: 0 | AQ60: 0 | AR60: 0
A61: =ROW(Source!A35) -> 35 | B61: 13297614 | C61: 13297566 | D61: 12086052 | E61: 1 | F61: 1 | G61: 1 | H61: 3 | I61: 111-0086 | J61: ССЦ Челябинская область (2009) ч.1,разд.11,поз.0086 | K61: Бирки маркировочные | L61: 1355 | N61: 1010 | O61: 100 шт. | P61: 100 шт. | Q61: 100 | X61: 0.041 | Y61: 143.07 | Z61: 0 | AA61: 0 | AB61: 0 | AC61: 0 | AD61: 1 | AE61: 0 | AG61: 0.041 | AH61: 2 | AI61: 13297614 | AJ61: 61 | AK61: 0 | AL61: 0 | AM61: 0 | AN61: 0 | AO61: 0 | AP61: 0 | AQ61: 0 | AR61: 0
A62: =ROW(Source!A35) -> 35 | B62: 13297615 | C62: 13297566 | D62: 12086661 | E62: 1 | F62: 1 | G62: 1 | H62: 3 | I62: 113-1786 | J62: ССЦ Челябинская область (2009) ч.1,разд.13,поз.1786 | K62: Лак битумный БТ-123 | L62: 1348 | N62: 1009 | O62: т | P62: т | Q62: 1000 | X62: 6e-05 | Y62: 16640 | Z62: 0 | AA62: 0 | AB62: 0 | AC62: 0 | AD62: 1 | AE62: 0 | AG62: 6e-05 | AH62: 2 | AI62: 13297615 | AJ62: 62 | AK62: 0 | AL62: 0 | AM62: 0 | AN62: 0 | AO62: 0 | AP62: 0 | AQ62: 0 | AR62: 0
A63: =ROW(Source!A35) -> 35 | B63: 13297616 | C63: 13297566 | D63: 12114225 | E63: 1 | F63: 1 | G63: 1 | H63: 3 | I63: 509-0070 | J63: ССЦ Челябинская область (2009) ч.5,разд.09,поз.0070 | K63: Кнопки монтажные | L63: 1356 | N63: 1010 | O63: 1000 шт. | P63: 1000 шт. | Q63: 1000 | X63: 0.00832 | Y63: 17.8 | Z63: 0 | AA63: 0 | AB63: 0 | AC63: 0 | AD63: 1 | AE63: 0 | AG63: 0.00832 | AH63: 2 | AI63: 13297616 | AJ63: 63 | AK63: 0 | AL63: 0 | AM63: 0 | AN63: 0 | AO63: 0 | AP63: 0 | AQ63: 0 | AR63: 0
A64: =ROW(Source!A35) -> 35 | B64: 13297617 | C64: 13297566 | D64: 12117044 | E64: 1 | F64: 1 | G64: 1 | H64: 3 | I64: 999-9950 | J64: ССЦ Челябинская область (2009) ч.9,разд.99,поз.9950 | K64: Вспомогательные материалы (2% от ОЗП) | L64: 1344 | N64: 1008 | O64: руб. | P64: руб. | Q64: 1 | X64: 3.45 | Y64: 1 | Z64: 0 | AA64: 0 | AB64: 0 | AC64: 0 | AD64: 1 | AE64: 0 | AG64: 3.45 | AH64: 2 | AI64: 13297617 | AJ64: 64 | AK64: 0 | AL64: 0 | AM64: 0 | AN64: 0 | AO64: 0 | AP64: 0 | AQ64: 0 | AR64: 0
A65: =ROW(Source!A36) -> 36 | B65: 13297634 | C65: 13297633 | D65: 12389761 | E65: 1 | F65: 1 | G65: 1 | H65: 1 | I65: 1-2042-74 | K65: Рабочий монтажник среднего разряда 4,2 | L65: 1369 | N65: 1013 | O65: чел.-ч | P65: чел.-ч | Q65: 1 | X65: 46.6 | Y65: 0 | Z65: 0 | AA65: 0 | AB65: 12.54 | AC65: 0 | AD65: 1 | AE65: 1 | AF65: *1,7 | AG65: 79.22 | AH65: 2 | AI65: 13297634 | AJ65: 65 | AK65: 0 | AL65: 0 | AM65: 0 | AN65: 0 | AO65: 0 | AP65: 0 | AQ65: 0 | AR65: 0
A66: =ROW(Source!A36) -> 36 | B66: 13297635 | C66: 13297633 | D66: 121548 | E66: 1 | F66: 1 | G66: 1 | H66: 1 | I66: 2 | K66: Затраты труда машинистов | L66: 608254 | N66: 1013 | O66: чел.час | P66: чел.час | Q66: 1 | X66: 0.03 | Y66: 0 | Z66: 0 | AA66: 0 | AB66: 0 | AC66: 0 | AD66: 1 | AE66: 2 | AF66: *1,7 | AG66: 0.051 | AH66: 2 | AI66: 13297635 | AJ66: 66 | AK66: 0 | AL66: 0 | AM66: 0 | AN66: 0 | AO66: 0 | AP66: 0 | AQ66: 0 | AR66: 0
A67: =ROW(Source!A36) -> 36 | B67: 13297636 | C67: 13297633 | D67: 12074364 | E67: 1 | F67: 1 | G67: 1 | H67: 2 | I67: 021102 | J67: ЦЭМ Челябинская область (2009) разд.02,поз.1102 | K67: Краны на автомобильном ходу при работе на монтаже технологического оборудования 10 т | L67: 1368 | N67: 1011 | O67: маш.-ч | P67: маш.-ч | Q67: 1 | X67: 0.03 | Y67: 0 | Z67: 134.07 | AA67: 0 | AB67: 0 | AC67: 0 | AD67: 1 | AE67: 0 | AF67: *1,7 | AG67: 0.051 | AH67: 2 | AI67: 13297636 | AJ67: 67 | AK67: 0 | AL67: 0 | AM67: 0 | AN67: 0 | AO67: 0 | AP67: 0 | AQ67: 0 | AR67: 0
A68: =ROW(Source!A36) -> 36 | B68: 13297637 | C68: 13297633 | D68: 12076817 | E68: 1 | F68: 1 | G68: 1 | H68: 2 | I68: 350451 | J68: ЦЭМ Челябинская область (2009) разд.35,поз.0451 | K68: Пресс гидравлический с электроприводом | L68: 1368 | N68: 1011 | O68: маш.-ч | P68: маш.-ч | Q68: 1 | X68: 19.2 | Y68: 0 | Z68: 1.09 | AA68: 0 | AB68: 0 | AC68: 0 | AD68: 1 | AE68: 0 | AF68: *1,7 | AG68: 32.64 | AH68: 2 | AI68: 13297637 | AJ68: 68 | AK68: 0 | AL68: 0 | AM68: 0 | AN68: 0 | AO68: 0 | AP68: 0 | AQ68: 0 | AR68: 0
A69: =ROW(Source!A36) -> 36 | B69: 13297638 | C69: 13297633 | D69: 12077046 | E69: 1 | F69: 1 | G69: 1 | H69: 2 | I69: 400002 | J69: ЦЭМ Челябинская область (2009) разд.40,поз.0002 | K69: Автомобили бортовые, грузоподъемность до 8 т | L69: 1368 | N69: 1011 | O69: маш.-ч | P69: маш.-ч | Q69: 1 | X69: 0.03 | Y69: 0 | Z69: 115.4 | AA69: 0 | AB69: 0 | AC69: 0 | AD69: 1 | AE69: 0 | AF69: *1,7 | AG69: 0.051 | AH69: 2 | AI69: 13297638 | AJ69: 69 | AK69: 0 | AL69: 0 | AM69: 0 | AN69: 0 | AO69: 0 | AP69: 0 | AQ69: 0 | AR69: 0
A70: =ROW(Source!A36) -> 36 | B70: 13297639 | C70: 13297633 | D70: 12078342 | E70: 1 | F70: 1 | G70: 1 | H70: 3 | I70: 101-0501 | J70: ССЦ Челябинская область (2009) ч.1,разд.01,поз.0501 | K70: Лаки канифольные, марки КФ-965 | L70: 1348 | N70: 1009 | O70: т | P70: т | Q70: 1000 | X70: 0.0003 | Y70: 65110 | Z70: 0 | AA70: 0 | AB70: 0 | AC70: 0 | AD70: 1 | AE70: 0 | AG70: 0.0003 | AH70: 2 | AI70: 13297639 | AJ70: 70 | AK70: 0 | AL70: 0 | AM70: 0 | AN70: 0 | AO70: 0 | AP70: 0 | AQ70: 0 | AR70: 0
A71: =ROW(Source!A36) -> 36 | B71: 13297640 | C71: 13297633 | D71: 12079653 | E71: 1 | F71: 1 | G71: 1 | H71: 3 | I71: 101-1964 | J71: ССЦ Челябинская область (2009) ч.1,разд.01,поз.1964 | K71: Шпагат бумажный | L71: 1346 | N71: 1009 | O71: кг | P71: кг | Q71: 1 | X71: 0.09 | Y71: 12.1 | Z71: 0 | AA71: 0 | AB71: 0 | AC71: 0 | AD71: 1 | AE71: 0 | AG71: 0.09 | AH71: 2 | AI71: 13297640 | AJ71: 71 | AK71: 0 | AL71: 0 | AM71: 0 | AN71: 0 | AO71: 0 | AP71: 0 | AQ71: 0 | AR71: 0
A72: =ROW(Source!A36) -> 36 | B72: 13297641 | C72: 13297633 | D72: 12079664 | E72: 1 | F72: 1 | G72: 1 | H72: 3 | I72: 101-1977 | J72: ССЦ Челябинская область (2009) ч.1,разд.01,поз.1977 | K72: Болты с гайками и шайбами строительные | L72: 1346 | N72: 1009 | O72: кг | P72: кг | Q72: 1 | X72: 5.54 | Y72: 17.3 | Z72: 0 | AA72: 0 | AB72: 0 | AC72: 0 | AD72: 1 | AE72: 0 | AG72: 5.54 | AH72: 2 | AI72: 13297641 | AJ72: 72 | AK72: 0 | AL72: 0 | AM72: 0 | AN72: 0 | AO72: 0 | AP72: 0 | AQ72: 0 | AR72: 0
A73: =ROW(Source!A36) -> 36 | B73: 13297642 | C73: 13297633 | D73: 12080013 | E73: 1 | F73: 1 | G73: 1 | H73: 3 | I73: 101-2365 | J73: ССЦ Челябинская область (2009) ч.1,разд.01,поз.2365 | K73: Нитки швейные | L73: 1346 | N73: 1009 | O73: кг | P73: кг | Q73: 1 | X73: 0.05 | Y73: 56.6 | Z73: 0 | AA73: 0 | AB73: 0 | AC73: 0 | AD73: 1 | AE73: 0 | AG73: 0.05 | AH73: 2 | AI73: 13297642 | AJ73: 73 | AK73: 0 | AL73: 0 | AM73: 0 | AN73: 0 | AO73: 0 | AP73: 0 | AQ73: 0 | AR73: 0
A74: =ROW(Source!A36) -> 36 | B74: 13297643 | C74: 13297633 | D74: 12080124 | E74: 1 | F74: 1 | G74: 1 | H74: 3 | I74: 101-2478 | J74: ССЦ Челябинская область (2009) ч.1,разд.01,поз.2478 | K74: Лента К226 | L74: 1308 | N74: 1003 | O74: 100 м | P74: 100 м | Q74: 100 | X74: 0.15 | Y74: 214 | Z74: 0 | AA74: 0 | AB74: 0 | AC74: 0 | AD74: 1 | AE74: 0 | AG74: 0.15 | AH74: 2 | AI74: 13297643 | AJ74: 74 | AK74: 0 | AL74: 0 | AM74: 0 | AN74: 0 | AO74: 0 | AP74: 0 | AQ74: 0 | AR74: 0
A75: =ROW(Source!A36) -> 36 | B75: 13297644 | C75: 13297633 | D75: 12080139 | E75: 1 | F75: 1 | G75: 1 | H75: 3 | I75: 101-2493 | J75: ССЦ Челябинская область (2009) ч.1,разд.01,поз.2493 | K75: Лента липкая изоляционная на поликасиновом компаунде марки ЛСЭПЛ, шириной 20-30 мм, толщиной от 0,14 до 0,19 мм | L75: 1346 | N75: 1009 | O75: кг | P75: кг | Q75: 1 | X75: 0.9 | Y75: 91.3 | Z75: 0 | AA75: 0 | AB75: 0 | AC75: 0 | AD75: 1 | AE75: 0 | AG75: 0.9 | AH75: 2 | AI75: 13297644 | AJ75: 75 | AK75: 0 | AL75: 0 | AM75: 0 | AN75: 0 | AO75: 0 | AP75: 0 | AQ75: 0 | AR75: 0
A76: =ROW(Source!A36) -> 36 | B76: 13297645 | C76: 13297633 | D76: 12086053 | E76: 1 | F76: 1 | G76: 1 | H76: 3 | I76: 111-0087 | J76: ССЦ Челябинская область (2009) ч.1,разд.11,поз.0087 | K76: Бирки-оконцеватели | L76: 1355 | N76: 1010 | O76: 100 шт. | P76: 100 шт. | Q76: 100 | X76: 1.02 | Y76: 63 | Z76: 0 | AA76: 0 | AB76: 0 | AC76: 0 | AD76: 1 | AE76: 0 | AG76: 1.02 | AH76: 2 | AI76: 13297645 | AJ76: 76 | AK76: 0 | AL76: 0 | AM76: 0 | AN76: 0 | AO76: 0 | AP76: 0 | AQ76: 0 | AR76: 0
A77: =ROW(Source!A36) -> 36 | B77: 13297646 | C77: 13297633 | D77: 12114193 | E77: 1 | F77: 1 | G77: 1 | H77: 3 | I77: 509-0038 | J77: ССЦ Челябинская область (2009) ч.5,разд.09,поз.0038 | K77: Наконечники кабельные для электротехнических установок | L77: 1354 | N77: 1010 | O77: шт. | P77: шт. | Q77: 1 | X77: 102 | Y77: 25.63 | Z77: 0 | AA77: 0 | AB77: 0 | AC77: 0 | AD77: 1 | AE77: 0 | AG77: 102 | AH77: 2 | AI77: 13297646 | AJ77: 77 | AK77: 0 | AL77: 0 | AM77: 0 | AN77: 0 | AO77: 0 | AP77: 0 | AQ77: 0 | AR77: 0
